Workbook
Name BASE_YEAR: Inputs!$D$5
Name COUNCIL_NAME: Inputs!$B$1
Name LEI_1: Inputs!$E$14
Name LEI_2: Inputs!$F$14
Name LEI_3: Inputs!$G$14
Name LEI_4: Inputs!$H$14
Name N1_C1: Demands!$B$6
Name N1_C2: Demands!$B$7
Name N1_C3: Demands!$B$8
Name N1_C4: Demands!$B$9
Name N1_C5: Demands!$B$10
Name N1_C6: Demands!$B$11
Name N1_C7: Demands!$B$12
Name N1_C8: Demands!$B$13
Name N1_CF_COST: 'Water Supply - Future'!$V$9:$V$22
Name N1_CF_TIMING: 'Water Supply - Future'!$H$9:$H$22
Name N2_C1: Demands!$B$31
Name N2_C2: Demands!$B$32
Name N2_C3: Demands!$B$33
Name N2_C4: Demands!$B$34
Name N2_C5: Demands!$B$35
Name N2_C6: Demands!$B$36
Name N2_CF_COST: 'Sewerage - Future'!$V$9:$V$28
Name N2_CF_TIMING: 'Sewerage - Future'!$H$9:$H$28
Name N3_C1: Demands!$B$52
Name N3_C2: Demands!$B$53
Name N3_C3: Demands!$B$54
Name N3_C4: Demands!$B$55
Name N3_C5: Demands!$B$56
Name N3_C6: Demands!$B$57
Name N3_C7: Demands!$B$58
Name N3_C8: Demands!$B$59
Name N3_CF_COST: 'Transport - Future'!$W$9:$W$53
Name N3_CF_TIMING: 'Transport - Future'!$I$9:$I$53
Name N4_C1: Demands!$B$77
Name N4_C2: Demands!$B$78
Name N4_C3: Demands!$B$79
Name N4_C4: Demands!$B$80
Name N4_C5: Demands!$B$81
Name N4_C6: Demands!$B$82
Name N4_C7: Demands!$B$83
Name N4_C8: Demands!$B$84
Name N4_CF_COST: 'PPCL - Future'!$W$9:$W$15
Name N4_CF_TIMING: 'PPCL - Future'!$I$9:$I$15
Name NETWORK_1: Inputs!$E$4
Name NETWORK_2: Inputs!$F$4
Name NETWORK_3: Inputs!$G$4
Name NETWORK_4: Inputs!$H$4
Name P_HORIZON_1: Inputs!$E$6
Name P_HORIZON_2: Inputs!$F$6
Name P_HORIZON_3: Inputs!$G$6
Name P_HORIZON_4: Inputs!$H$6
Name P_HORIZON_LOOKUP: Demands!$AE$102:$AF$191
Name PPI_3Y: Inputs!$D$16
Name PROJECT_NAME: Inputs!$B$2
Name REVENUE_NON_RES: 'Anticipated Gwth - Non Res'!$E$122:$AA$123
Name REVENUE_RES: 'Anticipated Gwth - Res'!$E$84:$AA$85
Name RWACC_1: Inputs!$E$10
Name RWACC_2: Inputs!$F$10
Name RWACC_3: Inputs!$G$10

Sheet Navigation
B2: Inputs | E2: Outputs
B4: General Model Inputs | C4: • Financial inputs • Other generic inputs | E4: Cashflow Projection | F4: • Summary of forecast expenditure and anticipated charges revenues
B6: Demands | C6: • Estimates of current and future demand per network catchment | E6: Summary Cost Schedule | F6: • Demand and cost allocation by catchment • Infrastructure costs by catchment
B8: Unit Rates | C8: • Unit cost of asset works • Unit cost of land
B10: Anticipated Residential Growth | C10: • Estimates of anticipated dwelling growth and infrastructure charges by LGIP projection area
B12: Anticipated Non-residential Growth | C12: • Estimates of anticipated non-residential GFA growth and infrastructure charges by LGIP projection area
B15: Asset Inputs
B17: =NETWORK_1&" Network - Existing" -> Water Supply Network - Existing | C17: ="• Current asset valuation and catchments served in existing "&NETWORK_1&" network" -> • Current asset valuation and catchments served in existing Water Supply network | E17: =NETWORK_1&" Network - Future" -> Water Supply Network - Future | F17: ="• Proposed asset valuation and catchments served in future "&NETWORK_1&" network" -> • Proposed asset valuation and catchments served in future Water Supply network
B19: =NETWORK_2&" Network - Existing" -> Sewerage Network - Existing | C19: ="• Current asset valuation and catchments served in existing "&NETWORK_2&" network" -> • Current asset valuation and catchments served in existing Sewerage network | E19: =NETWORK_2&" Network - Future" -> Sewerage Network - Future | F19: ="• Proposed asset valuation and catchments served in future "&NETWORK_2&" network" -> • Proposed asset valuation and catchments served in future Sewerage network
B21: =NETWORK_3&" Network - Existing" -> Transport Network - Existing | C21: ="• Current asset valuation and catchments served in existing "&NETWORK_3&" network" -> • Current asset valuation and catchments served in existing Transport network | E21: =NETWORK_3&" Network - Future" -> Transport Network - Future | F21: ="• Proposed asset valuation and catchments served in future "&NETWORK_3&" network" -> • Proposed asset valuation and catchments served in future Transport network
B23: =NETWORK_4&" Network - Existing" -> Parks and Land for Community Facilities Network - Existing | C23: ="• Current asset valuation and catchments served in existing "&NETWORK_4&" network" -> • Current asset valuation and catchments served in existing Parks and Land for Community Facilities network | E23: =NETWORK_4&" Network - Future" -> Parks and Land for Community Facilities Network - Future | F23: ="• Proposed asset valuation and catchments served in future "&NETWORK_4&" network" -> • Proposed asset valuation and catchments served in future Parks and Land for Community Facilities network

Sheet Inputs
B1: Isaac Regional Council | H1: Return to Navigation
B2: Local Government Infrastructure Plan
B4: Financial Modelling Assumptions | D4: Model-wide | E4: Water Supply | F4: Sewerage | G4: Transport | H4: Parks and Land for Community Facilities | I4: Comments
B5: Model Setup | C5: Base Year of Model | D5: 2024 | E5: =IF(BASE_YEAR="","",BASE_YEAR) -> 2024 | F5: =IF(BASE_YEAR="","",BASE_YEAR) -> 2024 | G5: =IF(BASE_YEAR="","",BASE_YEAR) -> 2024 | H5: =IF(BASE_YEAR="","",BASE_YEAR) -> 2024 | I5: 30th June of Base Year
C6: Infrastructure Planning Horizon | E6: 17 | F6: 17 | G6: 17 | H6: 17 | I6: Based on an Infrastructure Planning Horizon to 2041
C7: Demand Unit (Unit of Measure) | E7: EP | F7: EP | G7: Trips | H7: Persons | I7: Demand Measure of Infrastructure Charge
B8: Financial Inputs | C8: Discount Rates
C9: Post-tax Nominal WACC to be applied to Expenses (WACC) | E9: 0.059631035 | F9: 0.059631035 | G9: 0.059631035 | H9: 0.059631035 | I9: Based on 5y average of the 10 year bond rate (@30/6/24) + margin of 3.5%
C10: Real Post-tax Nominal WACC to be applied to Revenues (RWACC) | E10: =IF(WACC_1="","",((1+E9)/(1+E15))-1) -> 0.029922876 | F10: =IF(WACC_2="","",((1+F9)/(1+F15))-1) -> 0.029922876 | G10: =IF(WACC_3="","",((1+G9)/(1+G15))-1) -> 0.029922876 | H10: =IF(WACC_4="","",((1+H9)/(1+H15))-1) -> 0.029922876
C11: Average WACC to be applied in Cashflow NPV Assessment | D11: =IFERROR(AVERAGE(E9:H9),"") -> 0.059631035
C12: Escalations
C13: Works Escalation Rate (for discounting purposes) | E13: 0.028050204 | F13: 0.028050204 | G13: 0.028050204 | H13: 0.028050204 | I13: 10y average of PPI Index (RBC) (@30/6/24)
C14: Land Escalation Rate (for discounting purposes) | E14: 0.028845033 | F14: 0.028845033 | G14: 0.028845033 | H14: 0.028845033 | I14: 10y average of CPI Index (@30/6/24)
C15: Modelled Charge Inflation Rate | E15: 0.028845033 | F15: 0.028845033 | G15: 0.028845033 | H15: 0.028845033 | I15: 10y average of CPI Index (@30/6/24)
C16: Levied Charge Inflation Rate | D16: 0.025 | I16: Mid-Point of RBA Target Inflation Rate (2-3%)
B18: Note: Grey cells throughout the SoW model are formula driven and should only be over-ridden where the formula is not relevant - e.g. a specific/project cost needs to be entered rather than a unit rate lookup

Sheet Demands
B1: =COUNCIL_NAME -> Isaac Regional Council | H1: Return to Navigation | AE1: Row #
B2: =PROJECT_NAME -> Local Government Infrastructure Plan | AE2: =ROW() -> 2
AE3: =ROW() -> 3
B4: =NETWORK_1 -> Water Supply | C4: Catchment Demand (Cumulative Totals) | AE4: =ROW() -> 4
B5: Catchment Name | C5: =BASE_YEAR -> 2024 | D5: =C5+1 -> 2025 | E5: =D5+1 -> 2026 | F5: =E5+1 -> 2027 | G5: =F5+1 -> 2028 | H5: =G5+1 -> 2029 | I5: =H5+1 -> 2030 | J5: =I5+1 -> 2031 | K5: =J5+1 -> 2032 | ... Y5: =X5+1 -> 2046 | AE5: =ROW() -> 5
B6: WS01 - Clermont | C6: 5948.2537 | D6: =(E6-C6)/2+C6 -> 5951.1302 | E6: 5954.0067 | F6: =($J6-$E6)/5+E6 -> 5958.4049 | G6: =($J6-$E6)/5+F6 -> 5962.803 | H6: =($J6-$E6)/5+G6 -> 5967.2012 | I6: =($J6-$E6)/5+H6 -> 5971.5994 | J6: 5975.9976 | K6: =($O6-$J6)/5+J6 -> 5977.0265 | L6: =($O6-$J6)/5+K6 -> 5978.0555 | M6: =($O6-$J6)/5+L6 -> 5979.0844 | N6: =($O6-$J6)/5+M6 -> 5980.1133 | O6: 5981.1423 | P6: =($T6-$O6)/5+O6 -> 6021.2152 | Q6: =($T6-$O6)/5+P6 -> 6061.2882 | R6: =($T6-$O6)/5+Q6 -> 6101.3611 | S6: =($T6-$O6)/5+R6 -> 6141.4341 | T6: 6181.507 | U6: =($Y6-$T6)/5+T6 -> 6220.2803 | V6: =($Y6-$T6)/5+U6 -> 6259.0536 | W6: =($Y6-$T6)/5+V6 -> 6297.8269 | X6: =($Y6-$T6)/5+W6 -> 6336.6002 | Y6: 6375.3735 | AE6: =ROW() -> 6
B7: WS02 - Moranbah | C7: 13597.956 | D7: =(E7-C7)/2+C7 -> 13907.648 | E7: 14217.34 | F7: =($J7-$E7)/5+E7 -> 14394.449 | G7: =($J7-$E7)/5+F7 -> 14571.557 | H7: =($J7-$E7)/5+G7 -> 14748.665 | I7: =($J7-$E7)/5+H7 -> 14925.774 | J7: 15102.882 | K7: =($O7-$J7)/5+J7 -> 15307.571 | L7: =($O7-$J7)/5+K7 -> 15512.26 | M7: =($O7-$J7)/5+L7 -> 15716.948 | N7: =($O7-$J7)/5+M7 -> 15921.637 | O7: 16126.326 | P7: =($T7-$O7)/5+O7 -> 16260.868 | Q7: =($T7-$O7)/5+P7 -> 16395.409 | R7: =($T7-$O7)/5+Q7 -> 16529.951 | S7: =($T7-$O7)/5+R7 -> 16664.492 | T7: 16799.034 | U7: =($Y7-$T7)/5+T7 -> 16926.16 | V7: =($Y7-$T7)/5+U7 -> 17053.286 | W7: =($Y7-$T7)/5+V7 -> 17180.412 | X7: =($Y7-$T7)/5+W7 -> 17307.538 | Y7: 17434.664 | AE7: =ROW() -> 7
B8: WS03 - Dysart | C8: 7024.4571 | D8: =(E8-C8)/2+C8 -> 7058.3237 | E8: 7092.1903 | F8: =($J8-$E8)/5+E8 -> 7100.4614 | G8: =($J8-$E8)/5+F8 -> 7108.7325 | H8: =($J8-$E8)/5+G8 -> 7117.0036 | I8: =($J8-$E8)/5+H8 -> 7125.2746 | J8: 7133.5457 | K8: =($O8-$J8)/5+J8 -> 7141.7751 | L8: =($O8-$J8)/5+K8 -> 7150.0046 | M8: =($O8-$J8)/5+L8 -> 7158.234 | N8: =($O8-$J8)/5+M8 -> 7166.4634 | O8: 7174.6928 | P8: =($T8-$O8)/5+O8 -> 7178.5564 | Q8: =($T8-$O8)/5+P8 -> 7182.42 | R8: =($T8-$O8)/5+Q8 -> 7186.2836 | S8: =($T8-$O8)/5+R8 -> 7190.1472 | T8: 7194.0108 | U8: =($Y8-$T8)/5+T8 -> 7197.7649 | V8: =($Y8-$T8)/5+U8 -> 7201.519 | W8: =($Y8-$T8)/5+V8 -> 7205.2731 | X8: =($Y8-$T8)/5+W8 -> 7209.0272 | Y8: 7212.7813 | AE8: =ROW() -> 8
B9: WS04 - Middlemount | C9: 4733.4301 | D9: =(E9-C9)/2+C9 -> 4749.2335 | E9: 4765.0369 | F9: =($J9-$E9)/5+E9 -> 4768.7871 | G9: =($J9-$E9)/5+F9 -> 4772.5374 | H9: =($J9-$E9)/5+G9 -> 4776.2877 | I9: =($J9-$E9)/5+H9 -> 4780.0379 | J9: 4783.7882 | K9: =($O9-$J9)/5+J9 -> 4787.314 | L9: =($O9-$J9)/5+K9 -> 4790.8397 | M9: =($O9-$J9)/5+L9 -> 4794.3655 | N9: =($O9-$J9)/5+M9 -> 4797.8913 | O9: 4801.417 | P9: =($T9-$O9)/5+O9 -> 4804.8392 | Q9: =($T9-$O9)/5+P9 -> 4808.2613 | R9: =($T9-$O9)/5+Q9 -> 4811.6835 | S9: =($T9-$O9)/5+R9 -> 4815.1056 | T9: 4818.5278 | U9: =($Y9-$T9)/5+T9 -> 4821.8512 | V9: =($Y9-$T9)/5+U9 -> 4825.1746 | W9: =($Y9-$T9)/5+V9 -> 4828.498 | X9: =($Y9-$T9)/5+W9 -> 4831.8214 | Y9: 4835.1448 | AE9: =ROW() -> 9
B10: WS05 - Glenden | C10: 1631.9988 | D10: =(E10-C10)/2+C10 -> 1642.8686 | E10: 1653.7384 | F10: =($J10-$E10)/5+E10 -> 1658.7283 | G10: =($J10-$E10)/5+F10 -> 1663.7181 | H10: =($J10-$E10)/5+G10 -> 1668.708 | I10: =($J10-$E10)/5+H10 -> 1673.6978 | J10: 1678.6877 | K10: =($O10-$J10)/5+J10 -> 1685.9646 | L10: =($O10-$J10)/5+K10 -> 1693.2415 | M10: =($O10-$J10)/5+L10 -> 1700.5184 | N10: =($O10-$J10)/5+M10 -> 1707.7954 | O10: 1715.0723 | P10: =($T10-$O10)/5+O10 -> 1721.7249 | Q10: =($T10-$O10)/5+P10 -> 1728.3775 | R10: =($T10-$O10)/5+Q10 -> 1735.0301 | S10: =($T10-$O10)/5+R10 -> 1741.6827 | T10: 1748.3353 | U10: =($Y10-$T10)/5+T10 -> 1754.8812 | V10: =($Y10-$T10)/5+U10 -> 1761.4272 | W10: =($Y10-$T10)/5+V10 -> 1767.9732 | X10: =($Y10-$T10)/5+W10 -> 1774.5191 | Y10: 1781.0651 | AE10: =ROW() -> 10
B11: WS06 - Nebo | C11: 1078.6323 | D11: =(E11-C11)/2+C11 -> 1120.5643 | E11: 1162.4962 | F11: =($J11-$E11)/5+E11 -> 1189.5711 | G11: =($J11-$E11)/5+F11 -> 1216.6459 | H11: =($J11-$E11)/5+G11 -> 1243.7208 | I11: =($J11-$E11)/5+H11 -> 1270.7956 | J11: 1297.8704 | K11: =($O11-$J11)/5+J11 -> 1329.6408 | L11: =($O11-$J11)/5+K11 -> 1361.4112 | M11: =($O11-$J11)/5+L11 -> 1393.1815 | N11: =($O11-$J11)/5+M11 -> 1424.9519 | O11: 1456.7223 | P11: =($T11-$O11)/5+O11 -> 1458.1782 | Q11: =($T11-$O11)/5+P11 -> 1459.634 | R11: =($T11-$O11)/5+Q11 -> 1461.0899 | S11: =($T11-$O11)/5+R11 -> 1462.5458 | T11: 1464.0017 | U11: =($Y11-$T11)/5+T11 -> 1465.3849 | V11: =($Y11-$T11)/5+U11 -> 1466.7681 | W11: =($Y11-$T11)/5+V11 -> 1468.1513 | X11: =($Y11-$T11)/5+W11 -> 1469.5345 | Y11: 1470.9177 | AE11: =ROW() -> 11
B12: WS07 - Carmila | C12: 156.6922 | D12: =(E12-C12)/2+C12 -> 156.48953 | E12: 156.28685 | F12: =($J12-$E12)/5+E12 -> 156.25016 | G12: =($J12-$E12)/5+F12 -> 156.21346 | H12: =($J12-$E12)/5+G12 -> 156.17676 | I12: =($J12-$E12)/5+H12 -> 156.14006 | J12: 156.10336 | K12: =($O12-$J12)/5+J12 -> 155.96746 | L12: =($O12-$J12)/5+K12 -> 155.83156 | M12: =($O12-$J12)/5+L12 -> 155.69566 | N12: =($O12-$J12)/5+M12 -> 155.55975 | O12: 155.42385 | P12: =($T12-$O12)/5+O12 -> 156.67098 | Q12: =($T12-$O12)/5+P12 -> 157.91811 | R12: =($T12-$O12)/5+Q12 -> 159.16524 | S12: =($T12-$O12)/5+R12 -> 160.41237 | T12: 161.6595 | U12: =($Y12-$T12)/5+T12 -> 162.83578 | V12: =($Y12-$T12)/5+U12 -> 164.01205 | W12: =($Y12-$T12)/5+V12 -> 165.18832 | X12: =($Y12-$T12)/5+W12 -> 166.3646 | Y12: 167.54087
B13: WS08 - St Lawrence | C13: 308.64092 | D13: =(E13-C13)/2+C13 -> 308.30905 | E13: 307.97717 | F13: =($J13-$E13)/5+E13 -> 307.91168 | G13: =($J13-$E13)/5+F13 -> 307.84619 | H13: =($J13-$E13)/5+G13 -> 307.78069 | I13: =($J13-$E13)/5+H13 -> 307.7152 | J13: 307.6497 | K13: =($O13-$J13)/5+J13 -> 307.41172 | L13: =($O13-$J13)/5+K13 -> 307.17373 | M13: =($O13-$J13)/5+L13 -> 306.93574 | N13: =($O13-$J13)/5+M13 -> 306.69776 | O13: 306.45977 | P13: =($T13-$O13)/5+O13 -> 309.25175 | Q13: =($T13-$O13)/5+P13 -> 312.04373 | R13: =($T13-$O13)/5+Q13 -> 314.83571 | S13: =($T13-$O13)/5+R13 -> 317.6277 | T13: 320.41968 | U13: =($Y13-$T13)/5+T13 -> 323.05312 | V13: =($Y13-$T13)/5+U13 -> 325.68656 | W13: =($Y13-$T13)/5+V13 -> 328.32 | X13: =($Y13-$T13)/5+W13 -> 330.95345 | Y13: 333.58689
AE14: =ROW() -> 14
AE15: =ROW() -> 15
B16: =NETWORK_1 -> Water Supply | C16: Catchment Demand (Incremental Growth) | AE16: =ROW() -> 16
B17: Catchment Name | C17: =BASE_YEAR -> 2024 | D17: =C17+1 -> 2025 | E17: =D17+1 -> 2026 | F17: =E17+1 -> 2027 | G17: =F17+1 -> 2028 | H17: =G17+1 -> 2029 | I17: =H17+1 -> 2030 | J17: =I17+1 -> 2031 | K17: =J17+1 -> 2032 | ... Y17: =X17+1 -> 2046 | Z17: Total Demand (Ultimate) | AA17: NPV Future Demand (@ Ultimate) | AB17: NPV Future Demand (@Planning Horizon) | AE17: =ROW() -> 17
B18: =N1_C1 -> WS01 - Clermont | C18: =IF(C6="","",C6) -> 5948.2537 | D18: =IF(D6="","",D6-C6) -> 2.8764972 | E18: =IF(E6="","",E6-D6) -> 2.8764972 | F18: =IF(F6="","",F6-E6) -> 4.3981695 | G18: =IF(G6="","",G6-F6) -> 4.3981695 | H18: =IF(H6="","",H6-G6) -> 4.3981695 | I18: =IF(I6="","",I6-H6) -> 4.3981695 | J18: =IF(J6="","",J6-I6) -> 4.3981695 | K18: =IF(K6="","",K6-J6) -> 1.0289475 | ... Y18: =IF(Y6="","",Y6-X6) -> 38.773307 | Z18: =IF(C18="","",SUM(C18:Y18)) -> 6375.3735 | AA18: =IF(Z18="","",NPV(RWACC_1,D18:Y18)) -> 264.78869 | AB18: =IF(Z18="","",NPV(RWACC_1,INDIRECT("D"&AE18&":"&VLOOKUP(P_HORIZON_1,P_HORIZON_LOOKUP,2,FALSE)&AE18))) -> 157.19514 | AE18: =ROW() -> 18
B19: =N1_C2 -> WS02 - Moranbah | C19: =IF(C7="","",C7) -> 13597.956 | D19: =IF(D7="","",D7-C7) -> 309.69207 | E19: =IF(E7="","",E7-D7) -> 309.69207 | F19: =IF(F7="","",F7-E7) -> 177.10832 | G19: =IF(G7="","",G7-F7) -> 177.10832 | H19: =IF(H7="","",H7-G7) -> 177.10832 | I19: =IF(I7="","",I7-H7) -> 177.10832 | J19: =IF(J7="","",J7-I7) -> 177.10832 | K19: =IF(K7="","",K7-J7) -> 204.68878 | ... Y19: =IF(Y7="","",Y7-X7) -> 127.12601 | Z19: =IF(C19="","",SUM(C19:Y19)) -> 17434.664 | AA19: =IF(Z19="","",NPV(RWACC_1,D19:Y19)) -> 2905.6643 | AB19: =IF(Z19="","",NPV(RWACC_1,INDIRECT("D"&AE19&":"&VLOOKUP(P_HORIZON_1,P_HORIZON_LOOKUP,2,FALSE)&AE19))) -> 2552.8975 | AE19: =ROW() -> 19
B20: =N1_C3 -> WS03 - Dysart | C20: =IF(C8="","",C8) -> 7024.4571 | D20: =IF(D8="","",D8-C8) -> 33.86663 | E20: =IF(E8="","",E8-D8) -> 33.86663 | F20: =IF(F8="","",F8-E8) -> 8.2710763 | G20: =IF(G8="","",G8-F8) -> 8.2710763 | H20: =IF(H8="","",H8-G8) -> 8.2710763 | I20: =IF(I8="","",I8-H8) -> 8.2710763 | J20: =IF(J8="","",J8-I8) -> 8.2710763 | K20: =IF(K8="","",K8-J8) -> 8.2294272 | ... Y20: =IF(Y8="","",Y8-X8) -> 3.7540894 | Z20: =IF(C20="","",SUM(C20:Y20)) -> 7212.7813 | AA20: =IF(Z20="","",NPV(RWACC_1,D20:Y20)) -> 154.0364 | AB20: =IF(Z20="","",NPV(RWACC_1,INDIRECT("D"&AE20&":"&VLOOKUP(P_HORIZON_1,P_HORIZON_LOOKUP,2,FALSE)&AE20))) -> 143.61904 | AE20: =ROW() -> 20
B21: =N1_C4 -> WS04 - Middlemount | C21: =IF(C9="","",C9) -> 4733.4301 | D21: =IF(D9="","",D9-C9) -> 15.803403 | E21: =IF(E9="","",E9-D9) -> 15.803403 | F21: =IF(F9="","",F9-E9) -> 3.7502685 | G21: =IF(G9="","",G9-F9) -> 3.7502685 | H21: =IF(H9="","",H9-G9) -> 3.7502685 | I21: =IF(I9="","",I9-H9) -> 3.7502685 | J21: =IF(J9="","",J9-I9) -> 3.7502685 | K21: =IF(K9="","",K9-J9) -> 3.5257627 | ... Y21: =IF(Y9="","",Y9-X9) -> 3.3233971 | Z21: =IF(C21="","",SUM(C21:Y21)) -> 4835.1448 | AA21: =IF(Z21="","",NPV(RWACC_1,D21:Y21)) -> 79.80351 | AB21: =IF(Z21="","",NPV(RWACC_1,INDIRECT("D"&AE21&":"&VLOOKUP(P_HORIZON_1,P_HORIZON_LOOKUP,2,FALSE)&AE21))) -> 70.581287 | AE21: =ROW() -> 21
B22: =N1_C5 -> WS05 - Glenden | C22: =IF(C10="","",C10) -> 1631.9988 | D22: =IF(D10="","",D10-C10) -> 10.869821 | E22: =IF(E10="","",E10-D10) -> 10.869821 | F22: =IF(F10="","",F10-E10) -> 4.9898555 | G22: =IF(G10="","",G10-F10) -> 4.9898555 | H22: =IF(H10="","",H10-G10) -> 4.9898555 | I22: =IF(I10="","",I10-H10) -> 4.9898555 | J22: =IF(J10="","",J10-I10) -> 4.9898555 | K22: =IF(K10="","",K10-J10) -> 7.2769179 | ... Y22: =IF(Y10="","",Y10-X10) -> 6.5459642 | Z22: =IF(C22="","",SUM(C22:Y22)) -> 1781.0651 | AA22: =IF(Z22="","",NPV(RWACC_1,D22:Y22)) -> 109.02451 | AB22: =IF(Z22="","",NPV(RWACC_1,INDIRECT("D"&AE22&":"&VLOOKUP(P_HORIZON_1,P_HORIZON_LOOKUP,2,FALSE)&AE22))) -> 90.859864 | AE22: =ROW() -> 22
B23: =N1_C6 -> WS06 - Nebo | C23: =IF(C11="","",C11) -> 1078.6323 | D23: =IF(D11="","",D11-C11) -> 41.931978 | E23: =IF(E11="","",E11-D11) -> 41.931978 | F23: =IF(F11="","",F11-E11) -> 27.074843 | G23: =IF(G11="","",G11-F11) -> 27.074843 | H23: =IF(H11="","",H11-G11) -> 27.074843 | I23: =IF(I11="","",I11-H11) -> 27.074843 | J23: =IF(J11="","",J11-I11) -> 27.074843 | K23: =IF(K11="","",K11-J11) -> 31.770367 | ... Y23: =IF(Y11="","",Y11-X11) -> 1.3832042 | Z23: =IF(C23="","",SUM(C23:Y23)) -> 1470.9177 | AA23: =IF(Z23="","",NPV(RWACC_1,D23:Y23)) -> 324.07691 | AB23: =IF(Z23="","",NPV(RWACC_1,INDIRECT("D"&AE23&":"&VLOOKUP(P_HORIZON_1,P_HORIZON_LOOKUP,2,FALSE)&AE23))) -> 320.2386 | AE23: =ROW() -> 23
B24: =N1_C6 -> WS06 - Nebo | C24: =IF(C12="","",C12) -> 156.6922 | D24: =IF(D12="","",D12-C12) -> -0.202673 | E24: =IF(E12="","",E12-D12) -> -0.202673 | F24: =IF(F12="","",F12-E12) -> -0.03669818 | G24: =IF(G12="","",G12-F12) -> -0.03669818 | H24: =IF(H12="","",H12-G12) -> -0.03669818 | I24: =IF(I12="","",I12-H12) -> -0.03669818 | J24: =IF(J12="","",J12-I12) -> -0.03669818 | K24: =IF(K12="","",K12-J12) -> -0.1359025 | ... Y24: =IF(Y12="","",Y12-X12) -> 1.1762738 | Z24: =IF(C24="","",SUM(C24:Y24)) -> 167.54087 | AA24: =IF(Z24="","",NPV(RWACC_1,D24:Y24)) -> 6.2217276 | AB24: =IF(Z24="","",NPV(RWACC_1,INDIRECT("D"&AE24&":"&VLOOKUP(P_HORIZON_1,P_HORIZON_LOOKUP,2,FALSE)&AE24))) -> 2.95764 | AE24: =ROW() -> 24
B25: =N1_C6 -> WS06 - Nebo | C25: =IF(C13="","",C13) -> 308.64092 | D25: =IF(D13="","",D13-C13) -> -0.3318752 | E25: =IF(E13="","",E13-D13) -> -0.3318752 | F25: =IF(F13="","",F13-E13) -> -0.06549384 | G25: =IF(G13="","",G13-F13) -> -0.06549384 | H25: =IF(H13="","",H13-G13) -> -0.06549384 | I25: =IF(I13="","",I13-H13) -> -0.06549384 | J25: =IF(J13="","",J13-I13) -> -0.06549384 | K25: =IF(K13="","",K13-J13) -> -0.237987 | ... Y25: =IF(Y13="","",Y13-X13) -> 2.6334424 | Z25: =IF(C25="","",SUM(C25:Y25)) -> 333.58689 | AA25: =IF(Z25="","",NPV(RWACC_1,D25:Y25)) -> 14.481054 | AB25: =IF(Z25="","",NPV(RWACC_1,INDIRECT("D"&AE25&":"&VLOOKUP(P_HORIZON_1,P_HORIZON_LOOKUP,2,FALSE)&AE25))) -> 7.1734132 | AE25: =ROW() -> 25
AE26: =ROW() -> 26
AE27: =ROW() -> 27
AE28: =ROW() -> 28
B29: =NETWORK_2 -> Sewerage | C29: Catchment Demand (Cumulative Totals) | AE29: =ROW() -> 29
B30: Catchment Name | C30: =BASE_YEAR -> 2024 | D30: =C30+1 -> 2025 | E30: =D30+1 -> 2026 | F30: =E30+1 -> 2027 | G30: =F30+1 -> 2028 | H30: =G30+1 -> 2029 | I30: =H30+1 -> 2030 | J30: =I30+1 -> 2031 | K30: =J30+1 -> 2032 | ... Y30: =X30+1 -> 2046 | AE30: =ROW() -> 30
B31: S01 - Clermont | C31: 5700.297 | D31: =(E31-C31)/2+C31 -> 5703.0571 | E31: 5705.8171 | F31: =($J31-$E31)/5+E31 -> 5710.0684 | G31: =($J31-$E31)/5+F31 -> 5714.3197 | H31: =($J31-$E31)/5+G31 -> 5718.571 | I31: =($J31-$E31)/5+H31 -> 5722.8223 | J31: 5727.0736 | K31: =($O31-$J31)/5+J31 -> 5728.2096 | L31: =($O31-$J31)/5+K31 -> 5729.3456 | M31: =($O31-$J31)/5+L31 -> 5730.4815 | N31: =($O31-$J31)/5+M31 -> 5731.6175 | O31: 5732.7535 | P31: =($T31-$O31)/5+O31 -> 5770.7617 | Q31: =($T31-$O31)/5+P31 -> 5808.7698 | R31: =($T31-$O31)/5+Q31 -> 5846.778 | S31: =($T31-$O31)/5+R31 -> 5884.7862 | T31: 5922.7944 | U31: =($Y31-$T31)/5+T31 -> 5959.5684 | V31: =($Y31-$T31)/5+U31 -> 5996.3423 | W31: =($Y31-$T31)/5+V31 -> 6033.1163 | X31: =($Y31-$T31)/5+W31 -> 6069.8903 | Y31: 6106.6643 | AE31: =ROW() -> 31
B32: S02 - Moranbah | C32: 13597.956 | D32: =(E32-C32)/2+C32 -> 13907.648 | E32: 14217.34 | F32: =($J32-$E32)/5+E32 -> 14394.449 | G32: =($J32-$E32)/5+F32 -> 14571.557 | H32: =($J32-$E32)/5+G32 -> 14748.665 | I32: =($J32-$E32)/5+H32 -> 14925.774 | J32: 15102.882 | K32: =($O32-$J32)/5+J32 -> 15307.571 | L32: =($O32-$J32)/5+K32 -> 15512.26 | M32: =($O32-$J32)/5+L32 -> 15716.948 | N32: =($O32-$J32)/5+M32 -> 15921.637 | O32: 16126.326 | P32: =($T32-$O32)/5+O32 -> 16260.868 | Q32: =($T32-$O32)/5+P32 -> 16395.409 | R32: =($T32-$O32)/5+Q32 -> 16529.951 | S32: =($T32-$O32)/5+R32 -> 16664.492 | T32: 16799.034 | U32: =($Y32-$T32)/5+T32 -> 16926.16 | V32: =($Y32-$T32)/5+U32 -> 17053.286 | W32: =($Y32-$T32)/5+V32 -> 17180.412 | X32: =($Y32-$T32)/5+W32 -> 17307.538 | Y32: 17434.664 | AE32: =ROW() -> 32
B33: S03 - Dysart | C33: 7024.4571 | D33: =(E33-C33)/2+C33 -> 7058.3237 | E33: 7092.1903 | F33: =($J33-$E33)/5+E33 -> 7100.4614 | G33: =($J33-$E33)/5+F33 -> 7108.7325 | H33: =($J33-$E33)/5+G33 -> 7117.0036 | I33: =($J33-$E33)/5+H33 -> 7125.2746 | J33: 7133.5457 | K33: =($O33-$J33)/5+J33 -> 7141.7751 | L33: =($O33-$J33)/5+K33 -> 7150.0046 | M33: =($O33-$J33)/5+L33 -> 7158.234 | N33: =($O33-$J33)/5+M33 -> 7166.4634 | O33: 7174.6928 | P33: =($T33-$O33)/5+O33 -> 7178.5564 | Q33: =($T33-$O33)/5+P33 -> 7182.42 | R33: =($T33-$O33)/5+Q33 -> 7186.2836 | S33: =($T33-$O33)/5+R33 -> 7190.1472 | T33: 7194.0108 | U33: =($Y33-$T33)/5+T33 -> 7197.7649 | V33: =($Y33-$T33)/5+U33 -> 7201.519 | W33: =($Y33-$T33)/5+V33 -> 7205.2731 | X33: =($Y33-$T33)/5+W33 -> 7209.0272 | Y33: 7212.7813 | AE33: =ROW() -> 33
B34: S04 - Middlemount | C34: 4733.4301 | D34: =(E34-C34)/2+C34 -> 4749.2335 | E34: 4765.0369 | F34: =($J34-$E34)/5+E34 -> 4768.7871 | G34: =($J34-$E34)/5+F34 -> 4772.5374 | H34: =($J34-$E34)/5+G34 -> 4776.2877 | I34: =($J34-$E34)/5+H34 -> 4780.0379 | J34: 4783.7882 | K34: =($O34-$J34)/5+J34 -> 4787.314 | L34: =($O34-$J34)/5+K34 -> 4790.8397 | M34: =($O34-$J34)/5+L34 -> 4794.3655 | N34: =($O34-$J34)/5+M34 -> 4797.8913 | O34: 4801.417 | P34: =($T34-$O34)/5+O34 -> 4804.8392 | Q34: =($T34-$O34)/5+P34 -> 4808.2613 | R34: =($T34-$O34)/5+Q34 -> 4811.6835 | S34: =($T34-$O34)/5+R34 -> 4815.1056 | T34: 4818.5278 | U34: =($Y34-$T34)/5+T34 -> 4821.8512 | V34: =($Y34-$T34)/5+U34 -> 4825.1746 | W34: =($Y34-$T34)/5+V34 -> 4828.498 | X34: =($Y34-$T34)/5+W34 -> 4831.8214 | Y34: 4835.1448 | AE34: =ROW() -> 34
B35: S05 - Glenden | C35: 1631.9988 | D35: =(E35-C35)/2+C35 -> 1642.8686 | E35: 1653.7384 | F35: =($J35-$E35)/5+E35 -> 1658.7283 | G35: =($J35-$E35)/5+F35 -> 1663.7181 | H35: =($J35-$E35)/5+G35 -> 1668.708 | I35: =($J35-$E35)/5+H35 -> 1673.6978 | J35: 1678.6877 | K35: =($O35-$J35)/5+J35 -> 1685.9646 | L35: =($O35-$J35)/5+K35 -> 1693.2415 | M35: =($O35-$J35)/5+L35 -> 1700.5184 | N35: =($O35-$J35)/5+M35 -> 1707.7954 | O35: 1715.0723 | P35: =($T35-$O35)/5+O35 -> 1721.7249 | Q35: =($T35-$O35)/5+P35 -> 1728.3775 | R35: =($T35-$O35)/5+Q35 -> 1735.0301 | S35: =($T35-$O35)/5+R35 -> 1741.6827 | T35: 1748.3353 | U35: =($Y35-$T35)/5+T35 -> 1754.8812 | V35: =($Y35-$T35)/5+U35 -> 1761.4272 | W35: =($Y35-$T35)/5+V35 -> 1767.9732 | X35: =($Y35-$T35)/5+W35 -> 1774.5191 | Y35: 1781.0651 | AE35: =ROW() -> 35
B36: S06 - Nebo | C36: 1078.6323 | D36: =(E36-C36)/2+C36 -> 1120.5643 | E36: 1162.4962 | F36: =($J36-$E36)/5+E36 -> 1189.5711 | G36: =($J36-$E36)/5+F36 -> 1216.6459 | H36: =($J36-$E36)/5+G36 -> 1243.7208 | I36: =($J36-$E36)/5+H36 -> 1270.7956 | J36: 1297.8704 | K36: =($O36-$J36)/5+J36 -> 1329.6408 | L36: =($O36-$J36)/5+K36 -> 1361.4112 | M36: =($O36-$J36)/5+L36 -> 1393.1815 | N36: =($O36-$J36)/5+M36 -> 1424.9519 | O36: 1456.7223 | P36: =($T36-$O36)/5+O36 -> 1458.1782 | Q36: =($T36-$O36)/5+P36 -> 1459.634 | R36: =($T36-$O36)/5+Q36 -> 1461.0899 | S36: =($T36-$O36)/5+R36 -> 1462.5458 | T36: 1464.0017 | U36: =($Y36-$T36)/5+T36 -> 1465.3849 | V36: =($Y36-$T36)/5+U36 -> 1466.7681 | W36: =($Y36-$T36)/5+V36 -> 1468.1513 | X36: =($Y36-$T36)/5+W36 -> 1469.5345 | Y36: 1470.9177 | AE36: =ROW() -> 36
AE37: =ROW() -> 37
AE38: =ROW() -> 38
B39: =NETWORK_2 -> Sewerage | C39: Catchment Demand (Incremental Growth) | AE39: =ROW() -> 39
B40: Catchment Name | C40: =BASE_YEAR -> 2024 | D40: =C40+1 -> 2025 | E40: =D40+1 -> 2026 | F40: =E40+1 -> 2027 | G40: =F40+1 -> 2028 | H40: =G40+1 -> 2029 | I40: =H40+1 -> 2030 | J40: =I40+1 -> 2031 | K40: =J40+1 -> 2032 | ... Y40: =X40+1 -> 2046 | Z40: Total Demand (Ultimate) | AA40: NPV Future Demand (@ Ultimate) | AB40: NPV Future Demand (@Planning Horizon) | AE40: =ROW() -> 40
B41: =N2_C1 -> S01 - Clermont | C41: =IF(C31="","",C31) -> 5700.297 | D41: =IF(D31="","",D31-C31) -> 2.7600429 | E41: =IF(E31="","",E31-D31) -> 2.7600428 | F41: =IF(F31="","",F31-E31) -> 4.2513051 | G41: =IF(G31="","",G31-F31) -> 4.2513051 | H41: =IF(H31="","",H31-G31) -> 4.2513051 | I41: =IF(I31="","",I31-H31) -> 4.2513051 | J41: =IF(J31="","",J31-I31) -> 4.2513051 | K41: =IF(K31="","",K31-J31) -> 1.1359714 | ... Y41: =IF(Y31="","",Y31-X31) -> 36.773979 | Z41: =IF(C41="","",SUM(C41:Y41)) -> 6106.6643 | AA41: =IF(Z41="","",NPV(RWACC_2,D41:Y41)) -> 252.14275 | AB41: =IF(Z41="","",NPV(RWACC_2,INDIRECT("D"&AE41&":"&VLOOKUP(P_HORIZON_2,P_HORIZON_LOOKUP,2,FALSE)&AE41))) -> 150.09722 | AE41: =ROW() -> 41
B42: =N2_C2 -> S02 - Moranbah | C42: =IF(C32="","",C32) -> 13597.956 | D42: =IF(D32="","",D32-C32) -> 309.69207 | E42: =IF(E32="","",E32-D32) -> 309.69207 | F42: =IF(F32="","",F32-E32) -> 177.10832 | G42: =IF(G32="","",G32-F32) -> 177.10832 | H42: =IF(H32="","",H32-G32) -> 177.10832 | I42: =IF(I32="","",I32-H32) -> 177.10832 | J42: =IF(J32="","",J32-I32) -> 177.10832 | K42: =IF(K32="","",K32-J32) -> 204.68878 | ... Y42: =IF(Y32="","",Y32-X32) -> 127.12601 | Z42: =IF(C42="","",SUM(C42:Y42)) -> 17434.664 | AA42: =IF(Z42="","",NPV(RWACC_2,D42:Y42)) -> 2905.6643 | AB42: =IF(Z42="","",NPV(RWACC_2,INDIRECT("D"&AE42&":"&VLOOKUP(P_HORIZON_2,P_HORIZON_LOOKUP,2,FALSE)&AE42))) -> 2552.8975 | AE42: =ROW() -> 42
B43: =N2_C3 -> S03 - Dysart | C43: =IF(C33="","",C33) -> 7024.4571 | D43: =IF(D33="","",D33-C33) -> 33.86663 | E43: =IF(E33="","",E33-D33) -> 33.86663 | F43: =IF(F33="","",F33-E33) -> 8.2710763 | G43: =IF(G33="","",G33-F33) -> 8.2710763 | H43: =IF(H33="","",H33-G33) -> 8.2710763 | I43: =IF(I33="","",I33-H33) -> 8.2710763 | J43: =IF(J33="","",J33-I33) -> 8.2710763 | K43: =IF(K33="","",K33-J33) -> 8.2294272 | ... Y43: =IF(Y33="","",Y33-X33) -> 3.7540894 | Z43: =IF(C43="","",SUM(C43:Y43)) -> 7212.7813 | AA43: =IF(Z43="","",NPV(RWACC_2,D43:Y43)) -> 154.0364 | AB43: =IF(Z43="","",NPV(RWACC_2,INDIRECT("D"&AE43&":"&VLOOKUP(P_HORIZON_2,P_HORIZON_LOOKUP,2,FALSE)&AE43))) -> 143.61904 | AE43: =ROW() -> 43
B44: =N2_C4 -> S04 - Middlemount | C44: =IF(C34="","",C34) -> 4733.4301 | D44: =IF(D34="","",D34-C34) -> 15.803403 | E44: =IF(E34="","",E34-D34) -> 15.803403 | F44: =IF(F34="","",F34-E34) -> 3.7502685 | G44: =IF(G34="","",G34-F34) -> 3.7502685 | H44: =IF(H34="","",H34-G34) -> 3.7502685 | I44: =IF(I34="","",I34-H34) -> 3.7502685 | J44: =IF(J34="","",J34-I34) -> 3.7502685 | K44: =IF(K34="","",K34-J34) -> 3.5257627 | ... Y44: =IF(Y34="","",Y34-X34) -> 3.3233971 | Z44: =IF(C44="","",SUM(C44:Y44)) -> 4835.1448 | AA44: =IF(Z44="","",NPV(RWACC_2,D44:Y44)) -> 79.80351 | AB44: =IF(Z44="","",NPV(RWACC_2,INDIRECT("D"&AE44&":"&VLOOKUP(P_HORIZON_2,P_HORIZON_LOOKUP,2,FALSE)&AE44))) -> 70.581287 | AE44: =ROW() -> 44
B45: =N2_C5 -> S05 - Glenden | C45: =IF(C35="","",C35) -> 1631.9988 | D45: =IF(D35="","",D35-C35) -> 10.869821 | E45: =IF(E35="","",E35-D35) -> 10.869821 | F45: =IF(F35="","",F35-E35) -> 4.9898555 | G45: =IF(G35="","",G35-F35) -> 4.9898555 | H45: =IF(H35="","",H35-G35) -> 4.9898555 | I45: =IF(I35="","",I35-H35) -> 4.9898555 | J45: =IF(J35="","",J35-I35) -> 4.9898555 | K45: =IF(K35="","",K35-J35) -> 7.2769179 | ... Y45: =IF(Y35="","",Y35-X35) -> 6.5459642 | Z45: =IF(C45="","",SUM(C45:Y45)) -> 1781.0651 | AA45: =IF(Z45="","",NPV(RWACC_2,D45:Y45)) -> 109.02451 | AB45: =IF(Z45="","",NPV(RWACC_2,INDIRECT("D"&AE45&":"&VLOOKUP(P_HORIZON_2,P_HORIZON_LOOKUP,2,FALSE)&AE45))) -> 90.859864 | AE45: =ROW() -> 45
B46: =N2_C6 -> S06 - Nebo | C46: =IF(C36="","",C36) -> 1078.6323 | D46: =IF(D36="","",D36-C36) -> 41.931978 | E46: =IF(E36="","",E36-D36) -> 41.931978 | F46: =IF(F36="","",F36-E36) -> 27.074843 | G46: =IF(G36="","",G36-F36) -> 27.074843 | H46: =IF(H36="","",H36-G36) -> 27.074843 | I46: =IF(I36="","",I36-H36) -> 27.074843 | J46: =IF(J36="","",J36-I36) -> 27.074843 | K46: =IF(K36="","",K36-J36) -> 31.770367 | ... Y46: =IF(Y36="","",Y36-X36) -> 1.3832042 | Z46: =IF(C46="","",SUM(C46:Y46)) -> 1470.9177 | AA46: =IF(Z46="","",NPV(RWACC_2,D46:Y46)) -> 324.07691 | AB46: =IF(Z46="","",NPV(RWACC_2,INDIRECT("D"&AE46&":"&VLOOKUP(P_HORIZON_2,P_HORIZON_LOOKUP,2,FALSE)&AE46))) -> 320.2386 | AE46: =ROW() -> 46
AE47: =ROW() -> 47
AE48: =ROW() -> 48
AE49: =ROW() -> 49
B50: =NETWORK_3 -> Transport | C50: Catchment Demand (Cumulative Totals) | AE50: =ROW() -> 50
B51: Catchment Name | C51: =BASE_YEAR -> 2024 | D51: =C51+1 -> 2025 | E51: =D51+1 -> 2026 | F51: =E51+1 -> 2027 | G51: =F51+1 -> 2028 | H51: =G51+1 -> 2029 | I51: =H51+1 -> 2030 | J51: =I51+1 -> 2031 | K51: =J51+1 -> 2032 | ... Y51: =X51+1 -> 2046 | AE51: =ROW() -> 51
B52: TR01 - Clermont | C52: 16368.107 | D52: =(E52-C52)/2+C52 -> 16414.128 | E52: 16460.149 | F52: =($J52-$E52)/5+E52 -> 16488.952 | G52: =($J52-$E52)/5+F52 -> 16517.756 | H52: =($J52-$E52)/5+G52 -> 16546.559 | I52: =($J52-$E52)/5+H52 -> 16575.363 | J52: 16604.166 | K52: =($O52-$J52)/5+J52 -> 16638.153 | L52: =($O52-$J52)/5+K52 -> 16672.14 | M52: =($O52-$J52)/5+L52 -> 16706.127 | N52: =($O52-$J52)/5+M52 -> 16740.114 | O52: 16774.101 | P52: =($T52-$O52)/5+O52 -> 16899.198 | Q52: =($T52-$O52)/5+P52 -> 17024.296 | R52: =($T52-$O52)/5+Q52 -> 17149.394 | S52: =($T52-$O52)/5+R52 -> 17274.491 | T52: 17399.589 | U52: =($Y52-$T52)/5+T52 -> 17520.612 | V52: =($Y52-$T52)/5+U52 -> 17641.635 | W52: =($Y52-$T52)/5+V52 -> 17762.657 | X52: =($Y52-$T52)/5+W52 -> 17883.68 | Y52: 18004.703 | AE52: =ROW() -> 52
B53: TR02 - Moranbah | C53: 51486.004 | D53: =(E53-C53)/2+C53 -> 52731.487 | E53: 53976.97 | F53: =($J53-$E53)/5+E53 -> 54678.257 | G53: =($J53-$E53)/5+F53 -> 55379.544 | H53: =($J53-$E53)/5+G53 -> 56080.831 | I53: =($J53-$E53)/5+H53 -> 56782.118 | J53: 57483.404 | K53: =($O53-$J53)/5+J53 -> 58338.471 | L53: =($O53-$J53)/5+K53 -> 59193.537 | M53: =($O53-$J53)/5+L53 -> 60048.603 | N53: =($O53-$J53)/5+M53 -> 60903.669 | O53: 61758.735 | P53: =($T53-$O53)/5+O53 -> 62265.04 | Q53: =($T53-$O53)/5+P53 -> 62771.345 | R53: =($T53-$O53)/5+Q53 -> 63277.65 | S53: =($T53-$O53)/5+R53 -> 63783.955 | T53: 64290.26 | U53: =($Y53-$T53)/5+T53 -> 64768.66 | V53: =($Y53-$T53)/5+U53 -> 65247.06 | W53: =($Y53-$T53)/5+V53 -> 65725.46 | X53: =($Y53-$T53)/5+W53 -> 66203.86 | Y53: 66682.259 | AE53: =ROW() -> 53
B54: TR03 - Dysart | C54: 24265.886 | D54: =(E54-C54)/2+C54 -> 24439.319 | E54: 24612.752 | F54: =($J54-$E54)/5+E54 -> 24663.029 | G54: =($J54-$E54)/5+F54 -> 24713.306 | H54: =($J54-$E54)/5+G54 -> 24763.583 | I54: =($J54-$E54)/5+H54 -> 24813.86 | J54: 24864.138 | K54: =($O54-$J54)/5+J54 -> 24934.688 | L54: =($O54-$J54)/5+K54 -> 25005.238 | M54: =($O54-$J54)/5+L54 -> 25075.788 | N54: =($O54-$J54)/5+M54 -> 25146.339 | O54: 25216.889 | P54: =($T54-$O54)/5+O54 -> 25231.359 | Q54: =($T54-$O54)/5+P54 -> 25245.83 | R54: =($T54-$O54)/5+Q54 -> 25260.3 | S54: =($T54-$O54)/5+R54 -> 25274.771 | T54: 25289.241 | U54: =($Y54-$T54)/5+T54 -> 25303.301 | V54: =($Y54-$T54)/5+U54 -> 25317.362 | W54: =($Y54-$T54)/5+V54 -> 25331.422 | X54: =($Y54-$T54)/5+W54 -> 25345.482 | Y54: 25359.542 | AE54: =ROW() -> 54
B55: TR04 - Middlemount | C55: 17277.537 | D55: =(E55-C55)/2+C55 -> 17358.775 | E55: 17440.013 | F55: =($J55-$E55)/5+E55 -> 17464.463 | G55: =($J55-$E55)/5+F55 -> 17488.913 | H55: =($J55-$E55)/5+G55 -> 17513.363 | I55: =($J55-$E55)/5+H55 -> 17537.813 | J55: 17562.264 | K55: =($O55-$J55)/5+J55 -> 17599.005 | L55: =($O55-$J55)/5+K55 -> 17635.746 | M55: =($O55-$J55)/5+L55 -> 17672.486 | N55: =($O55-$J55)/5+M55 -> 17709.227 | O55: 17745.968 | P55: =($T55-$O55)/5+O55 -> 17757.087 | Q55: =($T55-$O55)/5+P55 -> 17768.206 | R55: =($T55-$O55)/5+Q55 -> 17779.325 | S55: =($T55-$O55)/5+R55 -> 17790.444 | T55: 17801.563 | U55: =($Y55-$T55)/5+T55 -> 17812.363 | V55: =($Y55-$T55)/5+U55 -> 17823.163 | W55: =($Y55-$T55)/5+V55 -> 17833.964 | X55: =($Y55-$T55)/5+W55 -> 17844.764 | Y55: 17855.564 | AE55: =ROW() -> 55
B56: TR05 - Glenden | C56: 6226.0492 | D56: =(E56-C56)/2+C56 -> 6267.0742 | E56: 6308.0993 | F56: =($J56-$E56)/5+E56 -> 6329.1238 | G56: =($J56-$E56)/5+F56 -> 6350.1482 | H56: =($J56-$E56)/5+G56 -> 6371.1727 | I56: =($J56-$E56)/5+H56 -> 6392.1971 | J56: 6413.2216 | K56: =($O56-$J56)/5+J56 -> 6447.9122 | L56: =($O56-$J56)/5+K56 -> 6482.6027 | M56: =($O56-$J56)/5+L56 -> 6517.2933 | N56: =($O56-$J56)/5+M56 -> 6551.9838 | O56: 6586.6744 | P56: =($T56-$O56)/5+O56 -> 6612.3652 | Q56: =($T56-$O56)/5+P56 -> 6638.0559 | R56: =($T56-$O56)/5+Q56 -> 6663.7467 | S56: =($T56-$O56)/5+R56 -> 6689.4374 | T56: 6715.1282 | U56: =($Y56-$T56)/5+T56 -> 6740.4539 | V56: =($Y56-$T56)/5+U56 -> 6765.7796 | W56: =($Y56-$T56)/5+V56 -> 6791.1052 | X56: =($Y56-$T56)/5+W56 -> 6816.4309 | Y56: 6841.7566 | AE56: =ROW() -> 56
B57: TR06 - Nebo | C57: 3939.181 | D57: =(E57-C57)/2+C57 -> 4101.7704 | E57: 4264.3598 | F57: =($J57-$E57)/5+E57 -> 4368.1586 | G57: =($J57-$E57)/5+F57 -> 4471.9575 | H57: =($J57-$E57)/5+G57 -> 4575.7563 | I57: =($J57-$E57)/5+H57 -> 4679.5552 | J57: 4783.354 | K57: =($O57-$J57)/5+J57 -> 4909.4995 | L57: =($O57-$J57)/5+K57 -> 5035.645 | M57: =($O57-$J57)/5+L57 -> 5161.7905 | N57: =($O57-$J57)/5+M57 -> 5287.936 | O57: 5414.0815 | P57: =($T57-$O57)/5+O57 -> 5419.5216 | Q57: =($T57-$O57)/5+P57 -> 5424.9618 | R57: =($T57-$O57)/5+Q57 -> 5430.4019 | S57: =($T57-$O57)/5+R57 -> 5435.8421 | T57: 5441.2822 | U57: =($Y57-$T57)/5+T57 -> 5446.4509 | V57: =($Y57-$T57)/5+U57 -> 5451.6195 | W57: =($Y57-$T57)/5+V57 -> 5456.7882 | X57: =($Y57-$T57)/5+W57 -> 5461.9568 | Y57: 5467.1255 | AE57: =ROW() -> 57
B58: TR07 - St. Lawrence | C58: 1338.4427 | D58: =(E58-C58)/2+C58 -> 1340.896 | E58: 1343.3492 | F58: =($J58-$E58)/5+E58 -> 1345.3979 | G58: =($J58-$E58)/5+F58 -> 1347.4466 | H58: =($J58-$E58)/5+G58 -> 1349.4952 | I58: =($J58-$E58)/5+H58 -> 1351.5439 | J58: 1353.5926 | K58: =($O58-$J58)/5+J58 -> 1356.1858 | L58: =($O58-$J58)/5+K58 -> 1358.7791 | M58: =($O58-$J58)/5+L58 -> 1361.3723 | N58: =($O58-$J58)/5+M58 -> 1363.9656 | O58: 1366.5588 | P58: =($T58-$O58)/5+O58 -> 1400.4424 | Q58: =($T58-$O58)/5+P58 -> 1434.326 | R58: =($T58-$O58)/5+Q58 -> 1468.2096 | S58: =($T58-$O58)/5+R58 -> 1502.0932 | T58: 1535.9768 | U58: =($Y58-$T58)/5+T58 -> 1567.9358 | V58: =($Y58-$T58)/5+U58 -> 1599.8949 | W58: =($Y58-$T58)/5+V58 -> 1631.8539 | X58: =($Y58-$T58)/5+W58 -> 1663.813 | Y58: 1695.772 | AE58: =ROW() -> 58
B59: TR08 - Remainder of LGA | C59: 76967.747 | D59: =(E59-C59)/2+C59 -> 79493.036 | E59: 82018.326 | F59: =($J59-$E59)/5+E59 -> 82728.419 | G59: =($J59-$E59)/5+F59 -> 83438.512 | H59: =($J59-$E59)/5+G59 -> 84148.606 | I59: =($J59-$E59)/5+H59 -> 84858.699 | J59: 85568.792 | K59: =($O59-$J59)/5+J59 -> 86435.855 | L59: =($O59-$J59)/5+K59 -> 87302.919 | M59: =($O59-$J59)/5+L59 -> 88169.982 | N59: =($O59-$J59)/5+M59 -> 89037.045 | O59: 89904.108 | P59: =($T59-$O59)/5+O59 -> 90204.29 | Q59: =($T59-$O59)/5+P59 -> 90504.473 | R59: =($T59-$O59)/5+Q59 -> 90804.655 | S59: =($T59-$O59)/5+R59 -> 91104.837 | T59: 91405.02 | U59: =($Y59-$T59)/5+T59 -> 91691.379 | V59: =($Y59-$T59)/5+U59 -> 91977.739 | W59: =($Y59-$T59)/5+V59 -> 92264.099 | X59: =($Y59-$T59)/5+W59 -> 92550.458 | Y59: 92836.818 | AE59: =ROW() -> 59
AE60: =ROW() -> 60
AE61: =ROW() -> 61
B62: =NETWORK_3 -> Transport | C62: Catchment Demand (Incremental Growth) | AE62: =ROW() -> 62
B63: Catchment Name | C63: =BASE_YEAR -> 2024 | D63: =C63+1 -> 2025 | E63: =D63+1 -> 2026 | F63: =E63+1 -> 2027 | G63: =F63+1 -> 2028 | H63: =G63+1 -> 2029 | I63: =H63+1 -> 2030 | J63: =I63+1 -> 2031 | K63: =J63+1 -> 2032 | ... Y63: =X63+1 -> 2046 | Z63: Total Demand (Ultimate) | AA63: NPV Future Demand (@ Ultimate) | AB63: NPV Future Demand (@Planning Horizon) | AE63: =ROW() -> 63
B64: =N3_C1 -> TR01 - Clermont | C64: =IF(C52="","",C52) -> 16368.107 | D64: =IF(D52="","",D52-C52) -> 46.021 | E64: =IF(E52="","",E52-D52) -> 46.021 | F64: =IF(F52="","",F52-E52) -> 28.8035 | G64: =IF(G52="","",G52-F52) -> 28.8035 | H64: =IF(H52="","",H52-G52) -> 28.8035 | I64: =IF(I52="","",I52-H52) -> 28.8035 | J64: =IF(J52="","",J52-I52) -> 28.8035 | K64: =IF(K52="","",K52-J52) -> 33.98688 | ... Y64: =IF(Y52="","",Y52-X52) -> 121.02276 | Z64: =IF(C64="","",SUM(C64:Y64)) -> 18004.703 | AA64: =IF(Z64="","",NPV(RWACC_3,D64:Y64)) -> 1077.2154 | AB64: =IF(Z64="","",NPV(RWACC_3,INDIRECT("D"&AE64&":"&VLOOKUP(P_HORIZON_3,P_HORIZON_LOOKUP,2,FALSE)&AE64))) -> 741.38463 | AE64: =ROW() -> 64
B65: =N3_C2 -> TR02 - Moranbah | C65: =IF(C53="","",C53) -> 51486.004 | D65: =IF(D53="","",D53-C53) -> 1245.4833 | E65: =IF(E53="","",E53-D53) -> 1245.4833 | F65: =IF(F53="","",F53-E53) -> 701.28686 | G65: =IF(G53="","",G53-F53) -> 701.28686 | H65: =IF(H53="","",H53-G53) -> 701.28686 | I65: =IF(I53="","",I53-H53) -> 701.28686 | J65: =IF(J53="","",J53-I53) -> 701.28686 | K65: =IF(K53="","",K53-J53) -> 855.06602 | ... Y65: =IF(Y53="","",Y53-X53) -> 478.39988 | Z65: =IF(C65="","",SUM(C65:Y65)) -> 66682.259 | AA65: =IF(Z65="","",NPV(RWACC_3,D65:Y65)) -> 11553.965 | AB65: =IF(Z65="","",NPV(RWACC_3,INDIRECT("D"&AE65&":"&VLOOKUP(P_HORIZON_3,P_HORIZON_LOOKUP,2,FALSE)&AE65))) -> 10226.434 | AE65: =ROW() -> 65
B66: =N3_C3 -> TR03 - Dysart | C66: =IF(C54="","",C54) -> 24265.886 | D66: =IF(D54="","",D54-C54) -> 173.4329 | E66: =IF(E54="","",E54-D54) -> 173.4329 | F66: =IF(F54="","",F54-E54) -> 50.27714 | G66: =IF(G54="","",G54-F54) -> 50.27714 | H66: =IF(H54="","",H54-G54) -> 50.27714 | I66: =IF(I54="","",I54-H54) -> 50.27714 | J66: =IF(J54="","",J54-I54) -> 50.27714 | K66: =IF(K54="","",K54-J54) -> 70.5503 | ... Y66: =IF(Y54="","",Y54-X54) -> 14.06026 | Z66: =IF(C66="","",SUM(C66:Y66)) -> 25359.542 | AA66: =IF(Z66="","",NPV(RWACC_3,D66:Y66)) -> 897.46727 | AB66: =IF(Z66="","",NPV(RWACC_3,INDIRECT("D"&AE66&":"&VLOOKUP(P_HORIZON_3,P_HORIZON_LOOKUP,2,FALSE)&AE66))) -> 858.45091 | AE66: =ROW() -> 66
B67: =N3_C4 -> TR04 - Middlemount | C67: =IF(C55="","",C55) -> 17277.537 | D67: =IF(D55="","",D55-C55) -> 81.238 | E67: =IF(E55="","",E55-D55) -> 81.238 | F67: =IF(F55="","",F55-E55) -> 24.45022 | G67: =IF(G55="","",G55-F55) -> 24.45022 | H67: =IF(H55="","",H55-G55) -> 24.45022 | I67: =IF(I55="","",I55-H55) -> 24.45022 | J67: =IF(J55="","",J55-I55) -> 24.45022 | K67: =IF(K55="","",K55-J55) -> 36.7409 | ... Y67: =IF(Y55="","",Y55-X55) -> 10.80028 | Z67: =IF(C67="","",SUM(C67:Y67)) -> 17855.564 | AA67: =IF(Z67="","",NPV(RWACC_3,D67:Y67)) -> 463.68993 | AB67: =IF(Z67="","",NPV(RWACC_3,INDIRECT("D"&AE67&":"&VLOOKUP(P_HORIZON_3,P_HORIZON_LOOKUP,2,FALSE)&AE67))) -> 433.71982 | AE67: =ROW() -> 67
B68: =N3_C5 -> TR05 - Glenden | C68: =IF(C56="","",C56) -> 6226.0492 | D68: =IF(D56="","",D56-C56) -> 41.02505 | E68: =IF(E56="","",E56-D56) -> 41.02505 | F68: =IF(F56="","",F56-E56) -> 21.02446 | G68: =IF(G56="","",G56-F56) -> 21.02446 | H68: =IF(H56="","",H56-G56) -> 21.02446 | I68: =IF(I56="","",I56-H56) -> 21.02446 | J68: =IF(J56="","",J56-I56) -> 21.02446 | K68: =IF(K56="","",K56-J56) -> 34.69056 | ... Y68: =IF(Y56="","",Y56-X56) -> 25.32568 | Z68: =IF(C68="","",SUM(C68:Y68)) -> 6841.7566 | AA68: =IF(Z68="","",NPV(RWACC_3,D68:Y68)) -> 451.46663 | AB68: =IF(Z68="","",NPV(RWACC_3,INDIRECT("D"&AE68&":"&VLOOKUP(P_HORIZON_3,P_HORIZON_LOOKUP,2,FALSE)&AE68))) -> 381.18942 | AE68: =ROW() -> 68
B69: =N3_C6 -> TR06 - Nebo | C69: =IF(C57="","",C57) -> 3939.181 | D69: =IF(D57="","",D57-C57) -> 162.5894 | E69: =IF(E57="","",E57-D57) -> 162.5894 | F69: =IF(F57="","",F57-E57) -> 103.79884 | G69: =IF(G57="","",G57-F57) -> 103.79884 | H69: =IF(H57="","",H57-G57) -> 103.79884 | I69: =IF(I57="","",I57-H57) -> 103.79884 | J69: =IF(J57="","",J57-I57) -> 103.79884 | K69: =IF(K57="","",K57-J57) -> 126.1455 | ... Y69: =IF(Y57="","",Y57-X57) -> 5.16866 | Z69: =IF(C69="","",SUM(C69:Y69)) -> 5467.1255 | AA69: =IF(Z69="","",NPV(RWACC_3,D69:Y69)) -> 1261.3078 | AB69: =IF(Z69="","",NPV(RWACC_3,INDIRECT("D"&AE69&":"&VLOOKUP(P_HORIZON_3,P_HORIZON_LOOKUP,2,FALSE)&AE69))) -> 1246.965 | AE69: =ROW() -> 69
B70: =N3_C7 -> TR07 - St. Lawrence | C70: =IF(C58="","",C58) -> 1338.4427 | D70: =IF(D58="","",D58-C58) -> 2.45325 | E70: =IF(E58="","",E58-D58) -> 2.45325 | F70: =IF(F58="","",F58-E58) -> 2.04868 | G70: =IF(G58="","",G58-F58) -> 2.04868 | H70: =IF(H58="","",H58-G58) -> 2.04868 | I70: =IF(I58="","",I58-H58) -> 2.04868 | J70: =IF(J58="","",J58-I58) -> 2.04868 | K70: =IF(K58="","",K58-J58) -> 2.59324 | ... Y70: =IF(Y58="","",Y58-X58) -> 31.95904 | Z70: =IF(C70="","",SUM(C70:Y70)) -> 1695.772 | AA70: =IF(Z70="","",NPV(RWACC_3,D70:Y70)) -> 220.84969 | AB70: =IF(Z70="","",NPV(RWACC_3,INDIRECT("D"&AE70&":"&VLOOKUP(P_HORIZON_3,P_HORIZON_LOOKUP,2,FALSE)&AE70))) -> 132.16532 | AE70: =ROW() -> 70
B71: =N3_C8 -> TR08 - Remainder of LGA | C71: =IF(C59="","",C59) -> 76967.747 | D71: =IF(D59="","",D59-C59) -> 2525.2894 | E71: =IF(E59="","",E59-D59) -> 2525.2893 | F71: =IF(F59="","",F59-E59) -> 710.09332 | G71: =IF(G59="","",G59-F59) -> 710.09332 | H71: =IF(H59="","",H59-G59) -> 710.09332 | I71: =IF(I59="","",I59-H59) -> 710.09332 | J71: =IF(J59="","",J59-I59) -> 710.09332 | K71: =IF(K59="","",K59-J59) -> 867.06318 | ... Y71: =IF(Y59="","",Y59-X59) -> 286.35974 | Z71: =IF(C71="","",SUM(C71:Y71)) -> 92836.818 | AA71: =IF(Z71="","",NPV(RWACC_3,D71:Y71)) -> 12890.115 | AB71: =IF(Z71="","",NPV(RWACC_3,INDIRECT("D"&AE71&":"&VLOOKUP(P_HORIZON_3,P_HORIZON_LOOKUP,2,FALSE)&AE71))) -> 12095.484 | AE71: =ROW() -> 71
AE72: =ROW() -> 72
AE73: =ROW() -> 73
AE74: =ROW() -> 74
B75: =NETWORK_4 -> Parks and Land for Community Facilities | C75: Catchment Demand (Cumulative Totals) | AE75: =ROW() -> 75
B76: Catchment Name | C76: =BASE_YEAR -> 2024 | D76: =C76+1 -> 2025 | E76: =D76+1 -> 2026 | F76: =E76+1 -> 2027 | G76: =F76+1 -> 2028 | H76: =G76+1 -> 2029 | I76: =H76+1 -> 2030 | J76: =I76+1 -> 2031 | K76: =J76+1 -> 2032 | ... Y76: =X76+1 -> 2046 | AE76: =ROW() -> 76
B77: PPCL01 - Clermont | C77: 3216.2659 | D77: =(E77-C77)/2+C77 -> 3219.914 | E77: 3223.562 | F77: =($J77-$E77)/5+E77 -> 3226.4859 | G77: =($J77-$E77)/5+F77 -> 3229.4098 | H77: =($J77-$E77)/5+G77 -> 3232.3337 | I77: =($J77-$E77)/5+H77 -> 3235.2576 | J77: 3238.1815 | K77: =($O77-$J77)/5+J77 -> 3240.5121 | L77: =($O77-$J77)/5+K77 -> 3242.8427 | M77: =($O77-$J77)/5+L77 -> 3245.1733 | N77: =($O77-$J77)/5+M77 -> 3247.5039 | O77: 3249.8345 | P77: =($T77-$O77)/5+O77 -> 3267.8519 | Q77: =($T77-$O77)/5+P77 -> 3285.8693 | R77: =($T77-$O77)/5+Q77 -> 3303.8868 | S77: =($T77-$O77)/5+R77 -> 3321.9042 | T77: 3339.9216 | U77: =($Y77-$T77)/5+T77 -> 3357.3395 | V77: =($Y77-$T77)/5+U77 -> 3374.7575 | W77: =($Y77-$T77)/5+V77 -> 3392.1754 | X77: =($Y77-$T77)/5+W77 -> 3409.5933 | Y77: 3427.0112 | AE77: =ROW() -> 77
B78: PPCL02 - Moranbah | C78: 12104.057 | D78: =(E78-C78)/2+C78 -> 12363.103 | E78: 12622.148 | F78: =($J78-$E78)/5+E78 -> 12772.093 | G78: =($J78-$E78)/5+F78 -> 12922.037 | H78: =($J78-$E78)/5+G78 -> 13071.982 | I78: =($J78-$E78)/5+H78 -> 13221.926 | J78: 13371.871 | K78: =($O78-$J78)/5+J78 -> 13546.345 | L78: =($O78-$J78)/5+K78 -> 13720.818 | M78: =($O78-$J78)/5+L78 -> 13895.292 | N78: =($O78-$J78)/5+M78 -> 14069.766 | O78: 14244.239 | P78: =($T78-$O78)/5+O78 -> 14357.968 | Q78: =($T78-$O78)/5+P78 -> 14471.696 | R78: =($T78-$O78)/5+Q78 -> 14585.425 | S78: =($T78-$O78)/5+R78 -> 14699.153 | T78: 14812.881 | U78: =($Y78-$T78)/5+T78 -> 14920.337 | V78: =($Y78-$T78)/5+U78 -> 15027.792 | W78: =($Y78-$T78)/5+V78 -> 15135.247 | X78: =($Y78-$T78)/5+W78 -> 15242.703 | Y78: 15350.158 | AE78: =ROW() -> 78
B79: PPCL03 - Dysart | C79: 5475.7838 | D79: =(E79-C79)/2+C79 -> 5493.8052 | E79: 5511.8267 | F79: =($J79-$E79)/5+E79 -> 5516.2171 | G79: =($J79-$E79)/5+F79 -> 5520.6076 | H79: =($J79-$E79)/5+G79 -> 5524.9981 | I79: =($J79-$E79)/5+H79 -> 5529.3885 | J79: 5533.779 | K79: =($O79-$J79)/5+J79 -> 5538.4268 | L79: =($O79-$J79)/5+K79 -> 5543.0747 | M79: =($O79-$J79)/5+L79 -> 5547.7226 | N79: =($O79-$J79)/5+M79 -> 5552.3704 | O79: 5557.0183 | P79: =($T79-$O79)/5+O79 -> 5558.9923 | Q79: =($T79-$O79)/5+P79 -> 5560.9664 | R79: =($T79-$O79)/5+Q79 -> 5562.9404 | S79: =($T79-$O79)/5+R79 -> 5564.9144 | T79: 5566.8885 | U79: =($Y79-$T79)/5+T79 -> 5568.8453 | V79: =($Y79-$T79)/5+U79 -> 5570.8021 | W79: =($Y79-$T79)/5+V79 -> 5572.7589 | X79: =($Y79-$T79)/5+W79 -> 5574.7157 | Y79: 5576.6726 | AE79: =ROW() -> 79
B80: PPCL04 - Middlemount | C80: 4136.9234 | D80: =(E80-C80)/2+C80 -> 4134.3314 | E80: 4131.7393 | F80: =($J80-$E80)/5+E80 -> 4130.6931 | G80: =($J80-$E80)/5+F80 -> 4129.6469 | H80: =($J80-$E80)/5+G80 -> 4128.6008 | I80: =($J80-$E80)/5+H80 -> 4127.5546 | J80: 4126.5084 | K80: =($O80-$J80)/5+J80 -> 4124.7982 | L80: =($O80-$J80)/5+K80 -> 4123.088 | M80: =($O80-$J80)/5+L80 -> 4121.3778 | N80: =($O80-$J80)/5+M80 -> 4119.6676 | O80: 4117.9574 | P80: =($T80-$O80)/5+O80 -> 4119.2193 | Q80: =($T80-$O80)/5+P80 -> 4120.4813 | R80: =($T80-$O80)/5+Q80 -> 4121.7432 | S80: =($T80-$O80)/5+R80 -> 4123.0052 | T80: 4124.2671 | U80: =($Y80-$T80)/5+T80 -> 4125.5274 | V80: =($Y80-$T80)/5+U80 -> 4126.7876 | W80: =($Y80-$T80)/5+V80 -> 4128.0478 | X80: =($Y80-$T80)/5+W80 -> 4129.3081 | Y80: 4130.5683 | AE80: =ROW() -> 80
B81: PPCL05 - Glenden | C81: 1197.1533 | D81: =(E81-C81)/2+C81 -> 1198.5067 | E81: 1199.8601 | F81: =($J81-$E81)/5+E81 -> 1201.8541 | G81: =($J81-$E81)/5+F81 -> 1203.8481 | H81: =($J81-$E81)/5+G81 -> 1205.8421 | I81: =($J81-$E81)/5+H81 -> 1207.8361 | J81: 1209.8301 | K81: =($O81-$J81)/5+J81 -> 1213.462 | L81: =($O81-$J81)/5+K81 -> 1217.094 | M81: =($O81-$J81)/5+L81 -> 1220.7259 | N81: =($O81-$J81)/5+M81 -> 1224.3578 | O81: 1227.9897 | P81: =($T81-$O81)/5+O81 -> 1232.251 | Q81: =($T81-$O81)/5+P81 -> 1236.5122 | R81: =($T81-$O81)/5+Q81 -> 1240.7735 | S81: =($T81-$O81)/5+R81 -> 1245.0347 | T81: 1249.296 | U81: =($Y81-$T81)/5+T81 -> 1253.5144 | V81: =($Y81-$T81)/5+U81 -> 1257.7327 | W81: =($Y81-$T81)/5+V81 -> 1261.9511 | X81: =($Y81-$T81)/5+W81 -> 1266.1695 | Y81: 1270.3878 | AE81: =ROW() -> 81
B82: PPCL06 - Nebo | C82: 1067.5181 | D82: =(E82-C82)/2+C82 -> 1109.4476 | E82: 1151.3771 | F82: =($J82-$E82)/5+E82 -> 1178.4462 | G82: =($J82-$E82)/5+F82 -> 1205.5152 | H82: =($J82-$E82)/5+G82 -> 1232.5842 | I82: =($J82-$E82)/5+H82 -> 1259.6532 | J82: 1286.7222 | K82: =($O82-$J82)/5+J82 -> 1318.4897 | L82: =($O82-$J82)/5+K82 -> 1350.2572 | M82: =($O82-$J82)/5+L82 -> 1382.0247 | N82: =($O82-$J82)/5+M82 -> 1413.7923 | O82: 1445.5598 | P82: =($T82-$O82)/5+O82 -> 1447.0123 | Q82: =($T82-$O82)/5+P82 -> 1448.4648 | R82: =($T82-$O82)/5+Q82 -> 1449.9173 | S82: =($T82-$O82)/5+R82 -> 1451.3698 | T82: 1452.8223 | U82: =($Y82-$T82)/5+T82 -> 1454.2024 | V82: =($Y82-$T82)/5+U82 -> 1455.5824 | W82: =($Y82-$T82)/5+V82 -> 1456.9624 | X82: =($Y82-$T82)/5+W82 -> 1458.3425 | Y82: 1459.7225 | AE82: =ROW() -> 82
B83: PPCL07 - St. Lawrence | C83: 324.04998 | D83: =(E83-C83)/2+C83 -> 324.11448 | E83: 324.17898 | F83: =($J83-$E83)/5+E83 -> 324.48995 | G83: =($J83-$E83)/5+F83 -> 324.80091 | H83: =($J83-$E83)/5+G83 -> 325.11187 | I83: =($J83-$E83)/5+H83 -> 325.42283 | J83: 325.73379 | K83: =($O83-$J83)/5+J83 -> 325.94183 | L83: =($O83-$J83)/5+K83 -> 326.14986 | M83: =($O83-$J83)/5+L83 -> 326.35789 | N83: =($O83-$J83)/5+M83 -> 326.56592 | O83: 326.77396 | P83: =($T83-$O83)/5+O83 -> 335.82088 | Q83: =($T83-$O83)/5+P83 -> 344.8678 | R83: =($T83-$O83)/5+Q83 -> 353.91472 | S83: =($T83-$O83)/5+R83 -> 362.96164 | T83: 372.00856 | U83: =($Y83-$T83)/5+T83 -> 380.54163 | V83: =($Y83-$T83)/5+U83 -> 389.07469 | W83: =($Y83-$T83)/5+V83 -> 397.60775 | X83: =($Y83-$T83)/5+W83 -> 406.14082 | Y83: 414.67388 | AE83: =ROW() -> 83
B84: PPCL08 - Remainder of LGA | C84: 8980.5882 | D84: =(E84-C84)/2+C84 -> 9250.4616 | E84: 9520.3349 | F84: =($J84-$E84)/5+E84 -> 9594.4239 | G84: =($J84-$E84)/5+F84 -> 9668.5128 | H84: =($J84-$E84)/5+G84 -> 9742.6017 | I84: =($J84-$E84)/5+H84 -> 9816.6907 | J84: 9890.7796 | K84: =($O84-$J84)/5+J84 -> 9978.4234 | L84: =($O84-$J84)/5+K84 -> 10066.067 | M84: =($O84-$J84)/5+L84 -> 10153.711 | N84: =($O84-$J84)/5+M84 -> 10241.355 | O84: 10328.998 | P84: =($T84-$O84)/5+O84 -> 10360.168 | Q84: =($T84-$O84)/5+P84 -> 10391.337 | R84: =($T84-$O84)/5+Q84 -> 10422.506 | S84: =($T84-$O84)/5+R84 -> 10453.675 | T84: 10484.844 | U84: =($Y84-$T84)/5+T84 -> 10514.622 | V84: =($Y84-$T84)/5+U84 -> 10544.401 | W84: =($Y84-$T84)/5+V84 -> 10574.179 | X84: =($Y84-$T84)/5+W84 -> 10603.957 | Y84: 10633.735 | AE84: =ROW() -> 84
AE85: =ROW() -> 85
AE86: =ROW() -> 86
B87: =NETWORK_4 -> Parks and Land for Community Facilities | C87: Catchment Demand (Incremental Growth) | AE87: =ROW() -> 87
B88: Catchment Name | C88: =BASE_YEAR -> 2024 | D88: =C88+1 -> 2025 | E88: =D88+1 -> 2026 | F88: =E88+1 -> 2027 | G88: =F88+1 -> 2028 | H88: =G88+1 -> 2029 | I88: =H88+1 -> 2030 | J88: =I88+1 -> 2031 | K88: =J88+1 -> 2032 | ... Y88: =X88+1 -> 2046 | Z88: Total Demand (Ultimate) | AA88: NPV Future Demand (@ Ultimate) | AB88: NPV Future Demand (@Planning Horizon) | AE88: =ROW() -> 88
B89: =N4_C1 -> PPCL01 - Clermont | C89: =IF(C77="","",C77) -> 3216.2659 | D89: =IF(D77="","",D77-C77) -> 3.6480816 | E89: =IF(E77="","",E77-D77) -> 3.6480816 | F89: =IF(F77="","",F77-E77) -> 2.9238825 | G89: =IF(G77="","",G77-F77) -> 2.9238825 | H89: =IF(H77="","",H77-G77) -> 2.9238825 | I89: =IF(I77="","",I77-H77) -> 2.9238825 | J89: =IF(J77="","",J77-I77) -> 2.9238825 | K89: =IF(K77="","",K77-J77) -> 2.330608 | ... Y89: =IF(Y77="","",Y77-X77) -> 17.417921 | Z89: =IF(C89="","",SUM(C89:Y89)) -> 3427.0112 | AA89: =IF(Z89="","",NPV(RWACC_4,D89:Y89)) -> 134.56526 | AB89: =IF(Z89="","",NPV(RWACC_4,INDIRECT("D"&AE89&":"&VLOOKUP(P_HORIZON_4,P_HORIZON_LOOKUP,2,FALSE)&AE89))) -> 86.231602 | AE89: =ROW() -> 89
B90: =N4_C2 -> PPCL02 - Moranbah | C90: =IF(C78="","",C78) -> 12104.057 | D90: =IF(D78="","",D78-C78) -> 259.04552 | E90: =IF(E78="","",E78-D78) -> 259.04552 | F90: =IF(F78="","",F78-E78) -> 149.94453 | G90: =IF(G78="","",G78-F78) -> 149.94453 | H90: =IF(H78="","",H78-G78) -> 149.94453 | I90: =IF(I78="","",I78-H78) -> 149.94453 | J90: =IF(J78="","",J78-I78) -> 149.94453 | K90: =IF(K78="","",K78-J78) -> 174.47364 | ... Y90: =IF(Y78="","",Y78-X78) -> 107.45526 | Z90: =IF(C90="","",SUM(C90:Y90)) -> 15350.158 | AA90: =IF(Z90="","",NPV(RWACC_4,D90:Y90)) -> 2457.3277 | AB90: =IF(Z90="","",NPV(RWACC_4,INDIRECT("D"&AE90&":"&VLOOKUP(P_HORIZON_4,P_HORIZON_LOOKUP,2,FALSE)&AE90))) -> 2159.1459 | AE90: =ROW() -> 90
B91: =N4_C3 -> PPCL03 - Dysart | C91: =IF(C79="","",C79) -> 5475.7838 | D91: =IF(D79="","",D79-C79) -> 18.021439 | E91: =IF(E79="","",E79-D79) -> 18.021439 | F91: =IF(F79="","",F79-E79) -> 4.390461 | G91: =IF(G79="","",G79-F79) -> 4.390461 | H91: =IF(H79="","",H79-G79) -> 4.390461 | I91: =IF(I79="","",I79-H79) -> 4.390461 | J91: =IF(J79="","",J79-I79) -> 4.390461 | K91: =IF(K79="","",K79-J79) -> 4.6478613 | ... Y91: =IF(Y79="","",Y79-X79) -> 1.9568163 | Z91: =IF(C91="","",SUM(C91:Y91)) -> 5576.6726 | AA91: =IF(Z91="","",NPV(RWACC_4,D91:Y91)) -> 82.545351 | AB91: =IF(Z91="","",NPV(RWACC_4,INDIRECT("D"&AE91&":"&VLOOKUP(P_HORIZON_4,P_HORIZON_LOOKUP,2,FALSE)&AE91))) -> 77.115306 | AE91: =ROW() -> 91
B92: =N4_C4 -> PPCL04 - Middlemount | C92: =IF(C80="","",C80) -> 4136.9234 | D92: =IF(D80="","",D80-C80) -> -2.5920701 | E92: =IF(E80="","",E80-D80) -> -2.59207 | F92: =IF(F80="","",F80-E80) -> -1.0461788 | G92: =IF(G80="","",G80-F80) -> -1.0461788 | H92: =IF(H80="","",H80-G80) -> -1.0461788 | I92: =IF(I80="","",I80-H80) -> -1.0461788 | J92: =IF(J80="","",J80-I80) -> -1.0461788 | K92: =IF(K80="","",K80-J80) -> -1.7101999 | ... Y92: =IF(Y80="","",Y80-X80) -> 1.26024 | Z92: =IF(C92="","",SUM(C92:Y92)) -> 4130.5683 | AA92: =IF(Z92="","",NPV(RWACC_4,D92:Y92)) -> -8.2961479 | AB92: =IF(Z92="","",NPV(RWACC_4,INDIRECT("D"&AE92&":"&VLOOKUP(P_HORIZON_4,P_HORIZON_LOOKUP,2,FALSE)&AE92))) -> -11.793237 | AE92: =ROW() -> 92
B93: =N4_C5 -> PPCL05 - Glenden | C93: =IF(C81="","",C81) -> 1197.1533 | D93: =IF(D81="","",D81-C81) -> 1.3534212 | E93: =IF(E81="","",E81-D81) -> 1.3534212 | F93: =IF(F81="","",F81-E81) -> 1.9940017 | G93: =IF(G81="","",G81-F81) -> 1.9940017 | H93: =IF(H81="","",H81-G81) -> 1.9940017 | I93: =IF(I81="","",I81-H81) -> 1.9940017 | J93: =IF(J81="","",J81-I81) -> 1.9940017 | K93: =IF(K81="","",K81-J81) -> 3.6319256 | ... Y93: =IF(Y81="","",Y81-X81) -> 4.2183704 | Z93: =IF(C93="","",SUM(C93:Y93)) -> 1270.3878 | AA93: =IF(Z93="","",NPV(RWACC_4,D93:Y93)) -> 50.143953 | AB93: =IF(Z93="","",NPV(RWACC_4,INDIRECT("D"&AE93&":"&VLOOKUP(P_HORIZON_4,P_HORIZON_LOOKUP,2,FALSE)&AE93))) -> 38.438234 | AE93: =ROW() -> 93
B94: =N4_C6 -> PPCL06 - Nebo | C94: =IF(C82="","",C82) -> 1067.5181 | D94: =IF(D82="","",D82-C82) -> 41.929547 | E94: =IF(E82="","",E82-D82) -> 41.929548 | F94: =IF(F82="","",F82-E82) -> 27.069016 | G94: =IF(G82="","",G82-F82) -> 27.069016 | H94: =IF(H82="","",H82-G82) -> 27.069016 | I94: =IF(I82="","",I82-H82) -> 27.069016 | J94: =IF(J82="","",J82-I82) -> 27.069016 | K94: =IF(K82="","",K82-J82) -> 31.767507 | ... Y94: =IF(Y82="","",Y82-X82) -> 1.3800322 | Z94: =IF(C94="","",SUM(C94:Y94)) -> 1459.7225 | AA94: =IF(Z94="","",NPV(RWACC_4,D94:Y94)) -> 324.01682 | AB94: =IF(Z94="","",NPV(RWACC_4,INDIRECT("D"&AE94&":"&VLOOKUP(P_HORIZON_4,P_HORIZON_LOOKUP,2,FALSE)&AE94))) -> 320.18731 | AE94: =ROW() -> 94
B95: =N4_C7 -> PPCL07 - St. Lawrence | C95: =IF(C83="","",C83) -> 324.04998 | D95: =IF(D83="","",D83-C83) -> 0.0644993 | E95: =IF(E83="","",E83-D83) -> 0.0644993 | F95: =IF(F83="","",F83-E83) -> 0.31096234 | G95: =IF(G83="","",G83-F83) -> 0.31096234 | H95: =IF(H83="","",H83-G83) -> 0.31096234 | I95: =IF(I83="","",I83-H83) -> 0.31096234 | J95: =IF(J83="","",J83-I83) -> 0.31096234 | K95: =IF(K83="","",K83-J83) -> 0.20803256 | ... Y95: =IF(Y83="","",Y83-X83) -> 8.5330637 | Z95: =IF(C95="","",SUM(C95:Y95)) -> 414.67388 | AA95: =IF(Z95="","",NPV(RWACC_4,D95:Y95)) -> 55.012531 | AB95: =IF(Z95="","",NPV(RWACC_4,INDIRECT("D"&AE95&":"&VLOOKUP(P_HORIZON_4,P_HORIZON_LOOKUP,2,FALSE)&AE95))) -> 31.333803 | AE95: =ROW() -> 95
B96: =N4_C8 -> PPCL08 - Remainder of LGA | C96: =IF(C84="","",C84) -> 8980.5882 | D96: =IF(D84="","",D84-C84) -> 269.87337 | E96: =IF(E84="","",E84-D84) -> 269.87337 | F96: =IF(F84="","",F84-E84) -> 74.088931 | G96: =IF(G84="","",G84-F84) -> 74.088931 | H96: =IF(H84="","",H84-G84) -> 74.088931 | I96: =IF(I84="","",I84-H84) -> 74.088931 | J96: =IF(J84="","",J84-I84) -> 74.088931 | K96: =IF(K84="","",K84-J84) -> 87.643751 | ... Y96: =IF(Y84="","",Y84-X84) -> 29.778029 | Z96: =IF(C96="","",SUM(C96:Y96)) -> 10633.735 | AA96: =IF(Z96="","",NPV(RWACC_4,D96:Y96)) -> 1345.866 | AB96: =IF(Z96="","",NPV(RWACC_4,INDIRECT("D"&AE96&":"&VLOOKUP(P_HORIZON_4,P_HORIZON_LOOKUP,2,FALSE)&AE96))) -> 1263.2338 | AE96: =ROW() -> 96
AE97: =ROW() -> 97
AE98: =ROW() -> 98
AE99: =ROW() -> 99
AE101: Planning Horizon Lookup | AF101: Code
...

Sheet Summary Cost Schedule
B1: =COUNCIL_NAME -> Isaac Regional Council | H1: Return to Navigation
B2: =PROJECT_NAME -> Local Government Infrastructure Plan
B4: ="Charge Summary for "&NETWORK_1&" Network" -> Charge Summary for Water Supply Network
B5: Catchment Name | C5: ="Demand ("&UOM_1&")" -> Demand (EP) | F5: Cost of Trunk Infrastructure | I5: ="Cost per Unit Demand ("&UOM_1&")" -> Cost per Unit Demand (EP)
C6: Existing (A) | D6: NPV Future (B) | E6: TOTAL (A)+ (B) | F6: Existing (C) | G6: NPV Future (D) | H6: TOTAL (C)+ (D)
B7: =N1_C1 -> WS01 - Clermont | C7: =Demands!C18 -> 5948.2537 | D7: =Demands!AB18 -> 157.19514 | E7: =IFERROR(C7+D7,"") -> 6105.4489 | F7: ='Water Supply - Existing'!$AP$779 -> 24782883 | G7: ='Water Supply - Future'!$AR$23 -> 881704.56 | H7: =F7+G7 -> 25664588 | I7: =IFERROR(H7/E7,"") -> 4203.5546
B8: =N1_C2 -> WS02 - Moranbah | C8: =Demands!C19 -> 13597.956 | D8: =Demands!AB19 -> 2552.8975 | E8: =IFERROR(C8+D8,"") -> 16150.854 | F8: ='Water Supply - Existing'!$AQ$779 -> 65682792 | G8: ='Water Supply - Future'!$AS$23 -> 5620792.1 | H8: =F8+G8 -> 71303584 | I8: =IFERROR(H8/E8,"") -> 4414.8492
B9: =N1_C3 -> WS03 - Dysart | C9: =Demands!C20 -> 7024.4571 | D9: =Demands!AB20 -> 143.61904 | E9: =IFERROR(C9+D9,"") -> 7168.0761 | F9: ='Water Supply - Existing'!$AR$779 -> 27142203 | G9: ='Water Supply - Future'!$AT$23 -> 951326.38 | H9: =F9+G9 -> 28093529 | I9: =IFERROR(H9/E9,"") -> 3919.2566
B10: =N1_C4 -> WS04 - Middlemount | C10: =Demands!C21 -> 4733.4301 | D10: =Demands!AB21 -> 70.581287 | E10: =IFERROR(C10+D10,"") -> 4804.0114 | F10: ='Water Supply - Existing'!$AS$779 -> 24279755 | G10: ='Water Supply - Future'!$AU$23 -> 0 | H10: =F10+G10 -> 24279755 | I10: =IFERROR(H10/E10,"") -> 5054.0586
B11: =N1_C5 -> WS05 - Glenden | C11: =Demands!C22 -> 1631.9988 | D11: =Demands!AB22 -> 90.859864 | E11: =IFERROR(C11+D11,"") -> 1722.8586 | F11: ='Water Supply - Existing'!$AT$779 -> 17012235 | G11: ='Water Supply - Future'!$AV$23 -> 0 | H11: =F11+G11 -> 17012235 | I11: =IFERROR(H11/E11,"") -> 9874.4228
B12: =N1_C6 -> WS06 - Nebo | C12: =Demands!C23 -> 1078.6323 | D12: =Demands!AB23 -> 320.2386 | E12: =IFERROR(C12+D12,"") -> 1398.8709 | F12: ='Water Supply - Existing'!$AU$779 -> 10894986 | G12: ='Water Supply - Future'!$AW$23 -> 0 | H12: =F12+G12 -> 10894986 | I12: =IFERROR(H12/E12,"") -> 7788.4142
B13: =N1_C7 -> WS07 - Carmila | C13: =Demands!C24 -> 156.6922 | D13: =Demands!AB24 -> 2.95764 | E13: =IFERROR(C13+D13,"") -> 159.64984 | F13: ='Water Supply - Existing'!$AV$779 -> 1125230.1 | G13: ='Water Supply - Future'!$AX$23 -> 0 | H13: =F13+G13 -> 1125230.1 | I13: =IFERROR(H13/E13,"") -> 7048.1128
B14: =N1_C8 -> WS08 - St Lawrence | C14: =Demands!C25 -> 308.64092 | D14: =Demands!AB25 -> 7.1734132 | E14: =IFERROR(C14+D14,"") -> 315.81434 | F14: ='Water Supply - Existing'!$AW$779 -> 2660343.6 | G14: ='Water Supply - Future'!$AY$23 -> 0 | H14: =F14+G14 -> 2660343.6 | I14: =IFERROR(H14/E14,"") -> 8423.7582
C15: =SUBTOTAL(9,C7:C12) -> 34014.728 | D15: =SUBTOTAL(9,D7:D12) -> 3335.3914 | E15: =SUBTOTAL(9,E7:E12) -> 37350.12 | F15: =SUBTOTAL(9,F7:F14) -> 1.7358043e+08 | G15: =SUBTOTAL(9,G7:G14) -> 7453823 | H15: =SUBTOTAL(9,H7:H14) -> 1.8103425e+08
B19: ="Charge Summary for "&NETWORK_2&" Network" -> Charge Summary for Sewerage Network
B20: Catchment Name | C20: ="Demand ("&UOM_2&")" -> Demand (EP) | F20: Cost of Trunk Infrastructure | I20: ="Cost per Unit Demand ("&UOM_2&")" -> Cost per Unit Demand (EP)
C21: Existing (A) | D21: NPV Future (B) | E21: TOTAL (A)+ (B) | F21: Existing (C) | G21: NPV Future (D) | H21: TOTAL (C)+ (D)
B22: =N2_C1 -> S01 - Clermont | C22: =Demands!C41 -> 5700.297 | D22: =Demands!AB41 -> 150.09722 | E22: =IFERROR(C22+D22,"") -> 5850.3942 | F22: ='Sewerage - Existing'!$AM$663 -> 21420754 | G22: ='Sewerage - Future'!$AN$29 -> 445751.52 | H22: =F22+G22 -> 21866506 | I22: =IFERROR(H22/E22,"") -> 3737.6124
B23: =N2_C2 -> S02 - Moranbah | C23: =Demands!C42 -> 13597.956 | D23: =Demands!AB42 -> 2552.8975 | E23: =IFERROR(C23+D23,"") -> 16150.854 | F23: ='Sewerage - Existing'!$AN$663 -> 51505399 | G23: ='Sewerage - Future'!$AO$29 -> 1685451.9 | H23: =F23+G23 -> 53190851 | I23: =IFERROR(H23/E23,"") -> 3293.377
B24: =N2_C3 -> S03 - Dysart | C24: =Demands!C43 -> 7024.4571 | D24: =Demands!AB43 -> 143.61904 | E24: =IFERROR(C24+D24,"") -> 7168.0761 | F24: ='Sewerage - Existing'!$AO$663 -> 23964779 | G24: ='Sewerage - Future'!$AP$29 -> 951326.38 | H24: =F24+G24 -> 24916105 | I24: =IFERROR(H24/E24,"") -> 3475.9823
B25: =N2_C4 -> S04 - Middlemount | C25: =Demands!C44 -> 4733.4301 | D25: =Demands!AB44 -> 70.581287 | E25: =IFERROR(C25+D25,"") -> 4804.0114 | F25: ='Sewerage - Existing'!$AP$663 -> 20501424 | G25: ='Sewerage - Future'!$AQ$29 -> 1189158 | H25: =F25+G25 -> 21690581 | I25: =IFERROR(H25/E25,"") -> 4515.0979
B26: =N2_C5 -> S05 - Glenden | C26: =Demands!C45 -> 1631.9988 | D26: =Demands!AB45 -> 90.859864 | E26: =IFERROR(C26+D26,"") -> 1722.8586 | F26: ='Sewerage - Existing'!$AQ$663 -> 10979843 | G26: ='Sewerage - Future'!$AR$29 -> 916413.32 | H26: =F26+G26 -> 11896256 | I26: =IFERROR(H26/E26,"") -> 6904.952
B27: =N2_C6 -> S06 - Nebo | C27: =Demands!C46 -> 1078.6323 | D27: =Demands!AB46 -> 320.2386 | E27: =IFERROR(C27+D27,"") -> 1398.8709 | F27: ='Sewerage - Existing'!$AR$663 -> 9073173.3 | G27: ='Sewerage - Future'!$AS$29 -> 1648253.6 | H27: =F27+G27 -> 10721427 | I27: =IFERROR(H27/E27,"") -> 7664.3435
C28: =SUBTOTAL(9,C22:C27) -> 33766.771 | D28: =SUBTOTAL(9,D22:D27) -> 3328.2935 | E28: =SUBTOTAL(9,E22:E27) -> 37095.065 | F28: =SUBTOTAL(9,F22:F27) -> 1.3744537e+08 | G28: =SUBTOTAL(9,G22:G27) -> 6836354.7 | H28: =SUBTOTAL(9,H22:H27) -> 1.4428173e+08
B32: ="Charge Summary for "&NETWORK_3&" Network" -> Charge Summary for Transport Network
B33: Catchment Name | C33: ="Demand ("&UOM_3&")" -> Demand (Trips) | F33: Cost of Trunk Infrastructure | I33: ="Cost per Unit Demand ("&UOM_3&")" -> Cost per Unit Demand (Trips)
C34: Existing (A) | D34: NPV Future (B) | E34: TOTAL (A)+ (B) | F34: Existing (C) | G34: NPV Future (D) | H34: TOTAL (C)+ (D)
B35: =N3_C1 -> TR01 - Clermont | C35: =Demands!C64 -> 16368.107 | D35: =Demands!AB64 -> 741.38463 | E35: =IFERROR(C35+D35,"") -> 17109.492 | F35: ='Transport - Existing'!$AQ$175 -> 33574574 | G35: ='Transport - Future'!$AS$54 -> 9667160.4 | H35: =F35+G35 -> 43241734 | I35: =IFERROR(H35/E35,"") -> 2527.3535
B36: =N3_C2 -> TR02 - Moranbah | C36: =Demands!C65 -> 51486.004 | D36: =Demands!AB65 -> 10226.434 | E36: =IFERROR(C36+D36,"") -> 61712.438 | F36: ='Transport - Existing'!$AR$175 -> 78816397 | G36: ='Transport - Future'!$AT$54 -> 20201263 | H36: =F36+G36 -> 99017659 | I36: =IFERROR(H36/E36,"") -> 1604.5009
B37: =N3_C3 -> TR03 - Dysart | C37: =Demands!C66 -> 24265.886 | D37: =Demands!AB66 -> 858.45091 | E37: =IFERROR(C37+D37,"") -> 25124.337 | F37: ='Transport - Existing'!$AS$175 -> 54774594 | G37: ='Transport - Future'!$AU$54 -> 0 | H37: =F37+G37 -> 54774594 | I37: =IFERROR(H37/E37,"") -> 2180.1409
B38: =N3_C4 -> TR04 - Middlemount | C38: =Demands!C67 -> 17277.537 | D38: =Demands!AB67 -> 433.71982 | E38: =IFERROR(C38+D38,"") -> 17711.256 | F38: ='Transport - Existing'!$AT$175 -> 48931860 | G38: ='Transport - Future'!$AV$54 -> 0 | H38: =F38+G38 -> 48931860 | I38: =IFERROR(H38/E38,"") -> 2762.7549
B39: =N3_C5 -> TR05 - Glenden | C39: =Demands!C68 -> 6226.0492 | D39: =Demands!AB68 -> 381.18942 | E39: =IFERROR(C39+D39,"") -> 6607.2386 | F39: ='Transport - Existing'!$AU$175 -> 45294647 | G39: ='Transport - Future'!$AW$54 -> 0 | H39: =F39+G39 -> 45294647 | I39: =IFERROR(H39/E39,"") -> 6855.3067
B40: =N3_C6 -> TR06 - Nebo | C40: =Demands!C69 -> 3939.181 | D40: =Demands!AB69 -> 1246.965 | E40: =IFERROR(C40+D40,"") -> 5186.146 | F40: ='Transport - Existing'!$AV$175 -> 23855299 | G40: ='Transport - Future'!$AX$54 -> 823754.7 | H40: =F40+G40 -> 24679054 | I40: =IFERROR(H40/E40,"") -> 4758.65
B41: =N3_C7 -> TR07 - St. Lawrence | C41: =Demands!C70 -> 1338.4427 | D41: =Demands!AB70 -> 132.16532 | E41: =IFERROR(C41+D41,"") -> 1470.608 | F41: ='Transport - Existing'!$AW$175 -> 4495260.8 | G41: ='Transport - Future'!$AY$54 -> 0 | H41: =F41+G41 -> 4495260.8 | I41: =IFERROR(H41/E41,"") -> 3056.7362
B42: =N3_C8 -> TR08 - Remainder of LGA | C42: =Demands!C71 -> 76967.747 | D42: =Demands!AB71 -> 12095.484 | E42: =IFERROR(C42+D42,"") -> 89063.231 | F42: ='Transport - Existing'!$AX$175 -> 2.7662351e+08 | G42: ='Transport - Future'!$AZ$54 -> 4776752.1 | H42: =F42+G42 -> 2.8140026e+08 | I42: =IFERROR(H42/E42,"") -> 3159.5559
C43: =SUBTOTAL(9,C35:C42) -> 197868.95 | D43: =SUBTOTAL(9,D35:D42) -> 26115.794 | E43: =SUBTOTAL(9,E35:E42) -> 223984.75 | F43: =SUBTOTAL(9,F35:F42) -> 5.6636614e+08 | G43: =SUBTOTAL(9,G35:G42) -> 35468930 | H43: =SUBTOTAL(9,H35:H42) -> 6.0183507e+08
B47: ="Charge Summary for "&NETWORK_4&" Network" -> Charge Summary for Parks and Land for Community Facilities Network
B48: Catchment Name | C48: ="Demand ("&UOM_4&")" -> Demand (Persons) | F48: Cost of Trunk Infrastructure | I48: ="Cost per Unit Demand ("&UOM_4&")" -> Cost per Unit Demand (Persons)
C49: Existing (A) | D49: NPV Future (B) | E49: TOTAL (A)+ (B) | F49: Existing (C) | G49: NPV Future (D) | H49: TOTAL (C)+ (D)
B50: =N4_C1 -> PPCL01 - Clermont | C50: =Demands!C89 -> 3216.2659 | D50: =Demands!AB89 -> 86.231602 | E50: =IFERROR(C50+D50,"") -> 3302.4975 | F50: ='PPCL - Existing'!$AT$114 -> 6479800.9 | G50: ='PPCL - Future'!$AS$16 -> 136984.12 | H50: =F50+G50 -> 6616785 | I50: =IFERROR(H50/E50,"") -> 2003.57
B51: =N4_C2 -> PPCL02 - Moranbah | C51: =Demands!C90 -> 12104.057 | D51: =Demands!AB90 -> 2159.1459 | E51: =IFERROR(C51+D51,"") -> 14263.203 | F51: ='PPCL - Existing'!$AU$114 -> 32266514 | G51: ='PPCL - Future'!$AT$16 -> 0 | H51: =F51+G51 -> 32266514 | I51: =IFERROR(H51/E51,"") -> 2262.2207
B52: =N4_C3 -> PPCL03 - Dysart | C52: =Demands!C91 -> 5475.7838 | D52: =Demands!AB91 -> 77.115306 | E52: =IFERROR(C52+D52,"") -> 5552.8991 | F52: ='PPCL - Existing'!$AV$114 -> 13239680 | G52: ='PPCL - Future'!$AU$16 -> 0 | H52: =F52+G52 -> 13239680 | I52: =IFERROR(H52/E52,"") -> 2384.2825
B53: =N4_C4 -> PPCL04 - Middlemount | C53: =Demands!C92 -> 4136.9234 | D53: =Demands!AB92 -> -11.793237 | E53: =IFERROR(C53+D53,"") -> 4125.1302 | F53: ='PPCL - Existing'!$AW$114 -> 11198428 | G53: ='PPCL - Future'!$AV$16 -> 0 | H53: =F53+G53 -> 11198428 | I53: =IFERROR(H53/E53,"") -> 2714.6847
B54: =N4_C5 -> PPCL05 - Glenden | C54: =Demands!C93 -> 1197.1533 | D54: =Demands!AB93 -> 38.438234 | E54: =IFERROR(C54+D54,"") -> 1235.5915 | F54: ='PPCL - Existing'!$AX$114 -> 2123166.3 | G54: ='PPCL - Future'!$AW$16 -> 0 | H54: =F54+G54 -> 2123166.3 | I54: =IFERROR(H54/E54,"") -> 1718.34
B55: =N4_C6 -> PPCL06 - Nebo | C55: =Demands!C94 -> 1067.5181 | D55: =Demands!AB94 -> 320.18731 | E55: =IFERROR(C55+D55,"") -> 1387.7054 | F55: ='PPCL - Existing'!$AY$114 -> 5717608.6 | G55: ='PPCL - Future'!$AX$16 -> 0 | H55: =F55+G55 -> 5717608.6 | I55: =IFERROR(H55/E55,"") -> 4120.1892
B56: =N4_C7 -> PPCL07 - St. Lawrence | C56: =Demands!C95 -> 324.04998 | D56: =Demands!AB95 -> 31.333803 | E56: =IFERROR(C56+D56,"") -> 355.38379 | F56: ='PPCL - Existing'!$AZ$114 -> 1252166.6 | G56: ='PPCL - Future'!$AY$16 -> 0 | H56: =F56+G56 -> 1252166.6 | I56: =IFERROR(H56/E56,"") -> 3523.4206
B57: =N4_C8 -> PPCL08 - Remainder of LGA | C57: =Demands!C96 -> 8980.5882 | D57: =Demands!AB96 -> 1263.2338 | E57: =IFERROR(C57+D57,"") -> 10243.822 | F57: ='PPCL - Existing'!$BA$114 -> 23506845 | G57: ='PPCL - Future'!$AZ$16 -> 390790.82 | H57: =F57+G57 -> 23897636 | I57: =IFERROR(H57/E57,"") -> 2332.8828
C58: =SUBTOTAL(9,C50:C57) -> 36502.34 | D58: =SUBTOTAL(9,D50:D57) -> 3963.8927 | E58: =SUBTOTAL(9,E50:E57) -> 40466.233 | F58: =SUBTOTAL(9,F50:F57) -> 95784210 | G58: =SUBTOTAL(9,G50:G57) -> 527774.94 | H58: =SUBTOTAL(9,H50:H57) -> 96311985

Sheet Unit Rates
B1: =COUNCIL_NAME -> Isaac Regional Council | H1: Return to Navigation
B2: =PROJECT_NAME -> Local Government Infrastructure Plan
B3: Schedule of Works Unit Rates
B5: =NETWORK_1&" Network" -> Water Supply Network | K5: =NETWORK_2&" Network" -> Sewerage Network | T5: =NETWORK_3&" Network" -> Transport Network | AC5: =NETWORK_4&" Network" -> Parks and Land for Community Facilities Network
B7: Scheduled Rate Cost - Works | D7: Code | F7: ="$CRC ("&BASE_YEAR&")" -> $CRC (2024) | H7: Comments/Source | K7: Scheduled Rate Cost - Works | M7: Code | O7: ="$CRC ("&BASE_YEAR&")" -> $CRC (2024) | Q7: Comments/Source | T7: Scheduled Rate Cost - Works | V7: Code | X7: ="$CRC ("&BASE_YEAR&")" -> $CRC (2024) | Z7: Comments/Source | AC7: Scheduled Rate Cost - Works | AE7: Code | AG7: ="$CRC ("&BASE_YEAR&")" -> $CRC (2024) | AI7: Comments/Source
B9: 100mm Unknown Water Main | D9: WM100 | F9: 185.71625 | K9: 0mm Unknown Effluent Main | M9: EM0 | O9: 309.24816 | T9: Urban Sub Arterial | V9: USA | X9: 5180.405 | Z9: per lineal metre | AC9: Land Inside PIA - Moranbah | AE9: MBH | AG9: 49.81
B10: 150mm Unknown Water Main | D10: WM150 | F10: 223.80441 | K10: 80mm Unknown Effluent Main | M10: EM80 | O10: 318.32203 | T10: Urban Major Collector | V10: UMC | X10: 4036.2416 | Z10: per lineal metre | AC10: Land Inside PIA - All other areas | AE10: TOWN | AG10: 31.13
B11: 160mm Unknown Water Main | D11: WM160 | F11: 223.80441 | K11: 100mm uPVC Effluent Main | M11: EMuPVC100 | O11: 304.46804 | T11: Rural Arterial | V11: RA | X11: 1269.4957 | Z11: per lineal metre | AC11: Land Outside PIA | AE11: RURAL | AG11: 12.45
B12: 200mm Unknown Water Main | D12: WM200 | F12: 336.63763 | K12: 110mm OD Effluent Main | M12: EMOD110 | O12: 304.46804 | T12: Rural Sub Arterial | V12: RSA | X12: 1057.9131 | Z12: per lineal metre
B13: 225mm Unknown Water Main | D13: WM225 | F13: 430.41982 | K13: 125mm HDPE Effluent Main | M13: EMHDPE125 | O13: 304.46804 | T13: Rural Major Collector | V13: RMC | X13: 846.33047 | Z13: per lineal metre
B14: 250mm Unknown Water Main | D14: WM250 | F14: 562.29017 | K14: 150mm PVC Effluent Main | M14: EMPVC150 | O14: 304.46804 | T14: Medium Roundabout | V14: MR | X14: 649988.54 | Z14: each
B15: 300mm Unknown Water Main | D15: WM300 | F15: 692.70147 | K15: 150mm PVC Effluent Main | M15: EMPVC150 | O15: 304.46804 | T15: Small Roundabout | V15: SR | X15: 283384.59 | Z15: each
B16: 375mm Unknown Water Main | D16: WM375 | F16: 900.77593 | K16: 150mm uPVC Effluent Main | M16: EMuPVC150 | O16: 304.46804 | T16: Definition Works | V16: DW | X16: 53708.293 | Z16: each
B17: 450mm Unknown Water Main | D17: WM450 | F17: 1163.0715 | K17: 150mm Unknown Effluent Main | M17: EM150 | O17: 309.24816 | T17: Safety Works | V17: SW | X17: 15936.647 | Z17: each
B18: 50mm Unknown Water Main | D18: WM50 | F18: 185.71625 | H18: As per 100mm unit rate (Uknown) | K18: 150mm AC Effluent Main | M18: EMAC150 | O18: 424.48495 | T18: Channelised T-Intersection | V18: CT | X18: 883314.3 | Z18: each
B19: 525mm Unknown Water Main | D19: WM525 | F19: 1407.775 | K19: 200mm AC Effluent Main | M19: EMAC200 | O19: 309.24816 | T19: Channelised 4- Way Intersection | V19: C4 | X19: 1104143.2 | Z19: each
B20: 600mm Unknown Water Main | D20: WM600 | F20: 1631.9685 | K20: 200mm CI Effluent Main | M20: EMCI200 | O20: 309.24816 | T20: Signalised T Intersection | V20: ST | X20: 1084476.8 | Z20: each
B21: 750mm Unknown Water Main | D21: WM750 | F21: 1985.1024 | H21: No rate available - Nominal assumed rate | K21: 200mm HDPE Effluent Main | M21: EMHDPE200 | O21: 309.24816 | T21: Signalised 4-Way Intersection | V21: S4 | X21: 1305305.7 | Z21: each
B22: 150mm AC/FRC Water Main | D22: WMAC/FRC150 | F22: 223.80441 | H22: As per AC unit rate | K22: 200mm Unknown Effluent Main | M22: EM200 | O22: 309.24816 | T22: Bridge Deck Construction | V22: B | X22: 7948.849 | Z22: per m²
B23: 200mm AC/FRC Water Main | D23: WMAC/FRC200 | F23: 336.63763 | H23: As per AC unit rate | K23: 200mm uPVC Effluent Main | M23: EMuPVC200 | O23: 309.24816 | T23: Off Road Pathway | V23: PW | X23: 309.37171 | Z23: per m
B24: 250mm AC/FRC Water Main | D24: WMAC/FRC250 | F24: 562.29017 | H24: As per AC unit rate | K24: 225mm Unknown Effluent Main | M24: EM225 | O24: 383.10365 | T24: Floodway | V24: FW | X24: 175000 | Z24: each
B25: 300mm AC/FRC Water Main | D25: WMAC/FRC300 | F25: 692.70147 | H25: As per AC unit rate | K25: 300mm Unknown Effluent Main | M25: EM300 | O25: 560.03722
B26: 375mm AC/FRC Water Main | D26: WMAC/FRC375 | F26: 900.77593 | H26: As per AC unit rate | K26: 300mm DICL Effluent Main | M26: EMDICL300 | O26: 761.42718
B27: 450mm AC/FRC Water Main | D27: WMAC/FRC450 | F27: 1163.0715 | H27: As per AC unit rate | K27: 300mm HDPE Effluent Main | M27: EMHDPE300 | O27: 761.42718
B28: 525mm AC/FRC Water Main | D28: WMAC/FRC525 | F28: 1407.775 | H28: As per AC unit rate | K28: 300mm Other Effluent Main | M28: EMOther300 | O28: 761.42718
B29: 100mm AC Water Main | D29: WMAC100 | F29: 185.71625 | K29: 300mm uPVC Effluent Main | M29: EMuPVC300 | O29: 761.42718
B30: 150mm AC Water Main | D30: WMAC150 | F30: 223.80441 | K30: 375mm Unknown Effluent Main | M30: EM375 | O30: 560.03722
B31: 200mm AC Water Main | D31: WMAC200 | F31: 336.63763 | K31: 0mm AC Gravity Main | M31: GMAC0 | O31: 424.48495
B32: 225mm AC Water Main | D32: WMAC225 | F32: 430.73942 | K32: 0mm Unknown Gravity Main | M32: GM0 | O32: 424.48495
B33: 250mm AC Water Main | D33: WMAC250 | F33: 562.29017 | K33: 0mm uPVC Gravity Main | M33: GMuPVC0 | O33: 424.48495
B34: 300mm AC Water Main | D34: WMAC300 | F34: 692.70147 | K34: 100mm AC Gravity Main | M34: GMAC100 | O34: 304.46804
B35: 375mm AC Water Main | D35: WMAC375 | F35: 900.77593 | H35: Assumed (as per 'unknown' unit rate) | K35: 100mm uPVC Gravity Main | M35: GMuPVC100 | O35: 304.46804
B36: 450mm AC Water Main | D36: WMAC450 | F36: 1163.0715 | H36: Assumed (as per 'unknown' unit rate) | K36: 100mm Unknown Gravity Main | M36: GM100 | O36: 318.32203
B37: 525mm AC Water Main | D37: WMAC525 | F37: 1407.775 | H37: Assumed (as per 'unknown' unit rate) | K37: 150mm ULTR Gravity Main | M37: GMULTR150 | O37: 318.32203
B38: 750mm AC Water Main | D38: WMAC750 | F38: 1985.1024 | H38: No rate available - Nominal assumed rate | K38: 150mm AC Gravity Main | M38: GMAC150 | O38: 424.48495
B39: 100mm B/PVC Water Main | D39: WMB/PVC100 | F39: 185.71625 | K39: 150mm FRC Gravity Main | M39: GMFRC150 | O39: 424.48495
B40: 100mm CICL Water Main | D40: WMCICL100 | F40: 185.71625 | K40: 150mm PVC Gravity Main | M40: GMPVC150 | O40: 424.48495
B41: 250mm CIUL Water Main | D41: WMCIUL250 | F41: 616.51126 | K41: 150mm RC Gravity Main | M41: GMRC150 | O41: 424.48495
B42: 150mm Ductile Iron Water Main | D42: WMDI150 | F42: 223.80441 | H42: Assumed (as per 'unknown' unit rate) | K42: 150mm Unknown Gravity Main | M42: GM150 | O42: 424.48495
B43: 200mm Ductile Iron Water Main | D43: WMDI200 | F43: 336.63763 | H43: Assumed (as per 'unknown' unit rate) | K43: 150mm uPVC Gravity Main | M43: GMuPVC150 | O43: 424.48495
B44: 225mm Ductile Iron Water Main | D44: WMDI225 | F44: 430.41982 | H44: Assumed (as per 'unknown' unit rate) | K44: 150mm VC Gravity Main | M44: GMVC150 | O44: 424.48495
B45: 300mm Ductile Iron Water Main | D45: WMDI300 | F45: 761.56864 | K45: 152mm Unknown Gravity Main | M45: GM152 | O45: 424.48495
B46: 375mm Ductile Iron Water Main | D46: WMDI375 | F46: 988.69413 | K46: 152mm VC Gravity Main | M46: GMVC152 | O46: 424.48495
B47: 450mm Ductile Iron Water Main | D47: WMDI450 | F47: 1163.0715 | H47: Assumed (as per 'unknown' unit rate) | K47: 200mm AC Gravity Main | M47: GMAC200 | O47: 309.24816
B48: 525mm Ductile Iron Water Main | D48: WMDI525 | F48: 1407.775 | H48: Assumed (as per 'unknown' unit rate) | K48: 200mm VC Gravity Main | M48: GMVC200 | O48: 309.24816
B49: 150mm HDPE Water Main | D49: WMHDPE150 | F49: 223.80441 | H49: Assumed (as per 'unknown' unit rate) | K49: 225mm IPLEX Gravity Main | M49: GMIPLEX225 | O49: 424.48495
B50: 300mm HDPE Water Main | D50: WMHDPE300 | F50: 101.71665 | K50: 225mm AC Gravity Main | M50: GMAC225 | O50: 626.02776
B51: 160mm MDPE Water Main | D51: WMMDPE160 | F51: 223.80441 | K51: 225mm ACPI Gravity Main | M51: GMACPI225 | O51: 626.02776
B52: 100mm mPVC Water Main | D52: WMmPVC100 | F52: 185.71625 | K52: 225mm FRC Gravity Main | M52: GMFRC225 | O52: 626.02776
B53: 150mm mPVC Water Main | D53: WMmPVC150 | F53: 223.80441 | K53: 225mm PVC Gravity Main | M53: GMPVC225 | O53: 626.02776
B54: 200mm MPVC Water Main | D54: WMMPVC200 | F54: 336.63763 | K54: 225mm RC Gravity Main | M54: GMRC225 | O54: 626.02776
B55: 250mm MPVC Water Main | D55: WMMPVC250 | F55: 562.29017 | K55: 225mm Unknown Gravity Main | M55: GM225 | O55: 626.02776
B56: 300mm mPVC Water Main | D56: WMmPVC300 | F56: 693.35457 | K56: 225mm uPVC Gravity Main | M56: GMuPVC225 | O56: 626.02776
B57: 375mm MPVC Water Main | D57: WMMPVC375 | F57: 900.77593 | K57: 225mm VC Gravity Main | M57: GMVC225 | O57: 626.02776
B58: 100mm PE Water Main | D58: WMPE100 | F58: 185.71625 | K58: 228mm AC Gravity Main | M58: GMAC228 | O58: 626.02776
B59: 125mm PE Water Main | D59: WMPE125 | F59: 185.71625 | H59: As per 100mm unit rate (PE) | K59: 229mm RC Gravity Main | M59: GMRC229 | O59: 626.02776
B60: 100mm Poly Water Main | D60: WMPoly100 | F60: 185.71625 | K60: 229mm Unknown Gravity Main | M60: GM229 | O60: 626.02776
B61: 150mm Poly Water Main | D61: WMPoly150 | F61: 223.80441 | K61: 229mm VC Gravity Main | M61: GMVC229 | O61: 626.02776
B62: 100mm PVC Water Main | D62: WMPVC100 | F62: 185.71625 | K62: 300mm AC Gravity Main | M62: GMAC300 | O62: 761.42718
B63: 150mm PVC Water Main | D63: WMPVC150 | F63: 223.80441 | K63: 300mm uPVC Gravity Main | M63: GMuPVC300 | O63: 761.42718
B64: 200mm PVC Water Main | D64: WMPVC200 | F64: 336.63763 | H64: Assumed (as per 'unknown' unit rate) | K64: 300mm RC Gravity Main | M64: GMRC300 | O64: 761.42718
B65: 300mm PVC Water Main | D65: WMPVC300 | F65: 692.70147 | H65: Assumed (as per 'unknown' unit rate) | K65: 300mm Unknown Gravity Main | M65: GM300 | O65: 761.42718
B66: 375mm PVC Water Main | D66: WMPVC375 | F66: 900.77593 | H66: Assumed (as per 'unknown' unit rate) | K66: 300mm uPVC Gravity Main | M66: GMuPVC300 | O66: 761.42718
B67: 100mm PVC-O Water Main | D67: WMPVC-O100 | F67: 185.71625 | K67: 305mm RC Gravity Main | M67: GMRC305 | O67: 761.42718
B68: 150mm PVC-O Water Main | D68: WMPVC-O150 | F68: 223.80441 | K68: 305mm Unknown Gravity Main | M68: GM305 | O68: 761.42718
B69: 225mm PVC-O Water Main | D69: WMPVC-O225 | F69: 430.41982 | K69: 375mm AC Gravity Main | M69: GMAC375 | O69: 906.05332
B70: 300mm PVC-O Water Main | D70: WMPVC-O300 | F70: 692.70147 | K70: 375mm AC Gravity Main | M70: GMAC375 | O70: 906.05332
B71: 100mm uPVC Water Main | D71: WMuPVC100 | F71: 185.71625 | K71: 375mm Polyprop Gravity Main | M71: GMPolyprop375 | O71: 906.05332
B72: 150mm uPVC Water Main | D72: WMuPVC150 | F72: 223.80441 | K72: 375mm Unknown Gravity Main | M72: GM375 | O72: 906.05332
B73: 200mm uPVC Water Main | D73: WMuPVC200 | F73: 336.63763 | K73: 375mm uPVC Gravity Main | M73: GMuPVC375 | O73: 906.05332
B74: 225mm uPVC Water Main | D74: WMuPVC225 | F74: 430.41982 | H74: Assumed (as per 'unknown' unit rate) | K74: 425mm AC Gravity Main | M74: GMAC425 | O74: 1049.137
B75: 250mm uPVC Water Main | D75: WMuPVC250 | F75: 562.29017 | K75: 450mm AC Gravity Main | M75: GMAC450 | O75: 1049.137
B76: 300mm uPVC Water Main | D76: WMuPVC300 | F76: 692.70147 | K76: 450mm Poly Gravity Main | M76: GMPoly450 | O76: 1049.137
B77: 316mm uPVC Water Main | D77: WMuPVC316 | F77: 692.70147 | K77: 450mm Unknown Gravity Main | M77: GM450 | O77: 1049.137
B78: 375mm uPVC Water Main | D78: WMuPVC375 | F78: 900.77593 | H78: Assumed (as per 'unknown' unit rate) | K78: 460mm AC Gravity Main | M78: GMAC460 | O78: 1049.137
B79: 450mm uPVC Water Main | D79: WMuPVC450 | F79: 1163.0715 | H79: Assumed (as per 'unknown' unit rate) | K79: 500mm DICACL Gravity Main | M79: GMDICACL500 | O79: 1329.1487
B80: 525mm uPVC Water Main | D80: WMuPVC525 | F80: 1407.775 | H80: Assumed (as per 'unknown' unit rate) | K80: 525mm Poly Gravity Main | M80: GMPoly525 | O80: 1049.137
B81: 200mm VC Water Main | D81: WMVC200 | F81: 336.63763 | K81: 525mm Unknown Gravity Main | M81: GM525 | O81: 1049.137
B82: 150mm VI Water Main | D82: WMVI150 | F82: 223.80441 | K82: 600mm AC Gravity Main | M82: GMAC600 | O82: 1329.1487
K83: 600mm DICL Gravity Main | M83: GMDICL600 | O83: 1329.1487
K84: 600mm Poly Gravity Main | M84: GMPoly600 | O84: 1329.1487
K85: 0mm Unknown Rising Main | M85: RM0 | O85: 236.93508
K86: 50mm Poly Rising Main | M86: RMPoly50 | O86: 190.78756
K87: 50mm Unknown Rising Main | M87: RM50 | O87: 190.78756
K88: 80mm DICL Rising Main | M88: RMDICL80 | O88: 190.78756
K89: 100mm AC Rising Main | M89: RMAC100 | O89: 190.78756
K90: 100mm PVC Rising Main | M90: RMPVC100 | O90: 190.78756
K91: 100mm RC Rising Main | M91: RMRC100 | O91: 190.78756
K92: 100mm Unknown Rising Main | M92: RM100 | O92: 190.78756
K93: 100mm uPVC Rising Main | M93: RMuPVC100 | O93: 190.78756
K94: 100mm uPVC Rising Main | M94: RMuPVC100 | O94: 190.78756
... K124: 375mm Unknown Rising Main | M124: RM375 | O124: 560.03722

Sheet Water Supply - Existing
B1: =COUNCIL_NAME -> Isaac Regional Council | G1: Return to Navigation
B2: =PROJECT_NAME -> Local Government Infrastructure Plan
B3: ="Existing "&NETWORK_1&" Network" -> Existing Water Supply Network
B6: Asset Description Data | L6: Land Cost Valuation | N6: Base Cost Valuation | R6: Base Estimate Valuation | T6: Total Asset Valuation | W6: Catchment Asset Allocation | AF6: Asset Usage | AP6: Cost Allocation
B7: LGIP ID | C7: IRC Asset# | D7: Asset Type | E7: Description | F7: Material | G7: Diameter (mm) | H7: Land Unit Rate Code | I7: Works Unit Rate Code | J7: Qty Land (m²) | K7: Qty Works Active (ea) Passive (m) | L7: Land Unit Cost | M7: Land Value | N7: Asset Unit Cost | O7: Raw Asset Cost | P7: Cost or Asset Multiplier | Q7: Base Cost | R7: On-Cost Allowance (%) | S7: Base Estimate | T7: Grants / Subsidies (Percentage of Works Base Estimate ) | U7: Total Asset Cost | W7: =N1_C1 -> WS01 - Clermont | X7: =N1_C2 -> WS02 - Moranbah | Y7: =N1_C3 -> WS03 - Dysart | Z7: =N1_C4 -> WS04 - Middlemount | AA7: =N1_C5 -> WS05 - Glenden | AB7: =N1_C6 -> WS06 - Nebo | AC7: =N1_C7 -> WS07 - Carmila | AD7: =N1_C8 -> WS08 - St Lawrence | AF7: =N1_C1 -> WS01 - Clermont | AG7: =N1_C2 -> WS02 - Moranbah | AH7: =N1_C3 -> WS03 - Dysart | AI7: =N1_C4 -> WS04 - Middlemount | AJ7: =N1_C5 -> WS05 - Glenden | AK7: =N1_C6 -> WS06 - Nebo | AL7: =N1_C7 -> WS07 - Carmila | AM7: =N1_C8 -> WS08 - St Lawrence | AN7: TOTAL | AP7: =N1_C1 -> WS01 - Clermont | AQ7: =N1_C2 -> WS02 - Moranbah | AR7: =N1_C3 -> WS03 - Dysart | AS7: =N1_C4 -> WS04 - Middlemount | AT7: =N1_C5 -> WS05 - Glenden | AU7: =N1_C6 -> WS06 - Nebo | AV7: =N1_C7 -> WS07 - Carmila | AW7: =N1_C8 -> WS08 - St Lawrence | AX7: TOTAL
AF8: =IFERROR(Demands!$AB$18+Demands!$C$18,"") -> 6105.4489 | AG8: =IFERROR(Demands!$AB$19+Demands!$C$19,"") -> 16150.854 | AH8: =IFERROR(Demands!$AB$20+Demands!$C$20,"") -> 7168.0761 | AI8: =IFERROR(Demands!$AB$21+Demands!$C$21,"") -> 4804.0114 | AJ8: =IFERROR(Demands!$AB$22+Demands!$C$22,"") -> 1722.8586 | AK8: =IFERROR(Demands!$AB$23+Demands!$C$23,"") -> 1398.8709 | AL8: =IFERROR(Demands!$AB$24+Demands!$C$24,"") -> 159.64984 | AM8: =IFERROR(Demands!$AB$25+Demands!$C$25,"") -> 315.81434 | AN8: =SUM(AF8:AM8) -> 37825.584
AF9: =IF(W9="","",AF$8) | AG9: =IF(X9="","",AG$8) | AH9: =IF(Y9="","",AH$8) | AI9: =IF(Z9="","",AI$8) | AJ9: =IF(AA9="","",AJ$8) | AK9: =IF(AB9="","",AK$8) | AL9: =IF(AC9="","",AL$8) | AM9: =IF(AD9="","",AM$8) | AN9: =SUM(AF9:AM9) -> 0 | AP9: =IF(W9="","",IFERROR(W9*$U9,$U9/$AN9*AF9)) | AQ9: =IF(X9="","",IFERROR(X9*$U9,$U9/$AN9*AG9)) | AR9: =IF(Y9="","",IFERROR(Y9*$U9,$U9/$AN9*AH9)) | AS9: =IF(Z9="","",IFERROR(Z9*$U9,$U9/$AN9*AI9)) | AT9: =IF(AA9="","",IFERROR(AA9*$U9,$U9/$AN9*AJ9)) | AU9: =IF(AB9="","",IFERROR(AB9*$U9,$U9/$AN9*AK9)) | AV9: =IF(AC9="","",IFERROR(AC9*$U9,$U9/$AN9*AL9)) | AW9: =IF(AD9="","",IFERROR(AD9*$U9,$U9/$AN9*AM9)) | AX9: =SUM(AP9:AW9) -> 0
B10: Active Assets | AF10: =IF(W10="","",AF$8) | AG10: =IF(X10="","",AG$8) | AH10: =IF(Y10="","",AH$8) | AI10: =IF(Z10="","",AI$8) | AJ10: =IF(AA10="","",AJ$8) | AK10: =IF(AB10="","",AK$8) | AL10: =IF(AC10="","",AL$8) | AM10: =IF(AD10="","",AM$8) | AN10: =SUM(AF10:AM10) -> 0 | AP10: =IF(W10="","",IFERROR(W10*$U10,$U10/$AN10*AF10)) | AQ10: =IF(X10="","",IFERROR(X10*$U10,$U10/$AN10*AG10)) | AR10: =IF(Y10="","",IFERROR(Y10*$U10,$U10/$AN10*AH10)) | AS10: =IF(Z10="","",IFERROR(Z10*$U10,$U10/$AN10*AI10)) | AT10: =IF(AA10="","",IFERROR(AA10*$U10,$U10/$AN10*AJ10)) | AU10: =IF(AB10="","",IFERROR(AB10*$U10,$U10/$AN10*AK10)) | AV10: =IF(AC10="","",IFERROR(AC10*$U10,$U10/$AN10*AL10)) | AW10: =IF(AD10="","",IFERROR(AD10*$U10,$U10/$AN10*AM10)) | AX10: =SUM(AP10:AW10) -> 0
B11: WSE001 | C11: C0055705 | D11: Bore | E11: Nebo Bore Field #04 | K11: 1 | L11: =IFERROR(VLOOKUP(H11,UR_N1,3,FALSE),"") | M11: =IFERROR(L11*J11,0) -> 0 | N11: =IFERROR(VLOOKUP(I11,UR_N1,3,FALSE),"") | O11: 467540.87 | P11: 1 | Q11: =O11*P11 -> 467540.87 | R11: 0.13 | S11: =Q11*(1+R11) -> 528321.19 | U11: =(S11*(1-T11))+M11 -> 528321.19 | AB11: Y | AF11: =IF(W11="","",AF$8) | AG11: =IF(X11="","",AG$8) | AH11: =IF(Y11="","",AH$8) | AI11: =IF(Z11="","",AI$8) | AJ11: =IF(AA11="","",AJ$8) | AK11: =IF(AB11="","",AK$8) -> 1398.8709 | AL11: =IF(AC11="","",AL$8) | AM11: =IF(AD11="","",AM$8) | AN11: =SUM(AF11:AM11) -> 1398.8709 | AP11: =IF(W11="","",IFERROR(W11*$U11,$U11/$AN11*AF11)) | AQ11: =IF(X11="","",IFERROR(X11*$U11,$U11/$AN11*AG11)) | AR11: =IF(Y11="","",IFERROR(Y11*$U11,$U11/$AN11*AH11)) | AS11: =IF(Z11="","",IFERROR(Z11*$U11,$U11/$AN11*AI11)) | AT11: =IF(AA11="","",IFERROR(AA11*$U11,$U11/$AN11*AJ11)) | AU11: =IF(AB11="","",IFERROR(AB11*$U11,$U11/$AN11*AK11)) -> 528321.19 | AV11: =IF(AC11="","",IFERROR(AC11*$U11,$U11/$AN11*AL11)) | AW11: =IF(AD11="","",IFERROR(AD11*$U11,$U11/$AN11*AM11)) | AX11: =SUM(AP11:AW11) -> 528321.19
B12: WSE002 | C12: C0055680 | D12: Bore | E12: Nebo Bore Field #03 | K12: 1 | L12: =IFERROR(VLOOKUP(H12,UR_N1,3,FALSE),"") | M12: =IFERROR(L12*J12,0) -> 0 | N12: =IFERROR(VLOOKUP(I12,UR_N1,3,FALSE),"") | O12: 478803.78 | P12: 1 | Q12: =O12*P12 -> 478803.78 | R12: 0.13 | S12: =Q12*(1+R12) -> 541048.28 | U12: =(S12*(1-T12))+M12 -> 541048.28 | AB12: Y | AF12: =IF(W12="","",AF$8) | AG12: =IF(X12="","",AG$8) | AH12: =IF(Y12="","",AH$8) | AI12: =IF(Z12="","",AI$8) | AJ12: =IF(AA12="","",AJ$8) | AK12: =IF(AB12="","",AK$8) -> 1398.8709 | AL12: =IF(AC12="","",AL$8) | AM12: =IF(AD12="","",AM$8) | AN12: =SUM(AF12:AM12) -> 1398.8709 | AP12: =IF(W12="","",IFERROR(W12*$U12,$U12/$AN12*AF12)) | AQ12: =IF(X12="","",IFERROR(X12*$U12,$U12/$AN12*AG12)) | AR12: =IF(Y12="","",IFERROR(Y12*$U12,$U12/$AN12*AH12)) | AS12: =IF(Z12="","",IFERROR(Z12*$U12,$U12/$AN12*AI12)) | AT12: =IF(AA12="","",IFERROR(AA12*$U12,$U12/$AN12*AJ12)) | AU12: =IF(AB12="","",IFERROR(AB12*$U12,$U12/$AN12*AK12)) -> 541048.28 | AV12: =IF(AC12="","",IFERROR(AC12*$U12,$U12/$AN12*AL12)) | AW12: =IF(AD12="","",IFERROR(AD12*$U12,$U12/$AN12*AM12)) | AX12: =SUM(AP12:AW12) -> 541048.28
B13: WSE003 | C13: C0055652 | D13: Bore | E13: Nebo Bore Field #02 | K13: 1 | L13: =IFERROR(VLOOKUP(H13,UR_N1,3,FALSE),"") | M13: =IFERROR(L13*J13,0) -> 0 | N13: =IFERROR(VLOOKUP(I13,UR_N1,3,FALSE),"") | O13: 415467.66 | P13: 1 | Q13: =O13*P13 -> 415467.66 | R13: 0.13 | S13: =Q13*(1+R13) -> 469478.46 | U13: =(S13*(1-T13))+M13 -> 469478.46 | AB13: Y | AF13: =IF(W13="","",AF$8) | AG13: =IF(X13="","",AG$8) | AH13: =IF(Y13="","",AH$8) | AI13: =IF(Z13="","",AI$8) | AJ13: =IF(AA13="","",AJ$8) | AK13: =IF(AB13="","",AK$8) -> 1398.8709 | AL13: =IF(AC13="","",AL$8) | AM13: =IF(AD13="","",AM$8) | AN13: =SUM(AF13:AM13) -> 1398.8709 | AP13: =IF(W13="","",IFERROR(W13*$U13,$U13/$AN13*AF13)) | AQ13: =IF(X13="","",IFERROR(X13*$U13,$U13/$AN13*AG13)) | AR13: =IF(Y13="","",IFERROR(Y13*$U13,$U13/$AN13*AH13)) | AS13: =IF(Z13="","",IFERROR(Z13*$U13,$U13/$AN13*AI13)) | AT13: =IF(AA13="","",IFERROR(AA13*$U13,$U13/$AN13*AJ13)) | AU13: =IF(AB13="","",IFERROR(AB13*$U13,$U13/$AN13*AK13)) -> 469478.46 | AV13: =IF(AC13="","",IFERROR(AC13*$U13,$U13/$AN13*AL13)) | AW13: =IF(AD13="","",IFERROR(AD13*$U13,$U13/$AN13*AM13)) | AX13: =SUM(AP13:AW13) -> 469478.46
B14: WSE006 | C14: C0055729 | D14: Bore | E14: Nebo Bore Field #05 | K14: 1 | L14: =IFERROR(VLOOKUP(H14,UR_N1,3,FALSE),"") | M14: =IFERROR(L14*J14,0) -> 0 | N14: =IFERROR(VLOOKUP(I14,UR_N1,3,FALSE),"") | O14: 180537.97 | P14: 1 | Q14: =O14*P14 -> 180537.97 | R14: 0.13 | S14: =Q14*(1+R14) -> 204007.9 | U14: =(S14*(1-T14))+M14 -> 204007.9 | AB14: Y | AF14: =IF(W14="","",AF$8) | AG14: =IF(X14="","",AG$8) | AH14: =IF(Y14="","",AH$8) | AI14: =IF(Z14="","",AI$8) | AJ14: =IF(AA14="","",AJ$8) | AK14: =IF(AB14="","",AK$8) -> 1398.8709 | AL14: =IF(AC14="","",AL$8) | AM14: =IF(AD14="","",AM$8) | AN14: =SUM(AF14:AM14) -> 1398.8709 | AP14: =IF(W14="","",IFERROR(W14*$U14,$U14/$AN14*AF14)) | AQ14: =IF(X14="","",IFERROR(X14*$U14,$U14/$AN14*AG14)) | AR14: =IF(Y14="","",IFERROR(Y14*$U14,$U14/$AN14*AH14)) | AS14: =IF(Z14="","",IFERROR(Z14*$U14,$U14/$AN14*AI14)) | AT14: =IF(AA14="","",IFERROR(AA14*$U14,$U14/$AN14*AJ14)) | AU14: =IF(AB14="","",IFERROR(AB14*$U14,$U14/$AN14*AK14)) -> 204007.9 | AV14: =IF(AC14="","",IFERROR(AC14*$U14,$U14/$AN14*AL14)) | AW14: =IF(AD14="","",IFERROR(AD14*$U14,$U14/$AN14*AM14)) | AX14: =SUM(AP14:AW14) -> 204007.9
B15: WSE008 | C15: C0048614 | D15: Reservoir | E15: Nebo Reservoir | K15: 1 | L15: =IFERROR(VLOOKUP(H15,UR_N1,3,FALSE),"") | M15: =IFERROR(L15*J15,0) -> 0 | N15: =IFERROR(VLOOKUP(I15,UR_N1,3,FALSE),"") | O15: 1494724.5 | P15: 1 | Q15: =O15*P15 -> 1494724.5 | R15: 0.13 | S15: =Q15*(1+R15) -> 1689038.7 | U15: =(S15*(1-T15))+M15 -> 1689038.7 | AB15: Y | AF15: =IF(W15="","",AF$8) | AG15: =IF(X15="","",AG$8) | AH15: =IF(Y15="","",AH$8) | AI15: =IF(Z15="","",AI$8) | AJ15: =IF(AA15="","",AJ$8) | AK15: =IF(AB15="","",AK$8) -> 1398.8709 | AL15: =IF(AC15="","",AL$8) | AM15: =IF(AD15="","",AM$8) | AN15: =SUM(AF15:AM15) -> 1398.8709 | AP15: =IF(W15="","",IFERROR(W15*$U15,$U15/$AN15*AF15)) | AQ15: =IF(X15="","",IFERROR(X15*$U15,$U15/$AN15*AG15)) | AR15: =IF(Y15="","",IFERROR(Y15*$U15,$U15/$AN15*AH15)) | AS15: =IF(Z15="","",IFERROR(Z15*$U15,$U15/$AN15*AI15)) | AT15: =IF(AA15="","",IFERROR(AA15*$U15,$U15/$AN15*AJ15)) | AU15: =IF(AB15="","",IFERROR(AB15*$U15,$U15/$AN15*AK15)) -> 1689038.7 | AV15: =IF(AC15="","",IFERROR(AC15*$U15,$U15/$AN15*AL15)) | AW15: =IF(AD15="","",IFERROR(AD15*$U15,$U15/$AN15*AM15)) | AX15: =SUM(AP15:AW15) -> 1689038.7
B16: WSE009 | C16: C0051943, C0055788 | D16: Reservoir | E16: Clermont Reservoir | K16: 1 | L16: =IFERROR(VLOOKUP(H16,UR_N1,3,FALSE),"") | M16: =IFERROR(L16*J16,0) -> 0 | N16: =IFERROR(VLOOKUP(I16,UR_N1,3,FALSE),"") | O16: 4154712.6 | P16: 1 | Q16: =O16*P16 -> 4154712.6 | R16: 0.13 | S16: =Q16*(1+R16) -> 4694825.3 | U16: =(S16*(1-T16))+M16 -> 4694825.3 | W16: Y | AF16: =IF(W16="","",AF$8) -> 6105.4489 | AG16: =IF(X16="","",AG$8) | AH16: =IF(Y16="","",AH$8) | AI16: =IF(Z16="","",AI$8) | AJ16: =IF(AA16="","",AJ$8) | AK16: =IF(AB16="","",AK$8) | AL16: =IF(AC16="","",AL$8) | AM16: =IF(AD16="","",AM$8) | AN16: =SUM(AF16:AM16) -> 6105.4489 | AP16: =IF(W16="","",IFERROR(W16*$U16,$U16/$AN16*AF16)) -> 4694825.3 | AQ16: =IF(X16="","",IFERROR(X16*$U16,$U16/$AN16*AG16)) | AR16: =IF(Y16="","",IFERROR(Y16*$U16,$U16/$AN16*AH16)) | AS16: =IF(Z16="","",IFERROR(Z16*$U16,$U16/$AN16*AI16)) | AT16: =IF(AA16="","",IFERROR(AA16*$U16,$U16/$AN16*AJ16)) | AU16: =IF(AB16="","",IFERROR(AB16*$U16,$U16/$AN16*AK16)) | AV16: =IF(AC16="","",IFERROR(AC16*$U16,$U16/$AN16*AL16)) | AW16: =IF(AD16="","",IFERROR(AD16*$U16,$U16/$AN16*AM16)) | AX16: =SUM(AP16:AW16) -> 4694825.3
B17: WSE010 | C17: C0048557 | D17: Reservoir | E17: Dysart Reservoir | K17: 1 | L17: =IFERROR(VLOOKUP(H17,UR_N1,3,FALSE),"") | M17: =IFERROR(L17*J17,0) -> 0 | N17: =IFERROR(VLOOKUP(I17,UR_N1,3,FALSE),"") | O17: 2846600.9 | P17: 1 | Q17: =O17*P17 -> 2846600.9 | R17: 0.13 | S17: =Q17*(1+R17) -> 3216659 | U17: =(S17*(1-T17))+M17 -> 3216659 | Y17: Y | AF17: =IF(W17="","",AF$8) | AG17: =IF(X17="","",AG$8) | AH17: =IF(Y17="","",AH$8) -> 7168.0761 | AI17: =IF(Z17="","",AI$8) | AJ17: =IF(AA17="","",AJ$8) | AK17: =IF(AB17="","",AK$8) | AL17: =IF(AC17="","",AL$8) | AM17: =IF(AD17="","",AM$8) | AN17: =SUM(AF17:AM17) -> 7168.0761 | AP17: =IF(W17="","",IFERROR(W17*$U17,$U17/$AN17*AF17)) | AQ17: =IF(X17="","",IFERROR(X17*$U17,$U17/$AN17*AG17)) | AR17: =IF(Y17="","",IFERROR(Y17*$U17,$U17/$AN17*AH17)) -> 3216659 | AS17: =IF(Z17="","",IFERROR(Z17*$U17,$U17/$AN17*AI17)) | AT17: =IF(AA17="","",IFERROR(AA17*$U17,$U17/$AN17*AJ17)) | AU17: =IF(AB17="","",IFERROR(AB17*$U17,$U17/$AN17*AK17)) | AV17: =IF(AC17="","",IFERROR(AC17*$U17,$U17/$AN17*AL17)) | AW17: =IF(AD17="","",IFERROR(AD17*$U17,$U17/$AN17*AM17)) | AX17: =SUM(AP17:AW17) -> 3216659
B18: WSE011 | C18: C0056366 | D18: Reservoir | E18: Middlemount Reservoir | K18: 1 | L18: =IFERROR(VLOOKUP(H18,UR_N1,3,FALSE),"") | M18: =IFERROR(L18*J18,0) -> 0 | N18: =IFERROR(VLOOKUP(I18,UR_N1,3,FALSE),"") | O18: 3374452 | P18: 1 | Q18: =O18*P18 -> 3374452 | R18: 0.13 | S18: =Q18*(1+R18) -> 3813130.8 | U18: =(S18*(1-T18))+M18 -> 3813130.8 | Z18: Y | AF18: =IF(W18="","",AF$8) | AG18: =IF(X18="","",AG$8) | AH18: =IF(Y18="","",AH$8) | AI18: =IF(Z18="","",AI$8) -> 4804.0114 | AJ18: =IF(AA18="","",AJ$8) | AK18: =IF(AB18="","",AK$8) | AL18: =IF(AC18="","",AL$8) | AM18: =IF(AD18="","",AM$8) | AN18: =SUM(AF18:AM18) -> 4804.0114 | AP18: =IF(W18="","",IFERROR(W18*$U18,$U18/$AN18*AF18)) | AQ18: =IF(X18="","",IFERROR(X18*$U18,$U18/$AN18*AG18)) | AR18: =IF(Y18="","",IFERROR(Y18*$U18,$U18/$AN18*AH18)) | AS18: =IF(Z18="","",IFERROR(Z18*$U18,$U18/$AN18*AI18)) -> 3813130.8 | AT18: =IF(AA18="","",IFERROR(AA18*$U18,$U18/$AN18*AJ18)) | AU18: =IF(AB18="","",IFERROR(AB18*$U18,$U18/$AN18*AK18)) | AV18: =IF(AC18="","",IFERROR(AC18*$U18,$U18/$AN18*AL18)) | AW18: =IF(AD18="","",IFERROR(AD18*$U18,$U18/$AN18*AM18)) | AX18: =SUM(AP18:AW18) -> 3813130.8
B19: WSE012 | C19: C0048557 | D19: Reservoir | E19: Dysart Reservoir | K19: 1 | L19: =IFERROR(VLOOKUP(H19,UR_N1,3,FALSE),"") | M19: =IFERROR(L19*J19,0) -> 0 | N19: =IFERROR(VLOOKUP(I19,UR_N1,3,FALSE),"") | O19: 1986205 | P19: 1 | Q19: =O19*P19 -> 1986205 | R19: 0.13 | S19: =Q19*(1+R19) -> 2244411.7 | U19: =(S19*(1-T19))+M19 -> 2244411.7 | Y19: Y | AF19: =IF(W19="","",AF$8) | AG19: =IF(X19="","",AG$8) | AH19: =IF(Y19="","",AH$8) -> 7168.0761 | AI19: =IF(Z19="","",AI$8) | AJ19: =IF(AA19="","",AJ$8) | AK19: =IF(AB19="","",AK$8) | AL19: =IF(AC19="","",AL$8) | AM19: =IF(AD19="","",AM$8) | AN19: =SUM(AF19:AM19) -> 7168.0761 | AP19: =IF(W19="","",IFERROR(W19*$U19,$U19/$AN19*AF19)) | AQ19: =IF(X19="","",IFERROR(X19*$U19,$U19/$AN19*AG19)) | AR19: =IF(Y19="","",IFERROR(Y19*$U19,$U19/$AN19*AH19)) -> 2244411.7 | AS19: =IF(Z19="","",IFERROR(Z19*$U19,$U19/$AN19*AI19)) | AT19: =IF(AA19="","",IFERROR(AA19*$U19,$U19/$AN19*AJ19)) | AU19: =IF(AB19="","",IFERROR(AB19*$U19,$U19/$AN19*AK19)) | AV19: =IF(AC19="","",IFERROR(AC19*$U19,$U19/$AN19*AL19)) | AW19: =IF(AD19="","",IFERROR(AD19*$U19,$U19/$AN19*AM19)) | AX19: =SUM(AP19:AW19) -> 2244411.7
B20: WSE014 | C20: #N/A | D20: Reservoir | E20: Moranbah Elevated Reservoir | K20: 1 | L20: =IFERROR(VLOOKUP(H20,UR_N1,3,FALSE),"") | M20: =IFERROR(L20*J20,0) -> 0 | N20: =IFERROR(VLOOKUP(I20,UR_N1,3,FALSE),"") | O20: 5697371.8 | P20: 1 | Q20: =O20*P20 -> 5697371.8 | R20: 0.13 | S20: =Q20*(1+R20) -> 6438030.2 | U20: =(S20*(1-T20))+M20 -> 6438030.2 | X20: Y | AF20: =IF(W20="","",AF$8) | AG20: =IF(X20="","",AG$8) -> 16150.854 | AH20: =IF(Y20="","",AH$8) | AI20: =IF(Z20="","",AI$8) | AJ20: =IF(AA20="","",AJ$8) | AK20: =IF(AB20="","",AK$8) | AL20: =IF(AC20="","",AL$8) | AM20: =IF(AD20="","",AM$8) | AN20: =SUM(AF20:AM20) -> 16150.854 | AP20: =IF(W20="","",IFERROR(W20*$U20,$U20/$AN20*AF20)) | AQ20: =IF(X20="","",IFERROR(X20*$U20,$U20/$AN20*AG20)) -> 6438030.2 | AR20: =IF(Y20="","",IFERROR(Y20*$U20,$U20/$AN20*AH20)) | AS20: =IF(Z20="","",IFERROR(Z20*$U20,$U20/$AN20*AI20)) | AT20: =IF(AA20="","",IFERROR(AA20*$U20,$U20/$AN20*AJ20)) | AU20: =IF(AB20="","",IFERROR(AB20*$U20,$U20/$AN20*AK20)) | AV20: =IF(AC20="","",IFERROR(AC20*$U20,$U20/$AN20*AL20)) | AW20: =IF(AD20="","",IFERROR(AD20*$U20,$U20/$AN20*AM20)) | AX20: =SUM(AP20:AW20) -> 6438030.2
B21: WSE015 | C21: C0047841 | D21: Water Treatment Plant | E21: Clermont WTP | K21: 1 | L21: =IFERROR(VLOOKUP(H21,UR_N1,3,FALSE),"") | M21: =IFERROR(L21*J21,0) -> 0 | N21: =IFERROR(VLOOKUP(I21,UR_N1,3,FALSE),"") | O21: 22133312 | P21: 1 | Q21: =O21*P21 -> 22133312 | R21: 0.13 | S21: =Q21*(1+R21) -> 25010643 | T21: 0.45 | U21: =(S21*(1-T21))+M21 -> 13755854 | W21: Y | AF21: =IF(W21="","",AF$8) -> 6105.4489 | AG21: =IF(X21="","",AG$8) | AH21: =IF(Y21="","",AH$8) | AI21: =IF(Z21="","",AI$8) | AJ21: =IF(AA21="","",AJ$8) | AK21: =IF(AB21="","",AK$8) | AL21: =IF(AC21="","",AL$8) | AM21: =IF(AD21="","",AM$8) | AN21: =SUM(AF21:AM21) -> 6105.4489 | AP21: =IF(W21="","",IFERROR(W21*$U21,$U21/$AN21*AF21)) -> 13755854 | AQ21: =IF(X21="","",IFERROR(X21*$U21,$U21/$AN21*AG21)) | AR21: =IF(Y21="","",IFERROR(Y21*$U21,$U21/$AN21*AH21)) | AS21: =IF(Z21="","",IFERROR(Z21*$U21,$U21/$AN21*AI21)) | AT21: =IF(AA21="","",IFERROR(AA21*$U21,$U21/$AN21*AJ21)) | AU21: =IF(AB21="","",IFERROR(AB21*$U21,$U21/$AN21*AK21)) | AV21: =IF(AC21="","",IFERROR(AC21*$U21,$U21/$AN21*AL21)) | AW21: =IF(AD21="","",IFERROR(AD21*$U21,$U21/$AN21*AM21)) | AX21: =SUM(AP21:AW21) -> 13755854
B22: WSE016 | C22: C0046658 | D22: Water Treatment Plant | E22: Moranbah WTP | K22: 1 | L22: =IFERROR(VLOOKUP(H22,UR_N1,3,FALSE),"") | M22: =IFERROR(L22*J22,0) -> 0 | N22: =IFERROR(VLOOKUP(I22,UR_N1,3,FALSE),"") | O22: 34137730 | P22: 1 | Q22: =O22*P22 -> 34137730 | R22: 0.13 | S22: =Q22*(1+R22) -> 38575635 | U22: =(S22*(1-T22))+M22 -> 38575635 | X22: Y | AF22: =IF(W22="","",AF$8) | AG22: =IF(X22="","",AG$8) -> 16150.854 | AH22: =IF(Y22="","",AH$8) | AI22: =IF(Z22="","",AI$8) | AJ22: =IF(AA22="","",AJ$8) | AK22: =IF(AB22="","",AK$8) | AL22: =IF(AC22="","",AL$8) | AM22: =IF(AD22="","",AM$8) | AN22: =SUM(AF22:AM22) -> 16150.854 | AP22: =IF(W22="","",IFERROR(W22*$U22,$U22/$AN22*AF22)) | AQ22: =IF(X22="","",IFERROR(X22*$U22,$U22/$AN22*AG22)) -> 38575635 | AR22: =IF(Y22="","",IFERROR(Y22*$U22,$U22/$AN22*AH22)) | AS22: =IF(Z22="","",IFERROR(Z22*$U22,$U22/$AN22*AI22)) | AT22: =IF(AA22="","",IFERROR(AA22*$U22,$U22/$AN22*AJ22)) | AU22: =IF(AB22="","",IFERROR(AB22*$U22,$U22/$AN22*AK22)) | AV22: =IF(AC22="","",IFERROR(AC22*$U22,$U22/$AN22*AL22)) | AW22: =IF(AD22="","",IFERROR(AD22*$U22,$U22/$AN22*AM22)) | AX22: =SUM(AP22:AW22) -> 38575635
B23: WSE017 | C23: C0047843 | D23: Water Treatment Plant | E23: Dysart WTP | K23: 1 | L23: =IFERROR(VLOOKUP(H23,UR_N1,3,FALSE),"") | M23: =IFERROR(L23*J23,0) -> 0 | N23: =IFERROR(VLOOKUP(I23,UR_N1,3,FALSE),"") | O23: 19168434 | P23: 1 | Q23: =O23*P23 -> 19168434 | R23: 0.13 | S23: =Q23*(1+R23) -> 21660330 | T23: 0.45 | U23: =(S23*(1-T23))+M23 -> 11913182 | Y23: Y | AF23: =IF(W23="","",AF$8) | AG23: =IF(X23="","",AG$8) | AH23: =IF(Y23="","",AH$8) -> 7168.0761 | AI23: =IF(Z23="","",AI$8) | AJ23: =IF(AA23="","",AJ$8) | AK23: =IF(AB23="","",AK$8) | AL23: =IF(AC23="","",AL$8) | AM23: =IF(AD23="","",AM$8) | AN23: =SUM(AF23:AM23) -> 7168.0761 | AP23: =IF(W23="","",IFERROR(W23*$U23,$U23/$AN23*AF23)) | AQ23: =IF(X23="","",IFERROR(X23*$U23,$U23/$AN23*AG23)) | AR23: =IF(Y23="","",IFERROR(Y23*$U23,$U23/$AN23*AH23)) -> 11913182 | AS23: =IF(Z23="","",IFERROR(Z23*$U23,$U23/$AN23*AI23)) | AT23: =IF(AA23="","",IFERROR(AA23*$U23,$U23/$AN23*AJ23)) | AU23: =IF(AB23="","",IFERROR(AB23*$U23,$U23/$AN23*AK23)) | AV23: =IF(AC23="","",IFERROR(AC23*$U23,$U23/$AN23*AL23)) | AW23: =IF(AD23="","",IFERROR(AD23*$U23,$U23/$AN23*AM23)) | AX23: =SUM(AP23:AW23) -> 11913182
B24: WSE018 | C24: C0047845 | D24: Water Treatment Plant | E24: Glenden WTP | K24: 1 | L24: =IFERROR(VLOOKUP(H24,UR_N1,3,FALSE),"") | M24: =IFERROR(L24*J24,0) -> 0 | N24: =IFERROR(VLOOKUP(I24,UR_N1,3,FALSE),"") | O24: 12274491 | P24: 1 | Q24: =O24*P24 -> 12274491 | R24: 0.13 | S24: =Q24*(1+R24) -> 13870175 | U24: =(S24*(1-T24))+M24 -> 13870175 | AA24: Y | AF24: =IF(W24="","",AF$8) | AG24: =IF(X24="","",AG$8) | AH24: =IF(Y24="","",AH$8) | AI24: =IF(Z24="","",AI$8) | AJ24: =IF(AA24="","",AJ$8) -> 1722.8586 | AK24: =IF(AB24="","",AK$8) | AL24: =IF(AC24="","",AL$8) | AM24: =IF(AD24="","",AM$8) | AN24: =SUM(AF24:AM24) -> 1722.8586 | AP24: =IF(W24="","",IFERROR(W24*$U24,$U24/$AN24*AF24)) | AQ24: =IF(X24="","",IFERROR(X24*$U24,$U24/$AN24*AG24)) | AR24: =IF(Y24="","",IFERROR(Y24*$U24,$U24/$AN24*AH24)) | AS24: =IF(Z24="","",IFERROR(Z24*$U24,$U24/$AN24*AI24)) | AT24: =IF(AA24="","",IFERROR(AA24*$U24,$U24/$AN24*AJ24)) -> 13870175 | AU24: =IF(AB24="","",IFERROR(AB24*$U24,$U24/$AN24*AK24)) | AV24: =IF(AC24="","",IFERROR(AC24*$U24,$U24/$AN24*AL24)) | AW24: =IF(AD24="","",IFERROR(AD24*$U24,$U24/$AN24*AM24)) | AX24: =SUM(AP24:AW24) -> 13870175
B25: WSE021 | C25: C0047847 | D25: Water Treatment Plant | E25: Middlemount WTP | K25: 1 | L25: =IFERROR(VLOOKUP(H25,UR_N1,3,FALSE),"") | M25: =IFERROR(L25*J25,0) -> 0 | N25: =IFERROR(VLOOKUP(I25,UR_N1,3,FALSE),"") | O25: 11525410 | P25: 1 | Q25: =O25*P25 -> 11525410 | R25: 0.13 | S25: =Q25*(1+R25) -> 13023714 | U25: =(S25*(1-T25))+M25 -> 13023714 | Z25: Y | AF25: =IF(W25="","",AF$8) | AG25: =IF(X25="","",AG$8) | AH25: =IF(Y25="","",AH$8) | AI25: =IF(Z25="","",AI$8) -> 4804.0114 | AJ25: =IF(AA25="","",AJ$8) | AK25: =IF(AB25="","",AK$8) | AL25: =IF(AC25="","",AL$8) | AM25: =IF(AD25="","",AM$8) | AN25: =SUM(AF25:AM25) -> 4804.0114 | AP25: =IF(W25="","",IFERROR(W25*$U25,$U25/$AN25*AF25)) | AQ25: =IF(X25="","",IFERROR(X25*$U25,$U25/$AN25*AG25)) | AR25: =IF(Y25="","",IFERROR(Y25*$U25,$U25/$AN25*AH25)) | AS25: =IF(Z25="","",IFERROR(Z25*$U25,$U25/$AN25*AI25)) -> 13023714 | AT25: =IF(AA25="","",IFERROR(AA25*$U25,$U25/$AN25*AJ25)) | AU25: =IF(AB25="","",IFERROR(AB25*$U25,$U25/$AN25*AK25)) | AV25: =IF(AC25="","",IFERROR(AC25*$U25,$U25/$AN25*AL25)) | AW25: =IF(AD25="","",IFERROR(AD25*$U25,$U25/$AN25*AM25)) | AX25: =SUM(AP25:AW25) -> 13023714
B26: WSE022 | C26: C0010581 | D26: Reservoir (Dam) | E26: Theresa Creek Dam | K26: 1 | L26: =IFERROR(VLOOKUP(H26,UR_N1,3,FALSE),"") | M26: =IFERROR(L26*J26,0) -> 0 | N26: =IFERROR(VLOOKUP(I26,UR_N1,3,FALSE),"") | O26: 48625177 | P26: 1 | Q26: =O26*P26 -> 48625177 | R26: 0.13 | S26: =Q26*(1+R26) -> 54946450 | T26: 1 | U26: =(S26*(1-T26))+M26 -> 0 | W26: Y | AF26: =IF(W26="","",AF$8) -> 6105.4489 | AG26: =IF(X26="","",AG$8) | AH26: =IF(Y26="","",AH$8) | AI26: =IF(Z26="","",AI$8) | AJ26: =IF(AA26="","",AJ$8) | AK26: =IF(AB26="","",AK$8) | AL26: =IF(AC26="","",AL$8) | AM26: =IF(AD26="","",AM$8) | AN26: =SUM(AF26:AM26) -> 6105.4489 | AP26: =IF(W26="","",IFERROR(W26*$U26,$U26/$AN26*AF26)) -> 0 | AQ26: =IF(X26="","",IFERROR(X26*$U26,$U26/$AN26*AG26)) | AR26: =IF(Y26="","",IFERROR(Y26*$U26,$U26/$AN26*AH26)) | AS26: =IF(Z26="","",IFERROR(Z26*$U26,$U26/$AN26*AI26)) | AT26: =IF(AA26="","",IFERROR(AA26*$U26,$U26/$AN26*AJ26)) | AU26: =IF(AB26="","",IFERROR(AB26*$U26,$U26/$AN26*AK26)) | AV26: =IF(AC26="","",IFERROR(AC26*$U26,$U26/$AN26*AL26)) | AW26: =IF(AD26="","",IFERROR(AD26*$U26,$U26/$AN26*AM26)) | AX26: =SUM(AP26:AW26) -> 0
B27: WSE023 | C27: #N/A | D27: Reservoir | E27: Moranbah 15ML Reservoir | K27: 1 | L27: =IFERROR(VLOOKUP(H27,UR_N1,3,FALSE),"") | M27: =IFERROR(L27*J27,0) -> 0 | N27: =IFERROR(VLOOKUP(I27,UR_N1,3,FALSE),"") | O27: 3949130.8 | P27: 1 | Q27: =O27*P27 -> 3949130.8 | R27: 0.13 | S27: =Q27*(1+R27) -> 4462517.8 | T27: 0.5 | U27: =(S27*(1-T27))+M27 -> 2231258.9 | X27: Y | AF27: =IF(W27="","",AF$8) | AG27: =IF(X27="","",AG$8) -> 16150.854 | AH27: =IF(Y27="","",AH$8) | AI27: =IF(Z27="","",AI$8) | AJ27: =IF(AA27="","",AJ$8) | AK27: =IF(AB27="","",AK$8) | AL27: =IF(AC27="","",AL$8) | AM27: =IF(AD27="","",AM$8) | AN27: =SUM(AF27:AM27) -> 16150.854 | AP27: =IF(W27="","",IFERROR(W27*$U27,$U27/$AN27*AF27)) | AQ27: =IF(X27="","",IFERROR(X27*$U27,$U27/$AN27*AG27)) -> 2231258.9 | AR27: =IF(Y27="","",IFERROR(Y27*$U27,$U27/$AN27*AH27)) | AS27: =IF(Z27="","",IFERROR(Z27*$U27,$U27/$AN27*AI27)) | AT27: =IF(AA27="","",IFERROR(AA27*$U27,$U27/$AN27*AJ27)) | AU27: =IF(AB27="","",IFERROR(AB27*$U27,$U27/$AN27*AK27)) | AV27: =IF(AC27="","",IFERROR(AC27*$U27,$U27/$AN27*AL27)) | AW27: =IF(AD27="","",IFERROR(AD27*$U27,$U27/$AN27*AM27)) | AX27: =SUM(AP27:AW27) -> 2231258.9
B28: WSE024 | C28: C0055773 | D28: Bore | E28: Nebo Bore Field #06 | K28: 1 | L28: =IFERROR(VLOOKUP(H28,UR_N1,3,FALSE),"") | M28: =IFERROR(L28*J28,0) -> 0 | N28: =IFERROR(VLOOKUP(I28,UR_N1,3,FALSE),"") | O28: 333482.84 | P28: 1 | Q28: =O28*P28 -> 333482.84 | R28: 0.13 | S28: =Q28*(1+R28) -> 376835.61 | T28: 0.5 | U28: =(S28*(1-T28))+M28 -> 188417.8 | AB28: Y | AF28: =IF(W28="","",AF$8) | AG28: =IF(X28="","",AG$8) | AH28: =IF(Y28="","",AH$8) | AI28: =IF(Z28="","",AI$8) | AJ28: =IF(AA28="","",AJ$8) | AK28: =IF(AB28="","",AK$8) -> 1398.8709 | AL28: =IF(AC28="","",AL$8) | AM28: =IF(AD28="","",AM$8) | AN28: =SUM(AF28:AM28) -> 1398.8709 | AP28: =IF(W28="","",IFERROR(W28*$U28,$U28/$AN28*AF28)) | AQ28: =IF(X28="","",IFERROR(X28*$U28,$U28/$AN28*AG28)) | AR28: =IF(Y28="","",IFERROR(Y28*$U28,$U28/$AN28*AH28)) | AS28: =IF(Z28="","",IFERROR(Z28*$U28,$U28/$AN28*AI28)) | AT28: =IF(AA28="","",IFERROR(AA28*$U28,$U28/$AN28*AJ28)) | AU28: =IF(AB28="","",IFERROR(AB28*$U28,$U28/$AN28*AK28)) -> 188417.8 | AV28: =IF(AC28="","",IFERROR(AC28*$U28,$U28/$AN28*AL28)) | AW28: =IF(AD28="","",IFERROR(AD28*$U28,$U28/$AN28*AM28)) | AX28: =SUM(AP28:AW28) -> 188417.8
B29: WSE025 | C29: C0053108 | D29: Bore | E29: Nebo Bore Field #07 | K29: 1 | M29: 0 | O29: 2322472.2 | P29: 1 | Q29: =O29*P29 -> 2322472.2 | R29: 0.13 | S29: =Q29*(1+R29) -> 2624393.6 | T29: 0.5 | U29: =(S29*(1-T29))+M29 -> 1312196.8 | AB29: Y | AF29: =IF(W29="","",AF$8) | AG29: =IF(X29="","",AG$8) | AH29: =IF(Y29="","",AH$8) | AI29: =IF(Z29="","",AI$8) | AJ29: =IF(AA29="","",AJ$8) | AK29: =IF(AB29="","",AK$8) -> 1398.8709 | AL29: =IF(AC29="","",AL$8) | AM29: =IF(AD29="","",AM$8) | AN29: =SUM(AF29:AM29) -> 1398.8709 | AP29: =IF(W29="","",IFERROR(W29*$U29,$U29/$AN29*AF29)) | AQ29: =IF(X29="","",IFERROR(X29*$U29,$U29/$AN29*AG29)) | AR29: =IF(Y29="","",IFERROR(Y29*$U29,$U29/$AN29*AH29)) | AS29: =IF(Z29="","",IFERROR(Z29*$U29,$U29/$AN29*AI29)) | AT29: =IF(AA29="","",IFERROR(AA29*$U29,$U29/$AN29*AJ29)) | AU29: =IF(AB29="","",IFERROR(AB29*$U29,$U29/$AN29*AK29)) -> 1312196.8 | AV29: =IF(AC29="","",IFERROR(AC29*$U29,$U29/$AN29*AL29)) | AW29: =IF(AD29="","",IFERROR(AD29*$U29,$U29/$AN29*AM29)) | AX29: =SUM(AP29:AW29) -> 1312196.8
B30: WSE026 | C30: C0047839 | D30: Water Treatment Plant | E30: Carmila WTP | K30: 1 | M30: 0 | O30: 1463939.3 | P30: 1 | Q30: =O30*P30 -> 1463939.3 | R30: 0.13 | S30: =Q30*(1+R30) -> 1654251.4 | T30: 0.5 | U30: =(S30*(1-T30))+M30 -> 827125.72 | AC30: Y | AF30: =IF(W30="","",AF$8) | AG30: =IF(X30="","",AG$8) | AH30: =IF(Y30="","",AH$8) | AI30: =IF(Z30="","",AI$8) | AJ30: =IF(AA30="","",AJ$8) | AK30: =IF(AB30="","",AK$8) | AL30: =IF(AC30="","",AL$8) -> 159.64984 | AM30: =IF(AD30="","",AM$8) | AN30: =SUM(AF30:AM30) -> 159.64984 | AP30: =IF(W30="","",IFERROR(W30*$U30,$U30/$AN30*AF30)) | AQ30: =IF(X30="","",IFERROR(X30*$U30,$U30/$AN30*AG30)) | AR30: =IF(Y30="","",IFERROR(Y30*$U30,$U30/$AN30*AH30)) | AS30: =IF(Z30="","",IFERROR(Z30*$U30,$U30/$AN30*AI30)) | AT30: =IF(AA30="","",IFERROR(AA30*$U30,$U30/$AN30*AJ30)) | AU30: =IF(AB30="","",IFERROR(AB30*$U30,$U30/$AN30*AK30)) | AV30: =IF(AC30="","",IFERROR(AC30*$U30,$U30/$AN30*AL30)) -> 827125.72 | AW30: =IF(AD30="","",IFERROR(AD30*$U30,$U30/$AN30*AM30)) | AX30: =SUM(AP30:AW30) -> 827125.72
B31: WSE027 | C31: C0051910 | D31: Bore | E31: Carmila Bore | K31: 1 | M31: 0 | O31: 115731.58 | P31: 1 | Q31: =O31*P31 -> 115731.58 | R31: 0.13 | S31: =Q31*(1+R31) -> 130776.68 | T31: 0.5 | U31: =(S31*(1-T31))+M31 -> 65388.342 | AC31: Y | AF31: =IF(W31="","",AF$8) | AG31: =IF(X31="","",AG$8) | AH31: =IF(Y31="","",AH$8) | AI31: =IF(Z31="","",AI$8) | AJ31: =IF(AA31="","",AJ$8) | AK31: =IF(AB31="","",AK$8) | AL31: =IF(AC31="","",AL$8) -> 159.64984 | AM31: =IF(AD31="","",AM$8) | AN31: =SUM(AF31:AM31) -> 159.64984 | AP31: =IF(W31="","",IFERROR(W31*$U31,$U31/$AN31*AF31)) | AQ31: =IF(X31="","",IFERROR(X31*$U31,$U31/$AN31*AG31)) | AR31: =IF(Y31="","",IFERROR(Y31*$U31,$U31/$AN31*AH31)) | AS31: =IF(Z31="","",IFERROR(Z31*$U31,$U31/$AN31*AI31)) | AT31: =IF(AA31="","",IFERROR(AA31*$U31,$U31/$AN31*AJ31)) | AU31: =IF(AB31="","",IFERROR(AB31*$U31,$U31/$AN31*AK31)) | AV31: =IF(AC31="","",IFERROR(AC31*$U31,$U31/$AN31*AL31)) -> 65388.342 | AW31: =IF(AD31="","",IFERROR(AD31*$U31,$U31/$AN31*AM31)) | AX31: =SUM(AP31:AW31) -> 65388.342
B32: WSE028 | C32: C0008962 | D32: Reservoir | E32: Carmila Reservoir | K32: 1 | M32: 0 | O32: 411886.75 | P32: 1 | Q32: =O32*P32 -> 411886.75 | R32: 0.13 | S32: =Q32*(1+R32) -> 465432.03 | T32: 0.5 | U32: =(S32*(1-T32))+M32 -> 232716.02 | AC32: Y | AF32: =IF(W32="","",AF$8) | AG32: =IF(X32="","",AG$8) | AH32: =IF(Y32="","",AH$8) | AI32: =IF(Z32="","",AI$8) | AJ32: =IF(AA32="","",AJ$8) | AK32: =IF(AB32="","",AK$8) | AL32: =IF(AC32="","",AL$8) -> 159.64984 | AM32: =IF(AD32="","",AM$8) | AN32: =SUM(AF32:AM32) -> 159.64984 | AP32: =IF(W32="","",IFERROR(W32*$U32,$U32/$AN32*AF32)) | AQ32: =IF(X32="","",IFERROR(X32*$U32,$U32/$AN32*AG32)) | AR32: =IF(Y32="","",IFERROR(Y32*$U32,$U32/$AN32*AH32)) | AS32: =IF(Z32="","",IFERROR(Z32*$U32,$U32/$AN32*AI32)) | AT32: =IF(AA32="","",IFERROR(AA32*$U32,$U32/$AN32*AJ32)) | AU32: =IF(AB32="","",IFERROR(AB32*$U32,$U32/$AN32*AK32)) | AV32: =IF(AC32="","",IFERROR(AC32*$U32,$U32/$AN32*AL32)) -> 232716.02 | AW32: =IF(AD32="","",IFERROR(AD32*$U32,$U32/$AN32*AM32)) | AX32: =SUM(AP32:AW32) -> 232716.02
B33: WSE029 | C33: C0047851 | D33: Water Treatment Plant | E33: St Lawrence WTP | K33: 1 | M33: 0 | O33: 1174626.7 | P33: 1 | Q33: =O33*P33 -> 1174626.7 | R33: 0.13 | S33: =Q33*(1+R33) -> 1327328.2 | T33: 0.5 | U33: =(S33*(1-T33))+M33 -> 663664.09 | AD33: Y | AF33: =IF(W33="","",AF$8) | AG33: =IF(X33="","",AG$8) | AH33: =IF(Y33="","",AH$8) | AI33: =IF(Z33="","",AI$8) | AJ33: =IF(AA33="","",AJ$8) | AK33: =IF(AB33="","",AK$8) | AL33: =IF(AC33="","",AL$8) | AM33: =IF(AD33="","",AM$8) -> 315.81434 | AN33: =SUM(AF33:AM33) -> 315.81434 | AP33: =IF(W33="","",IFERROR(W33*$U33,$U33/$AN33*AF33)) | AQ33: =IF(X33="","",IFERROR(X33*$U33,$U33/$AN33*AG33)) | AR33: =IF(Y33="","",IFERROR(Y33*$U33,$U33/$AN33*AH33)) | AS33: =IF(Z33="","",IFERROR(Z33*$U33,$U33/$AN33*AI33)) | AT33: =IF(AA33="","",IFERROR(AA33*$U33,$U33/$AN33*AJ33)) | AU33: =IF(AB33="","",IFERROR(AB33*$U33,$U33/$AN33*AK33)) | AV33: =IF(AC33="","",IFERROR(AC33*$U33,$U33/$AN33*AL33)) | AW33: =IF(AD33="","",IFERROR(AD33*$U33,$U33/$AN33*AM33)) -> 663664.09 | AX33: =SUM(AP33:AW33) -> 663664.09
B34: WSE030 | C34: C0053929 | D34: Weir | E34: St Lawrence Weir | K34: 1 | M34: 0 | O34: 2541074.6 | P34: 1 | Q34: =O34*P34 -> 2541074.6 | R34: 0.13 | S34: =Q34*(1+R34) -> 2871414.3 | T34: 0.5 | U34: =(S34*(1-T34))+M34 -> 1435707.2 | AD34: Y | AF34: =IF(W34="","",AF$8) | AG34: =IF(X34="","",AG$8) | AH34: =IF(Y34="","",AH$8) | AI34: =IF(Z34="","",AI$8) | AJ34: =IF(AA34="","",AJ$8) | AK34: =IF(AB34="","",AK$8) | AL34: =IF(AC34="","",AL$8) | AM34: =IF(AD34="","",AM$8) -> 315.81434 | AN34: =SUM(AF34:AM34) -> 315.81434 | AP34: =IF(W34="","",IFERROR(W34*$U34,$U34/$AN34*AF34)) | AQ34: =IF(X34="","",IFERROR(X34*$U34,$U34/$AN34*AG34)) | AR34: =IF(Y34="","",IFERROR(Y34*$U34,$U34/$AN34*AH34)) | AS34: =IF(Z34="","",IFERROR(Z34*$U34,$U34/$AN34*AI34)) | AT34: =IF(AA34="","",IFERROR(AA34*$U34,$U34/$AN34*AJ34)) | AU34: =IF(AB34="","",IFERROR(AB34*$U34,$U34/$AN34*AK34)) | AV34: =IF(AC34="","",IFERROR(AC34*$U34,$U34/$AN34*AL34)) | AW34: =IF(AD34="","",IFERROR(AD34*$U34,$U34/$AN34*AM34)) -> 1435707.2 | AX34: =SUM(AP34:AW34) -> 1435707.2
B35: WSE031 | C35: C0018187 | D35: Reservoir | E35: St Lawrence Reservoir | K35: 1 | M35: 0 | O35: 489034.98 | P35: 1 | Q35: =O35*P35 -> 489034.98 | R35: 0.13 | S35: =Q35*(1+R35) -> 552609.52 | T35: 0.5 | U35: =(S35*(1-T35))+M35 -> 276304.76 | AD35: Y | AF35: =IF(W35="","",AF$8) | AG35: =IF(X35="","",AG$8) | AH35: =IF(Y35="","",AH$8) | AI35: =IF(Z35="","",AI$8) | AJ35: =IF(AA35="","",AJ$8) | AK35: =IF(AB35="","",AK$8) | AL35: =IF(AC35="","",AL$8) | AM35: =IF(AD35="","",AM$8) -> 315.81434 | AN35: =SUM(AF35:AM35) -> 315.81434 | AP35: =IF(W35="","",IFERROR(W35*$U35,$U35/$AN35*AF35)) | AQ35: =IF(X35="","",IFERROR(X35*$U35,$U35/$AN35*AG35)) | AR35: =IF(Y35="","",IFERROR(Y35*$U35,$U35/$AN35*AH35)) | AS35: =IF(Z35="","",IFERROR(Z35*$U35,$U35/$AN35*AI35)) | AT35: =IF(AA35="","",IFERROR(AA35*$U35,$U35/$AN35*AJ35)) | AU35: =IF(AB35="","",IFERROR(AB35*$U35,$U35/$AN35*AK35)) | AV35: =IF(AC35="","",IFERROR(AC35*$U35,$U35/$AN35*AL35)) | AW35: =IF(AD35="","",IFERROR(AD35*$U35,$U35/$AN35*AM35)) -> 276304.76 | AX35: =SUM(AP35:AW35) -> 276304.76
B36: WSE032 | C36: C0047849 | D36: Water Treatment Plant | E36: Nebo WTP | K36: 1 | M36: 0 | O36: 7058194.5 | P36: 1 | Q36: =O36*P36 -> 7058194.5 | R36: 0.13 | S36: =Q36*(1+R36) -> 7975759.8 | T36: 0.5 | U36: =(S36*(1-T36))+M36 -> 3987879.9 | AB36: Y | AF36: =IF(W36="","",AF$8) | AG36: =IF(X36="","",AG$8) | AH36: =IF(Y36="","",AH$8) | AI36: =IF(Z36="","",AI$8) | AJ36: =IF(AA36="","",AJ$8) | AK36: =IF(AB36="","",AK$8) -> 1398.8709 | AL36: =IF(AC36="","",AL$8) | AM36: =IF(AD36="","",AM$8) | AN36: =SUM(AF36:AM36) -> 1398.8709 | AP36: =IF(W36="","",IFERROR(W36*$U36,$U36/$AN36*AF36)) | AQ36: =IF(X36="","",IFERROR(X36*$U36,$U36/$AN36*AG36)) | AR36: =IF(Y36="","",IFERROR(Y36*$U36,$U36/$AN36*AH36)) | AS36: =IF(Z36="","",IFERROR(Z36*$U36,$U36/$AN36*AI36)) | AT36: =IF(AA36="","",IFERROR(AA36*$U36,$U36/$AN36*AJ36)) | AU36: =IF(AB36="","",IFERROR(AB36*$U36,$U36/$AN36*AK36)) -> 3987879.9 | AV36: =IF(AC36="","",IFERROR(AC36*$U36,$U36/$AN36*AL36)) | AW36: =IF(AD36="","",IFERROR(AD36*$U36,$U36/$AN36*AM36)) | AX36: =SUM(AP36:AW36) -> 3987879.9
B37: WSE033 | C37: C0053929 | D37: Water Treatment Plant | E37: St Lawrence Bore | K37: 1 | M37: 0 | O37: 503836.46 | P37: 1 | Q37: =O37*P37 -> 503836.46 | R37: 0.13 | S37: =Q37*(1+R37) -> 569335.2 | T37: 0.5 | U37: =(S37*(1-T37))+M37 -> 284667.6 | AD37: Y | AF37: =IF(W37="","",AF$8) | AG37: =IF(X37="","",AG$8) | AH37: =IF(Y37="","",AH$8) | AI37: =IF(Z37="","",AI$8) | AJ37: =IF(AA37="","",AJ$8) | AK37: =IF(AB37="","",AK$8) | AL37: =IF(AC37="","",AL$8) | AM37: =IF(AD37="","",AM$8) -> 315.81434 | AN37: =SUM(AF37:AM37) -> 315.81434 | AP37: =IF(W37="","",IFERROR(W37*$U37,$U37/$AN37*AF37)) | AQ37: =IF(X37="","",IFERROR(X37*$U37,$U37/$AN37*AG37)) | AR37: =IF(Y37="","",IFERROR(Y37*$U37,$U37/$AN37*AH37)) | AS37: =IF(Z37="","",IFERROR(Z37*$U37,$U37/$AN37*AI37)) | AT37: =IF(AA37="","",IFERROR(AA37*$U37,$U37/$AN37*AJ37)) | AU37: =IF(AB37="","",IFERROR(AB37*$U37,$U37/$AN37*AK37)) | AV37: =IF(AC37="","",IFERROR(AC37*$U37,$U37/$AN37*AL37)) | AW37: =IF(AD37="","",IFERROR(AD37*$U37,$U37/$AN37*AM37)) -> 284667.6 | AX37: =SUM(AP37:AW37) -> 284667.6
AF38: =IF(W38="","",AF$8) | AG38: =IF(X38="","",AG$8) | AH38: =IF(Y38="","",AH$8) | AI38: =IF(Z38="","",AI$8) | AJ38: =IF(AA38="","",AJ$8) | AK38: =IF(AB38="","",AK$8) | AL38: =IF(AC38="","",AL$8) | AM38: =IF(AD38="","",AM$8) | AN38: =SUM(AF38:AM38) -> 0 | AP38: =IF(W38="","",IFERROR(W38*$U38,$U38/$AN38*AF38)) | AQ38: =IF(X38="","",IFERROR(X38*$U38,$U38/$AN38*AG38)) | AR38: =IF(Y38="","",IFERROR(Y38*$U38,$U38/$AN38*AH38)) | AS38: =IF(Z38="","",IFERROR(Z38*$U38,$U38/$AN38*AI38)) | AT38: =IF(AA38="","",IFERROR(AA38*$U38,$U38/$AN38*AJ38)) | AU38: =IF(AB38="","",IFERROR(AB38*$U38,$U38/$AN38*AK38)) | AV38: =IF(AC38="","",IFERROR(AC38*$U38,$U38/$AN38*AL38)) | AW38: =IF(AD38="","",IFERROR(AD38*$U38,$U38/$AN38*AM38)) | AX38: =SUM(AP38:AW38) -> 0
B39: Passive Assets | AF39: =IF(W39="","",AF$8) | AG39: =IF(X39="","",AG$8) | AH39: =IF(Y39="","",AH$8) | AI39: =IF(Z39="","",AI$8) | AJ39: =IF(AA39="","",AJ$8) | AK39: =IF(AB39="","",AK$8) | AL39: =IF(AC39="","",AL$8) | AM39: =IF(AD39="","",AM$8) | AN39: =SUM(AF39:AM39) -> 0 | AP39: =IF(W39="","",IFERROR(W39*$U39,$U39/$AN39*AF39)) | AQ39: =IF(X39="","",IFERROR(X39*$U39,$U39/$AN39*AG39)) | AR39: =IF(Y39="","",IFERROR(Y39*$U39,$U39/$AN39*AH39)) | AS39: =IF(Z39="","",IFERROR(Z39*$U39,$U39/$AN39*AI39)) | AT39: =IF(AA39="","",IFERROR(AA39*$U39,$U39/$AN39*AJ39)) | AU39: =IF(AB39="","",IFERROR(AB39*$U39,$U39/$AN39*AK39)) | AV39: =IF(AC39="","",IFERROR(AC39*$U39,$U39/$AN39*AL39)) | AW39: =IF(AD39="","",IFERROR(AD39*$U39,$U39/$AN39*AM39)) | AX39: =SUM(AP39:AW39) -> 0
B40: MBHWM001 | C40: #N/A | D40: Water Main | F40: UPVC | G40: 200 | I40: WMuPVC200 | K40: 14.0405 | L40: =IFERROR(VLOOKUP(H40,UR_N1,3,FALSE),"") | M40: =IFERROR(L40*J40,0) -> 0 | N40: =IFERROR(VLOOKUP(I40,UR_N1,3,FALSE),"") -> 336.63763 | O40: =N40*K40 -> 4726.5607 | P40: 1 | Q40: =O40*P40 -> 4726.5607 | R40: 0.13 | S40: =Q40*(1+R40) -> 5341.0135 | U40: =(S40*(1-T40))+M40 -> 5341.0135 | X40: Y | AF40: =IF(W40="","",AF$8) | AG40: =IF(X40="","",AG$8) -> 16150.854 | AH40: =IF(Y40="","",AH$8) | AI40: =IF(Z40="","",AI$8) | AJ40: =IF(AA40="","",AJ$8) | AK40: =IF(AB40="","",AK$8) | AL40: =IF(AC40="","",AL$8) | AM40: =IF(AD40="","",AM$8) | AN40: =SUM(AF40:AM40) -> 16150.854 | AP40: =IF(W40="","",IFERROR(W40*$U40,$U40/$AN40*AF40)) | AQ40: =IF(X40="","",IFERROR(X40*$U40,$U40/$AN40*AG40)) -> 5341.0135 | AR40: =IF(Y40="","",IFERROR(Y40*$U40,$U40/$AN40*AH40)) | AS40: =IF(Z40="","",IFERROR(Z40*$U40,$U40/$AN40*AI40)) | AT40: =IF(AA40="","",IFERROR(AA40*$U40,$U40/$AN40*AJ40)) | AU40: =IF(AB40="","",IFERROR(AB40*$U40,$U40/$AN40*AK40)) | AV40: =IF(AC40="","",IFERROR(AC40*$U40,$U40/$AN40*AL40)) | AW40: =IF(AD40="","",IFERROR(AD40*$U40,$U40/$AN40*AM40)) | AX40: =SUM(AP40:AW40) -> 5341.0135
B41: MBHWM002 | C41: C0013354 | D41: Water Main | F41: AC/FRC | G41: 200 | I41: WMAC200 | K41: 60.5802 | L41: =IFERROR(VLOOKUP(H41,UR_N1,3,FALSE),"") | M41: =IFERROR(L41*J41,0) -> 0 | N41: =IFERROR(VLOOKUP(I41,UR_N1,3,FALSE),"") -> 336.63763 | O41: =N41*K41 -> 20393.575 | P41: 1 | Q41: =O41*P41 -> 20393.575 | R41: 0.13 | S41: =Q41*(1+R41) -> 23044.74 | U41: =(S41*(1-T41))+M41 -> 23044.74 | X41: Y | AF41: =IF(W41="","",AF$8) | AG41: =IF(X41="","",AG$8) -> 16150.854 | AH41: =IF(Y41="","",AH$8) | AI41: =IF(Z41="","",AI$8) | AJ41: =IF(AA41="","",AJ$8) | AK41: =IF(AB41="","",AK$8) | AL41: =IF(AC41="","",AL$8) | AM41: =IF(AD41="","",AM$8) | AN41: =SUM(AF41:AM41) -> 16150.854 | AP41: =IF(W41="","",IFERROR(W41*$U41,$U41/$AN41*AF41)) | AQ41: =IF(X41="","",IFERROR(X41*$U41,$U41/$AN41*AG41)) -> 23044.74 | AR41: =IF(Y41="","",IFERROR(Y41*$U41,$U41/$AN41*AH41)) | AS41: =IF(Z41="","",IFERROR(Z41*$U41,$U41/$AN41*AI41)) | AT41: =IF(AA41="","",IFERROR(AA41*$U41,$U41/$AN41*AJ41)) | AU41: =IF(AB41="","",IFERROR(AB41*$U41,$U41/$AN41*AK41)) | AV41: =IF(AC41="","",IFERROR(AC41*$U41,$U41/$AN41*AL41)) | AW41: =IF(AD41="","",IFERROR(AD41*$U41,$U41/$AN41*AM41)) | AX41: =SUM(AP41:AW41) -> 23044.74
B42: MBHWM003 | C42: #N/A | D42: Water Main | F42: UPVC | G42: 200 | I42: WMUPVC200 | K42: 23.4335 | L42: =IFERROR(VLOOKUP(H42,UR_N1,3,FALSE),"") | M42: =IFERROR(L42*J42,0) -> 0 | N42: =IFERROR(VLOOKUP(I42,UR_N1,3,FALSE),"") -> 336.63763 | O42: =N42*K42 -> 7888.5979 | P42: 1 | Q42: =O42*P42 -> 7888.5979 | R42: 0.13 | S42: =Q42*(1+R42) -> 8914.1156 | U42: =(S42*(1-T42))+M42 -> 8914.1156 | X42: Y | AF42: =IF(W42="","",AF$8) | AG42: =IF(X42="","",AG$8) -> 16150.854 | AH42: =IF(Y42="","",AH$8) | AI42: =IF(Z42="","",AI$8) | AJ42: =IF(AA42="","",AJ$8) | AK42: =IF(AB42="","",AK$8) | AL42: =IF(AC42="","",AL$8) | AM42: =IF(AD42="","",AM$8) | AN42: =SUM(AF42:AM42) -> 16150.854 | AP42: =IF(W42="","",IFERROR(W42*$U42,$U42/$AN42*AF42)) | AQ42: =IF(X42="","",IFERROR(X42*$U42,$U42/$AN42*AG42)) -> 8914.1156 | AR42: =IF(Y42="","",IFERROR(Y42*$U42,$U42/$AN42*AH42)) | AS42: =IF(Z42="","",IFERROR(Z42*$U42,$U42/$AN42*AI42)) | AT42: =IF(AA42="","",IFERROR(AA42*$U42,$U42/$AN42*AJ42)) | AU42: =IF(AB42="","",IFERROR(AB42*$U42,$U42/$AN42*AK42)) | AV42: =IF(AC42="","",IFERROR(AC42*$U42,$U42/$AN42*AL42)) | AW42: =IF(AD42="","",IFERROR(AD42*$U42,$U42/$AN42*AM42)) | AX42: =SUM(AP42:AW42) -> 8914.1156
B43: MBHWM005 | C43: #N/A | D43: Water Main | F43: AC/FRC | G43: 250 | I43: WMAC250 | K43: 51.7883 | L43: =IFERROR(VLOOKUP(H43,UR_N1,3,FALSE),"") | M43: =IFERROR(L43*J43,0) -> 0 | N43: =IFERROR(VLOOKUP(I43,UR_N1,3,FALSE),"") -> 562.29017 | O43: =N43*K43 -> 29120.052 | P43: 1 | Q43: =O43*P43 -> 29120.052 | R43: 0.13 | S43: =Q43*(1+R43) -> 32905.659 | U43: =(S43*(1-T43))+M43 -> 32905.659 | X43: Y | AF43: =IF(W43="","",AF$8) | AG43: =IF(X43="","",AG$8) -> 16150.854 | AH43: =IF(Y43="","",AH$8) | AI43: =IF(Z43="","",AI$8) | AJ43: =IF(AA43="","",AJ$8) | AK43: =IF(AB43="","",AK$8) | AL43: =IF(AC43="","",AL$8) | AM43: =IF(AD43="","",AM$8) | AN43: =SUM(AF43:AM43) -> 16150.854 | AP43: =IF(W43="","",IFERROR(W43*$U43,$U43/$AN43*AF43)) | AQ43: =IF(X43="","",IFERROR(X43*$U43,$U43/$AN43*AG43)) -> 32905.659 | AR43: =IF(Y43="","",IFERROR(Y43*$U43,$U43/$AN43*AH43)) | AS43: =IF(Z43="","",IFERROR(Z43*$U43,$U43/$AN43*AI43)) | AT43: =IF(AA43="","",IFERROR(AA43*$U43,$U43/$AN43*AJ43)) | AU43: =IF(AB43="","",IFERROR(AB43*$U43,$U43/$AN43*AK43)) | AV43: =IF(AC43="","",IFERROR(AC43*$U43,$U43/$AN43*AL43)) | AW43: =IF(AD43="","",IFERROR(AD43*$U43,$U43/$AN43*AM43)) | AX43: =SUM(AP43:AW43) -> 32905.659
B44: MBHWM006 | C44: C0013204 | D44: Water Main | F44: AC/FRC | G44: 375 | I44: WMAC375 | K44: 81.2743 | L44: =IFERROR(VLOOKUP(H44,UR_N1,3,FALSE),"") | M44: =IFERROR(L44*J44,0) -> 0 | N44: =IFERROR(VLOOKUP(I44,UR_N1,3,FALSE),"") -> 900.77593 | O44: =N44*K44 -> 73209.933 | P44: 1 | Q44: =O44*P44 -> 73209.933 | R44: 0.13 | S44: =Q44*(1+R44) -> 82727.225 | U44: =(S44*(1-T44))+M44 -> 82727.225 | X44: Y | AF44: =IF(W44="","",AF$8) | AG44: =IF(X44="","",AG$8) -> 16150.854 | AH44: =IF(Y44="","",AH$8) | AI44: =IF(Z44="","",AI$8) | AJ44: =IF(AA44="","",AJ$8) | AK44: =IF(AB44="","",AK$8) | AL44: =IF(AC44="","",AL$8) | AM44: =IF(AD44="","",AM$8) | AN44: =SUM(AF44:AM44) -> 16150.854 | AP44: =IF(W44="","",IFERROR(W44*$U44,$U44/$AN44*AF44)) | AQ44: =IF(X44="","",IFERROR(X44*$U44,$U44/$AN44*AG44)) -> 82727.225 | AR44: =IF(Y44="","",IFERROR(Y44*$U44,$U44/$AN44*AH44)) | AS44: =IF(Z44="","",IFERROR(Z44*$U44,$U44/$AN44*AI44)) | AT44: =IF(AA44="","",IFERROR(AA44*$U44,$U44/$AN44*AJ44)) | AU44: =IF(AB44="","",IFERROR(AB44*$U44,$U44/$AN44*AK44)) | AV44: =IF(AC44="","",IFERROR(AC44*$U44,$U44/$AN44*AL44)) | AW44: =IF(AD44="","",IFERROR(AD44*$U44,$U44/$AN44*AM44)) | AX44: =SUM(AP44:AW44) -> 82727.225
B45: MBHWM007 | C45: #N/A | D45: Water Main | F45: UPVC | G45: 250 | I45: WMUPVC250 | K45: 15.8378 | L45: =IFERROR(VLOOKUP(H45,UR_N1,3,FALSE),"") | M45: =IFERROR(L45*J45,0) -> 0 | N45: =IFERROR(VLOOKUP(I45,UR_N1,3,FALSE),"") -> 562.29017 | O45: =N45*K45 -> 8905.4393 | P45: 1 | Q45: =O45*P45 -> 8905.4393 | R45: 0.13 | S45: =Q45*(1+R45) -> 10063.146 | U45: =(S45*(1-T45))+M45 -> 10063.146 | X45: Y | AF45: =IF(W45="","",AF$8) | AG45: =IF(X45="","",AG$8) -> 16150.854 | AH45: =IF(Y45="","",AH$8) | AI45: =IF(Z45="","",AI$8) | AJ45: =IF(AA45="","",AJ$8) | AK45: =IF(AB45="","",AK$8) | AL45: =IF(AC45="","",AL$8) | AM45: =IF(AD45="","",AM$8) | AN45: =SUM(AF45:AM45) -> 16150.854 | AP45: =IF(W45="","",IFERROR(W45*$U45,$U45/$AN45*AF45)) | AQ45: =IF(X45="","",IFERROR(X45*$U45,$U45/$AN45*AG45)) -> 10063.146 | AR45: =IF(Y45="","",IFERROR(Y45*$U45,$U45/$AN45*AH45)) | AS45: =IF(Z45="","",IFERROR(Z45*$U45,$U45/$AN45*AI45)) | AT45: =IF(AA45="","",IFERROR(AA45*$U45,$U45/$AN45*AJ45)) | AU45: =IF(AB45="","",IFERROR(AB45*$U45,$U45/$AN45*AK45)) | AV45: =IF(AC45="","",IFERROR(AC45*$U45,$U45/$AN45*AL45)) | AW45: =IF(AD45="","",IFERROR(AD45*$U45,$U45/$AN45*AM45)) | AX45: =SUM(AP45:AW45) -> 10063.146
B46: MBHWM008 | C46: C0016048 | D46: Water Main | F46: UPVC | G46: 300 | I46: WMUPVC300 | K46: 216.308 | L46: =IFERROR(VLOOKUP(H46,UR_N1,3,FALSE),"") | M46: =IFERROR(L46*J46,0) -> 0 | N46: =IFERROR(VLOOKUP(I46,UR_N1,3,FALSE),"") -> 692.70147 | O46: =N46*K46 -> 149836.87 | P46: 1 | Q46: =O46*P46 -> 149836.87 | R46: 0.13 | S46: =Q46*(1+R46) -> 169315.66 | U46: =(S46*(1-T46))+M46 -> 169315.66 | X46: Y | AF46: =IF(W46="","",AF$8) | AG46: =IF(X46="","",AG$8) -> 16150.854 | AH46: =IF(Y46="","",AH$8) | AI46: =IF(Z46="","",AI$8) | AJ46: =IF(AA46="","",AJ$8) | AK46: =IF(AB46="","",AK$8) | AL46: =IF(AC46="","",AL$8) | AM46: =IF(AD46="","",AM$8) | AN46: =SUM(AF46:AM46) -> 16150.854 | AP46: =IF(W46="","",IFERROR(W46*$U46,$U46/$AN46*AF46)) | AQ46: =IF(X46="","",IFERROR(X46*$U46,$U46/$AN46*AG46)) -> 169315.66 | AR46: =IF(Y46="","",IFERROR(Y46*$U46,$U46/$AN46*AH46)) | AS46: =IF(Z46="","",IFERROR(Z46*$U46,$U46/$AN46*AI46)) | AT46: =IF(AA46="","",IFERROR(AA46*$U46,$U46/$AN46*AJ46)) | AU46: =IF(AB46="","",IFERROR(AB46*$U46,$U46/$AN46*AK46)) | AV46: =IF(AC46="","",IFERROR(AC46*$U46,$U46/$AN46*AL46)) | AW46: =IF(AD46="","",IFERROR(AD46*$U46,$U46/$AN46*AM46)) | AX46: =SUM(AP46:AW46) -> 169315.66
B47: MBHWM009 | C47: C0013144 | D47: Water Main | F47: AC/FRC | G47: 375 | I47: WMAC375 | K47: 56.9977 | L47: =IFERROR(VLOOKUP(H47,UR_N1,3,FALSE),"") | M47: =IFERROR(L47*J47,0) -> 0 | N47: =IFERROR(VLOOKUP(I47,UR_N1,3,FALSE),"") -> 900.77593 | O47: =N47*K47 -> 51342.156 | P47: 1 | Q47: =O47*P47 -> 51342.156 | R47: 0.13 | S47: =Q47*(1+R47) -> 58016.637 | U47: =(S47*(1-T47))+M47 -> 58016.637 | X47: Y | AF47: =IF(W47="","",AF$8) | AG47: =IF(X47="","",AG$8) -> 16150.854 | AH47: =IF(Y47="","",AH$8) | AI47: =IF(Z47="","",AI$8) | AJ47: =IF(AA47="","",AJ$8) | AK47: =IF(AB47="","",AK$8) | AL47: =IF(AC47="","",AL$8) | AM47: =IF(AD47="","",AM$8) | AN47: =SUM(AF47:AM47) -> 16150.854 | AP47: =IF(W47="","",IFERROR(W47*$U47,$U47/$AN47*AF47)) | AQ47: =IF(X47="","",IFERROR(X47*$U47,$U47/$AN47*AG47)) -> 58016.637 | AR47: =IF(Y47="","",IFERROR(Y47*$U47,$U47/$AN47*AH47)) | AS47: =IF(Z47="","",IFERROR(Z47*$U47,$U47/$AN47*AI47)) | AT47: =IF(AA47="","",IFERROR(AA47*$U47,$U47/$AN47*AJ47)) | AU47: =IF(AB47="","",IFERROR(AB47*$U47,$U47/$AN47*AK47)) | AV47: =IF(AC47="","",IFERROR(AC47*$U47,$U47/$AN47*AL47)) | AW47: =IF(AD47="","",IFERROR(AD47*$U47,$U47/$AN47*AM47)) | AX47: =SUM(AP47:AW47) -> 58016.637
B48: MBHWM010 | C48: #N/A | D48: Water Main | F48: AC/FRC | G48: 250 | I48: WMAC250 | K48: 90.3109 | L48: =IFERROR(VLOOKUP(H48,UR_N1,3,FALSE),"") | M48: =IFERROR(L48*J48,0) -> 0 | N48: =IFERROR(VLOOKUP(I48,UR_N1,3,FALSE),"") -> 562.29017 | O48: =N48*K48 -> 50780.932 | P48: 1 | Q48: =O48*P48 -> 50780.932 | R48: 0.13 | S48: =Q48*(1+R48) -> 57382.453 | U48: =(S48*(1-T48))+M48 -> 57382.453 | X48: Y | AF48: =IF(W48="","",AF$8) | AG48: =IF(X48="","",AG$8) -> 16150.854 | AH48: =IF(Y48="","",AH$8) | AI48: =IF(Z48="","",AI$8) | AJ48: =IF(AA48="","",AJ$8) | AK48: =IF(AB48="","",AK$8) | AL48: =IF(AC48="","",AL$8) | AM48: =IF(AD48="","",AM$8) | AN48: =SUM(AF48:AM48) -> 16150.854 | AP48: =IF(W48="","",IFERROR(W48*$U48,$U48/$AN48*AF48)) | AQ48: =IF(X48="","",IFERROR(X48*$U48,$U48/$AN48*AG48)) -> 57382.453 | AR48: =IF(Y48="","",IFERROR(Y48*$U48,$U48/$AN48*AH48)) | AS48: =IF(Z48="","",IFERROR(Z48*$U48,$U48/$AN48*AI48)) | AT48: =IF(AA48="","",IFERROR(AA48*$U48,$U48/$AN48*AJ48)) | AU48: =IF(AB48="","",IFERROR(AB48*$U48,$U48/$AN48*AK48)) | AV48: =IF(AC48="","",IFERROR(AC48*$U48,$U48/$AN48*AL48)) | AW48: =IF(AD48="","",IFERROR(AD48*$U48,$U48/$AN48*AM48)) | AX48: =SUM(AP48:AW48) -> 57382.453
B49: MBHWM011 | C49: C0013182 | D49: Water Main | F49: AC/FRC | G49: 375 | I49: WMAC375 | K49: 8.21328 | L49: =IFERROR(VLOOKUP(H49,UR_N1,3,FALSE),"") | M49: =IFERROR(L49*J49,0) -> 0 | N49: =IFERROR(VLOOKUP(I49,UR_N1,3,FALSE),"") -> 900.77593 | O49: =N49*K49 -> 7398.325 | P49: 1 | Q49: =O49*P49 -> 7398.325 | R49: 0.13 | S49: =Q49*(1+R49) -> 8360.1072 | U49: =(S49*(1-T49))+M49 -> 8360.1072 | X49: Y | AF49: =IF(W49="","",AF$8) | AG49: =IF(X49="","",AG$8) -> 16150.854 | AH49: =IF(Y49="","",AH$8) | AI49: =IF(Z49="","",AI$8) | AJ49: =IF(AA49="","",AJ$8) | AK49: =IF(AB49="","",AK$8) | AL49: =IF(AC49="","",AL$8) | AM49: =IF(AD49="","",AM$8) | AN49: =SUM(AF49:AM49) -> 16150.854 | AP49: =IF(W49="","",IFERROR(W49*$U49,$U49/$AN49*AF49)) | AQ49: =IF(X49="","",IFERROR(X49*$U49,$U49/$AN49*AG49)) -> 8360.1072 | AR49: =IF(Y49="","",IFERROR(Y49*$U49,$U49/$AN49*AH49)) | AS49: =IF(Z49="","",IFERROR(Z49*$U49,$U49/$AN49*AI49)) | AT49: =IF(AA49="","",IFERROR(AA49*$U49,$U49/$AN49*AJ49)) | AU49: =IF(AB49="","",IFERROR(AB49*$U49,$U49/$AN49*AK49)) | AV49: =IF(AC49="","",IFERROR(AC49*$U49,$U49/$AN49*AL49)) | AW49: =IF(AD49="","",IFERROR(AD49*$U49,$U49/$AN49*AM49)) | AX49: =SUM(AP49:AW49) -> 8360.1072
B50: MBHWM012 | C50: #N/A | D50: Water Main | F50: UPVC | G50: 200 | I50: WMUPVC200 | K50: 39.2067 | L50: =IFERROR(VLOOKUP(H50,UR_N1,3,FALSE),"") | M50: =IFERROR(L50*J50,0) -> 0 | N50: =IFERROR(VLOOKUP(I50,UR_N1,3,FALSE),"") -> 336.63763 | O50: =N50*K50 -> 13198.451 | P50: 1 | Q50: =O50*P50 -> 13198.451 | R50: 0.13 | S50: =Q50*(1+R50) -> 14914.249 | U50: =(S50*(1-T50))+M50 -> 14914.249 | X50: Y | AF50: =IF(W50="","",AF$8) | AG50: =IF(X50="","",AG$8) -> 16150.854 | AH50: =IF(Y50="","",AH$8) | AI50: =IF(Z50="","",AI$8) | AJ50: =IF(AA50="","",AJ$8) | AK50: =IF(AB50="","",AK$8) | AL50: =IF(AC50="","",AL$8) | AM50: =IF(AD50="","",AM$8) | AN50: =SUM(AF50:AM50) -> 16150.854 | AP50: =IF(W50="","",IFERROR(W50*$U50,$U50/$AN50*AF50)) | AQ50: =IF(X50="","",IFERROR(X50*$U50,$U50/$AN50*AG50)) -> 14914.249 | AR50: =IF(Y50="","",IFERROR(Y50*$U50,$U50/$AN50*AH50)) | AS50: =IF(Z50="","",IFERROR(Z50*$U50,$U50/$AN50*AI50)) | AT50: =IF(AA50="","",IFERROR(AA50*$U50,$U50/$AN50*AJ50)) | AU50: =IF(AB50="","",IFERROR(AB50*$U50,$U50/$AN50*AK50)) | AV50: =IF(AC50="","",IFERROR(AC50*$U50,$U50/$AN50*AL50)) | AW50: =IF(AD50="","",IFERROR(AD50*$U50,$U50/$AN50*AM50)) | AX50: =SUM(AP50:AW50) -> 14914.249
B51: MBHWM013 | C51: #N/A | D51: Water Main | F51: UPVC | G51: 250 | I51: WMUPVC250 | K51: 49.2002 | L51: =IFERROR(VLOOKUP(H51,UR_N1,3,FALSE),"") | M51: =IFERROR(L51*J51,0) -> 0 | N51: =IFERROR(VLOOKUP(I51,UR_N1,3,FALSE),"") -> 562.29017 | O51: =N51*K51 -> 27664.789 | P51: 1 | Q51: =O51*P51 -> 27664.789 | R51: 0.13 | S51: =Q51*(1+R51) -> 31261.212 | U51: =(S51*(1-T51))+M51 -> 31261.212 | X51: Y | AF51: =IF(W51="","",AF$8) | AG51: =IF(X51="","",AG$8) -> 16150.854 | AH51: =IF(Y51="","",AH$8) | AI51: =IF(Z51="","",AI$8) | AJ51: =IF(AA51="","",AJ$8) | AK51: =IF(AB51="","",AK$8) | AL51: =IF(AC51="","",AL$8) | AM51: =IF(AD51="","",AM$8) | AN51: =SUM(AF51:AM51) -> 16150.854 | AP51: =IF(W51="","",IFERROR(W51*$U51,$U51/$AN51*AF51)) | AQ51: =IF(X51="","",IFERROR(X51*$U51,$U51/$AN51*AG51)) -> 31261.212 | AR51: =IF(Y51="","",IFERROR(Y51*$U51,$U51/$AN51*AH51)) | AS51: =IF(Z51="","",IFERROR(Z51*$U51,$U51/$AN51*AI51)) | AT51: =IF(AA51="","",IFERROR(AA51*$U51,$U51/$AN51*AJ51)) | AU51: =IF(AB51="","",IFERROR(AB51*$U51,$U51/$AN51*AK51)) | AV51: =IF(AC51="","",IFERROR(AC51*$U51,$U51/$AN51*AL51)) | AW51: =IF(AD51="","",IFERROR(AD51*$U51,$U51/$AN51*AM51)) | AX51: =SUM(AP51:AW51) -> 31261.212
B52: MBHWM014 | C52: C0013112 | D52: Water Main | F52: AC/FRC | G52: 200 | I52: WMAC200 | K52: 58.996 | L52: =IFERROR(VLOOKUP(H52,UR_N1,3,FALSE),"") | M52: =IFERROR(L52*J52,0) -> 0 | N52: =IFERROR(VLOOKUP(I52,UR_N1,3,FALSE),"") -> 336.63763 | O52: =N52*K52 -> 19860.274 | P52: 1 | Q52: =O52*P52 -> 19860.274 | R52: 0.13 | S52: =Q52*(1+R52) -> 22442.109 | U52: =(S52*(1-T52))+M52 -> 22442.109 | X52: Y | AF52: =IF(W52="","",AF$8) | AG52: =IF(X52="","",AG$8) -> 16150.854 | AH52: =IF(Y52="","",AH$8) | AI52: =IF(Z52="","",AI$8) | AJ52: =IF(AA52="","",AJ$8) | AK52: =IF(AB52="","",AK$8) | AL52: =IF(AC52="","",AL$8) | AM52: =IF(AD52="","",AM$8) | AN52: =SUM(AF52:AM52) -> 16150.854 | AP52: =IF(W52="","",IFERROR(W52*$U52,$U52/$AN52*AF52)) | AQ52: =IF(X52="","",IFERROR(X52*$U52,$U52/$AN52*AG52)) -> 22442.109 | AR52: =IF(Y52="","",IFERROR(Y52*$U52,$U52/$AN52*AH52)) | AS52: =IF(Z52="","",IFERROR(Z52*$U52,$U52/$AN52*AI52)) | AT52: =IF(AA52="","",IFERROR(AA52*$U52,$U52/$AN52*AJ52)) | AU52: =IF(AB52="","",IFERROR(AB52*$U52,$U52/$AN52*AK52)) | AV52: =IF(AC52="","",IFERROR(AC52*$U52,$U52/$AN52*AL52)) | AW52: =IF(AD52="","",IFERROR(AD52*$U52,$U52/$AN52*AM52)) | AX52: =SUM(AP52:AW52) -> 22442.109
B53: MBHWM016 | C53: C0013182 | D53: Water Main | F53: AC/FRC | G53: 375 | I53: WMAC375 | K53: 50.7057 | L53: =IFERROR(VLOOKUP(H53,UR_N1,3,FALSE),"") | M53: =IFERROR(L53*J53,0) -> 0 | N53: =IFERROR(VLOOKUP(I53,UR_N1,3,FALSE),"") -> 900.77593 | O53: =N53*K53 -> 45674.474 | P53: 1 | Q53: =O53*P53 -> 45674.474 | R53: 0.13 | S53: =Q53*(1+R53) -> 51612.156 | U53: =(S53*(1-T53))+M53 -> 51612.156 | X53: Y | AF53: =IF(W53="","",AF$8) | AG53: =IF(X53="","",AG$8) -> 16150.854 | AH53: =IF(Y53="","",AH$8) | AI53: =IF(Z53="","",AI$8) | AJ53: =IF(AA53="","",AJ$8) | AK53: =IF(AB53="","",AK$8) | AL53: =IF(AC53="","",AL$8) | AM53: =IF(AD53="","",AM$8) | AN53: =SUM(AF53:AM53) -> 16150.854 | AP53: =IF(W53="","",IFERROR(W53*$U53,$U53/$AN53*AF53)) | AQ53: =IF(X53="","",IFERROR(X53*$U53,$U53/$AN53*AG53)) -> 51612.156 | AR53: =IF(Y53="","",IFERROR(Y53*$U53,$U53/$AN53*AH53)) | AS53: =IF(Z53="","",IFERROR(Z53*$U53,$U53/$AN53*AI53)) | AT53: =IF(AA53="","",IFERROR(AA53*$U53,$U53/$AN53*AJ53)) | AU53: =IF(AB53="","",IFERROR(AB53*$U53,$U53/$AN53*AK53)) | AV53: =IF(AC53="","",IFERROR(AC53*$U53,$U53/$AN53*AL53)) | AW53: =IF(AD53="","",IFERROR(AD53*$U53,$U53/$AN53*AM53)) | AX53: =SUM(AP53:AW53) -> 51612.156
B54: MBHWM018 | C54: C0013354 | D54: Water Main | F54: AC/FRC | G54: 200 | I54: WMAC200 | K54: 41.8554 | L54: =IFERROR(VLOOKUP(H54,UR_N1,3,FALSE),"") | M54: =IFERROR(L54*J54,0) -> 0 | N54: =IFERROR(VLOOKUP(I54,UR_N1,3,FALSE),"") -> 336.63763 | O54: =N54*K54 -> 14090.103 | P54: 1 | Q54: =O54*P54 -> 14090.103 | R54: 0.13 | S54: =Q54*(1+R54) -> 15921.816 | U54: =(S54*(1-T54))+M54 -> 15921.816 | X54: Y | AF54: =IF(W54="","",AF$8) | AG54: =IF(X54="","",AG$8) -> 16150.854 | AH54: =IF(Y54="","",AH$8) | AI54: =IF(Z54="","",AI$8) | AJ54: =IF(AA54="","",AJ$8) | AK54: =IF(AB54="","",AK$8) | AL54: =IF(AC54="","",AL$8) | AM54: =IF(AD54="","",AM$8) | AN54: =SUM(AF54:AM54) -> 16150.854 | AP54: =IF(W54="","",IFERROR(W54*$U54,$U54/$AN54*AF54)) | AQ54: =IF(X54="","",IFERROR(X54*$U54,$U54/$AN54*AG54)) -> 15921.816 | AR54: =IF(Y54="","",IFERROR(Y54*$U54,$U54/$AN54*AH54)) | AS54: =IF(Z54="","",IFERROR(Z54*$U54,$U54/$AN54*AI54)) | AT54: =IF(AA54="","",IFERROR(AA54*$U54,$U54/$AN54*AJ54)) | AU54: =IF(AB54="","",IFERROR(AB54*$U54,$U54/$AN54*AK54)) | AV54: =IF(AC54="","",IFERROR(AC54*$U54,$U54/$AN54*AL54)) | AW54: =IF(AD54="","",IFERROR(AD54*$U54,$U54/$AN54*AM54)) | AX54: =SUM(AP54:AW54) -> 15921.816
B55: MBHWM019 | C55: #N/A | D55: Water Main | F55: UPVC | G55: 200 | I55: WMUPVC200 | K55: 18.6267 | L55: =IFERROR(VLOOKUP(H55,UR_N1,3,FALSE),"") | M55: =IFERROR(L55*J55,0) -> 0 | N55: =IFERROR(VLOOKUP(I55,UR_N1,3,FALSE),"") -> 336.63763 | O55: =N55*K55 -> 6270.4482 | P55: 1 | Q55: =O55*P55 -> 6270.4482 | R55: 0.13 | S55: =Q55*(1+R55) -> 7085.6064 | U55: =(S55*(1-T55))+M55 -> 7085.6064 | X55: Y | AF55: =IF(W55="","",AF$8) | AG55: =IF(X55="","",AG$8) -> 16150.854 | AH55: =IF(Y55="","",AH$8) | AI55: =IF(Z55="","",AI$8) | AJ55: =IF(AA55="","",AJ$8) | AK55: =IF(AB55="","",AK$8) | AL55: =IF(AC55="","",AL$8) | AM55: =IF(AD55="","",AM$8) | AN55: =SUM(AF55:AM55) -> 16150.854 | AP55: =IF(W55="","",IFERROR(W55*$U55,$U55/$AN55*AF55)) | AQ55: =IF(X55="","",IFERROR(X55*$U55,$U55/$AN55*AG55)) -> 7085.6064 | AR55: =IF(Y55="","",IFERROR(Y55*$U55,$U55/$AN55*AH55)) | AS55: =IF(Z55="","",IFERROR(Z55*$U55,$U55/$AN55*AI55)) | AT55: =IF(AA55="","",IFERROR(AA55*$U55,$U55/$AN55*AJ55)) | AU55: =IF(AB55="","",IFERROR(AB55*$U55,$U55/$AN55*AK55)) | AV55: =IF(AC55="","",IFERROR(AC55*$U55,$U55/$AN55*AL55)) | AW55: =IF(AD55="","",IFERROR(AD55*$U55,$U55/$AN55*AM55)) | AX55: =SUM(AP55:AW55) -> 7085.6064
B56: MBHWM020 | C56: #N/A | D56: Water Main | F56: UPVC | G56: 200 | I56: WMUPVC200 | K56: 21.8736 | L56: =IFERROR(VLOOKUP(H56,UR_N1,3,FALSE),"") | M56: =IFERROR(L56*J56,0) -> 0 | N56: =IFERROR(VLOOKUP(I56,UR_N1,3,FALSE),"") -> 336.63763 | O56: =N56*K56 -> 7363.4769 | P56: 1 | Q56: =O56*P56 -> 7363.4769 | R56: 0.13 | S56: =Q56*(1+R56) -> 8320.7289 | U56: =(S56*(1-T56))+M56 -> 8320.7289 | X56: Y | AF56: =IF(W56="","",AF$8) | AG56: =IF(X56="","",AG$8) -> 16150.854 | AH56: =IF(Y56="","",AH$8) | AI56: =IF(Z56="","",AI$8) | AJ56: =IF(AA56="","",AJ$8) | AK56: =IF(AB56="","",AK$8) | AL56: =IF(AC56="","",AL$8) | AM56: =IF(AD56="","",AM$8) | AN56: =SUM(AF56:AM56) -> 16150.854 | AP56: =IF(W56="","",IFERROR(W56*$U56,$U56/$AN56*AF56)) | AQ56: =IF(X56="","",IFERROR(X56*$U56,$U56/$AN56*AG56)) -> 8320.7289 | AR56: =IF(Y56="","",IFERROR(Y56*$U56,$U56/$AN56*AH56)) | AS56: =IF(Z56="","",IFERROR(Z56*$U56,$U56/$AN56*AI56)) | AT56: =IF(AA56="","",IFERROR(AA56*$U56,$U56/$AN56*AJ56)) | AU56: =IF(AB56="","",IFERROR(AB56*$U56,$U56/$AN56*AK56)) | AV56: =IF(AC56="","",IFERROR(AC56*$U56,$U56/$AN56*AL56)) | AW56: =IF(AD56="","",IFERROR(AD56*$U56,$U56/$AN56*AM56)) | AX56: =SUM(AP56:AW56) -> 8320.7289
B57: MBHWM021 | C57: #N/A | D57: Water Main | F57: AC/FRC | G57: 200 | I57: WMAC200 | K57: 33.0203 | L57: =IFERROR(VLOOKUP(H57,UR_N1,3,FALSE),"") | M57: =IFERROR(L57*J57,0) -> 0 | N57: =IFERROR(VLOOKUP(I57,UR_N1,3,FALSE),"") -> 336.63763 | O57: =N57*K57 -> 11115.876 | P57: 1 | Q57: =O57*P57 -> 11115.876 | R57: 0.13 | S57: =Q57*(1+R57) -> 12560.939 | U57: =(S57*(1-T57))+M57 -> 12560.939 | X57: Y | AF57: =IF(W57="","",AF$8) | AG57: =IF(X57="","",AG$8) -> 16150.854 | AH57: =IF(Y57="","",AH$8) | AI57: =IF(Z57="","",AI$8) | AJ57: =IF(AA57="","",AJ$8) | AK57: =IF(AB57="","",AK$8) | AL57: =IF(AC57="","",AL$8) | AM57: =IF(AD57="","",AM$8) | AN57: =SUM(AF57:AM57) -> 16150.854 | AP57: =IF(W57="","",IFERROR(W57*$U57,$U57/$AN57*AF57)) | AQ57: =IF(X57="","",IFERROR(X57*$U57,$U57/$AN57*AG57)) -> 12560.939 | AR57: =IF(Y57="","",IFERROR(Y57*$U57,$U57/$AN57*AH57)) | AS57: =IF(Z57="","",IFERROR(Z57*$U57,$U57/$AN57*AI57)) | AT57: =IF(AA57="","",IFERROR(AA57*$U57,$U57/$AN57*AJ57)) | AU57: =IF(AB57="","",IFERROR(AB57*$U57,$U57/$AN57*AK57)) | AV57: =IF(AC57="","",IFERROR(AC57*$U57,$U57/$AN57*AL57)) | AW57: =IF(AD57="","",IFERROR(AD57*$U57,$U57/$AN57*AM57)) | AX57: =SUM(AP57:AW57) -> 12560.939
B58: MBHWM022 | C58: #N/A | D58: Water Main | F58: UPVC | G58: 200 | I58: WMUPVC200 | K58: 21.5805 | L58: =IFERROR(VLOOKUP(H58,UR_N1,3,FALSE),"") | M58: =IFERROR(L58*J58,0) -> 0 | N58: =IFERROR(VLOOKUP(I58,UR_N1,3,FALSE),"") -> 336.63763 | O58: =N58*K58 -> 7264.8084 | P58: 1 | Q58: =O58*P58 -> 7264.8084 | R58: 0.13 | S58: =Q58*(1+R58) -> 8209.2335 | U58: =(S58*(1-T58))+M58 -> 8209.2335 | X58: Y | AF58: =IF(W58="","",AF$8) | AG58: =IF(X58="","",AG$8) -> 16150.854 | AH58: =IF(Y58="","",AH$8) | AI58: =IF(Z58="","",AI$8) | AJ58: =IF(AA58="","",AJ$8) | AK58: =IF(AB58="","",AK$8) | AL58: =IF(AC58="","",AL$8) | AM58: =IF(AD58="","",AM$8) | AN58: =SUM(AF58:AM58) -> 16150.854 | AP58: =IF(W58="","",IFERROR(W58*$U58,$U58/$AN58*AF58)) | AQ58: =IF(X58="","",IFERROR(X58*$U58,$U58/$AN58*AG58)) -> 8209.2335 | AR58: =IF(Y58="","",IFERROR(Y58*$U58,$U58/$AN58*AH58)) | AS58: =IF(Z58="","",IFERROR(Z58*$U58,$U58/$AN58*AI58)) | AT58: =IF(AA58="","",IFERROR(AA58*$U58,$U58/$AN58*AJ58)) | AU58: =IF(AB58="","",IFERROR(AB58*$U58,$U58/$AN58*AK58)) | AV58: =IF(AC58="","",IFERROR(AC58*$U58,$U58/$AN58*AL58)) | AW58: =IF(AD58="","",IFERROR(AD58*$U58,$U58/$AN58*AM58)) | AX58: =SUM(AP58:AW58) -> 8209.2335
B59: MBHWM024 | C59: C0013290 | D59: Water Main | F59: AC/FRC | G59: 250 | I59: WMAC250 | K59: 79.5311 | L59: =IFERROR(VLOOKUP(H59,UR_N1,3,FALSE),"") | M59: =IFERROR(L59*J59,0) -> 0 | N59: =IFERROR(VLOOKUP(I59,UR_N1,3,FALSE),"") -> 562.29017 | O59: =N59*K59 -> 44719.556 | P59: 1 | Q59: =O59*P59 -> 44719.556 | R59: 0.13 | S59: =Q59*(1+R59) -> 50533.098 | U59: =(S59*(1-T59))+M59 -> 50533.098 | X59: Y | AF59: =IF(W59="","",AF$8) | AG59: =IF(X59="","",AG$8) -> 16150.854 | AH59: =IF(Y59="","",AH$8) | AI59: =IF(Z59="","",AI$8) | AJ59: =IF(AA59="","",AJ$8) | AK59: =IF(AB59="","",AK$8) | AL59: =IF(AC59="","",AL$8) | AM59: =IF(AD59="","",AM$8) | AN59: =SUM(AF59:AM59) -> 16150.854 | AP59: =IF(W59="","",IFERROR(W59*$U59,$U59/$AN59*AF59)) | AQ59: =IF(X59="","",IFERROR(X59*$U59,$U59/$AN59*AG59)) -> 50533.098 | AR59: =IF(Y59="","",IFERROR(Y59*$U59,$U59/$AN59*AH59)) | AS59: =IF(Z59="","",IFERROR(Z59*$U59,$U59/$AN59*AI59)) | AT59: =IF(AA59="","",IFERROR(AA59*$U59,$U59/$AN59*AJ59)) | AU59: =IF(AB59="","",IFERROR(AB59*$U59,$U59/$AN59*AK59)) | AV59: =IF(AC59="","",IFERROR(AC59*$U59,$U59/$AN59*AL59)) | AW59: =IF(AD59="","",IFERROR(AD59*$U59,$U59/$AN59*AM59)) | AX59: =SUM(AP59:AW59) -> 50533.098
B60: MBHWM025 | C60: #N/A | D60: Water Main | F60: UPVC | G60: 200 | I60: WMuPVC200 | K60: 8.59532 | L60: =IFERROR(VLOOKUP(H60,UR_N1,3,FALSE),"") | M60: =IFERROR(L60*J60,0) -> 0 | N60: =IFERROR(VLOOKUP(I60,UR_N1,3,FALSE),"") -> 336.63763 | O60: =N60*K60 -> 2893.5082 | P60: 1 | Q60: =O60*P60 -> 2893.5082 | R60: 0.13 | S60: =Q60*(1+R60) -> 3269.6642 | U60: =(S60*(1-T60))+M60 -> 3269.6642 | X60: Y | AF60: =IF(W60="","",AF$8) | AG60: =IF(X60="","",AG$8) -> 16150.854 | AH60: =IF(Y60="","",AH$8) | AI60: =IF(Z60="","",AI$8) | AJ60: =IF(AA60="","",AJ$8) | AK60: =IF(AB60="","",AK$8) | AL60: =IF(AC60="","",AL$8) | AM60: =IF(AD60="","",AM$8) | AN60: =SUM(AF60:AM60) -> 16150.854 | AP60: =IF(W60="","",IFERROR(W60*$U60,$U60/$AN60*AF60)) | AQ60: =IF(X60="","",IFERROR(X60*$U60,$U60/$AN60*AG60)) -> 3269.6642 | AR60: =IF(Y60="","",IFERROR(Y60*$U60,$U60/$AN60*AH60)) | AS60: =IF(Z60="","",IFERROR(Z60*$U60,$U60/$AN60*AI60)) | AT60: =IF(AA60="","",IFERROR(AA60*$U60,$U60/$AN60*AJ60)) | AU60: =IF(AB60="","",IFERROR(AB60*$U60,$U60/$AN60*AK60)) | AV60: =IF(AC60="","",IFERROR(AC60*$U60,$U60/$AN60*AL60)) | AW60: =IF(AD60="","",IFERROR(AD60*$U60,$U60/$AN60*AM60)) | AX60: =SUM(AP60:AW60) -> 3269.6642
B61: MBHWM026 | C61: C0052465 | D61: Water Main | F61: AC/FRC | G61: 375 | I61: WMAC/FRC375 | K61: 310.868 | L61: =IFERROR(VLOOKUP(H61,UR_N1,3,FALSE),"") | M61: =IFERROR(L61*J61,0) -> 0 | N61: =IFERROR(VLOOKUP(I61,UR_N1,3,FALSE),"") -> 900.77593 | O61: =N61*K61 -> 280022.41 | P61: 1 | Q61: =O61*P61 -> 280022.41 | R61: 0.13 | S61: =Q61*(1+R61) -> 316425.33 | U61: =(S61*(1-T61))+M61 -> 316425.33 | X61: Y | AF61: =IF(W61="","",AF$8) | AG61: =IF(X61="","",AG$8) -> 16150.854 | AH61: =IF(Y61="","",AH$8) | AI61: =IF(Z61="","",AI$8) | AJ61: =IF(AA61="","",AJ$8) | AK61: =IF(AB61="","",AK$8) | AL61: =IF(AC61="","",AL$8) | AM61: =IF(AD61="","",AM$8) | AN61: =SUM(AF61:AM61) -> 16150.854 | AP61: =IF(W61="","",IFERROR(W61*$U61,$U61/$AN61*AF61)) | AQ61: =IF(X61="","",IFERROR(X61*$U61,$U61/$AN61*AG61)) -> 316425.33 | AR61: =IF(Y61="","",IFERROR(Y61*$U61,$U61/$AN61*AH61)) | AS61: =IF(Z61="","",IFERROR(Z61*$U61,$U61/$AN61*AI61)) | AT61: =IF(AA61="","",IFERROR(AA61*$U61,$U61/$AN61*AJ61)) | AU61: =IF(AB61="","",IFERROR(AB61*$U61,$U61/$AN61*AK61)) | AV61: =IF(AC61="","",IFERROR(AC61*$U61,$U61/$AN61*AL61)) | AW61: =IF(AD61="","",IFERROR(AD61*$U61,$U61/$AN61*AM61)) | AX61: =SUM(AP61:AW61) -> 316425.33
B62: MBHWM027 | C62: C0013354 | D62: Water Main | F62: AC/FRC | G62: 200 | I62: WMAC/FRC200 | K62: 201.828 | L62: =IFERROR(VLOOKUP(H62,UR_N1,3,FALSE),"") | M62: =IFERROR(L62*J62,0) -> 0 | N62: =IFERROR(VLOOKUP(I62,UR_N1,3,FALSE),"") -> 336.63763 | O62: =N62*K62 -> 67942.9 | P62: 1 | Q62: =O62*P62 -> 67942.9 | R62: 0.13 | S62: =Q62*(1+R62) -> 76775.477 | U62: =(S62*(1-T62))+M62 -> 76775.477 | X62: Y | AF62: =IF(W62="","",AF$8) | AG62: =IF(X62="","",AG$8) -> 16150.854 | AH62: =IF(Y62="","",AH$8) | AI62: =IF(Z62="","",AI$8) | AJ62: =IF(AA62="","",AJ$8) | AK62: =IF(AB62="","",AK$8) | AL62: =IF(AC62="","",AL$8) | AM62: =IF(AD62="","",AM$8) | AN62: =SUM(AF62:AM62) -> 16150.854 | AP62: =IF(W62="","",IFERROR(W62*$U62,$U62/$AN62*AF62)) | AQ62: =IF(X62="","",IFERROR(X62*$U62,$U62/$AN62*AG62)) -> 76775.477 | AR62: =IF(Y62="","",IFERROR(Y62*$U62,$U62/$AN62*AH62)) | AS62: =IF(Z62="","",IFERROR(Z62*$U62,$U62/$AN62*AI62)) | AT62: =IF(AA62="","",IFERROR(AA62*$U62,$U62/$AN62*AJ62)) | AU62: =IF(AB62="","",IFERROR(AB62*$U62,$U62/$AN62*AK62)) | AV62: =IF(AC62="","",IFERROR(AC62*$U62,$U62/$AN62*AL62)) | AW62: =IF(AD62="","",IFERROR(AD62*$U62,$U62/$AN62*AM62)) | AX62: =SUM(AP62:AW62) -> 76775.477
B63: MBHWM028 | C63: #N/A | D63: Water Main | F63: AC/FRC | G63: 250 | I63: WMAC/FRC250 | K63: 105.058 | L63: =IFERROR(VLOOKUP(H63,UR_N1,3,FALSE),"") | M63: =IFERROR(L63*J63,0) -> 0 | N63: =IFERROR(VLOOKUP(I63,UR_N1,3,FALSE),"") -> 562.29017 | O63: =N63*K63 -> 59073.081 | P63: 1 | Q63: =O63*P63 -> 59073.081 | R63: 0.13 | S63: =Q63*(1+R63) -> 66752.581 | U63: =(S63*(1-T63))+M63 -> 66752.581 | X63: Y | AF63: =IF(W63="","",AF$8) | AG63: =IF(X63="","",AG$8) -> 16150.854 | AH63: =IF(Y63="","",AH$8) | AI63: =IF(Z63="","",AI$8) | AJ63: =IF(AA63="","",AJ$8) | AK63: =IF(AB63="","",AK$8) | AL63: =IF(AC63="","",AL$8) | AM63: =IF(AD63="","",AM$8) | AN63: =SUM(AF63:AM63) -> 16150.854 | AP63: =IF(W63="","",IFERROR(W63*$U63,$U63/$AN63*AF63)) | AQ63: =IF(X63="","",IFERROR(X63*$U63,$U63/$AN63*AG63)) -> 66752.581 | AR63: =IF(Y63="","",IFERROR(Y63*$U63,$U63/$AN63*AH63)) | AS63: =IF(Z63="","",IFERROR(Z63*$U63,$U63/$AN63*AI63)) | AT63: =IF(AA63="","",IFERROR(AA63*$U63,$U63/$AN63*AJ63)) | AU63: =IF(AB63="","",IFERROR(AB63*$U63,$U63/$AN63*AK63)) | AV63: =IF(AC63="","",IFERROR(AC63*$U63,$U63/$AN63*AL63)) | AW63: =IF(AD63="","",IFERROR(AD63*$U63,$U63/$AN63*AM63)) | AX63: =SUM(AP63:AW63) -> 66752.581
B64: MBHWM029 | C64: C0013182 | D64: Water Main | F64: AC/FRC | G64: 375 | I64: WMAC/FRC375 | K64: 53.4545 | L64: =IFERROR(VLOOKUP(H64,UR_N1,3,FALSE),"") | M64: =IFERROR(L64*J64,0) -> 0 | N64: =IFERROR(VLOOKUP(I64,UR_N1,3,FALSE),"") -> 900.77593 | O64: =N64*K64 -> 48150.527 | P64: 1 | Q64: =O64*P64 -> 48150.527 | R64: 0.13 | S64: =Q64*(1+R64) -> 54410.096 | U64: =(S64*(1-T64))+M64 -> 54410.096 | X64: Y | AF64: =IF(W64="","",AF$8) | AG64: =IF(X64="","",AG$8) -> 16150.854 | AH64: =IF(Y64="","",AH$8) | AI64: =IF(Z64="","",AI$8) | AJ64: =IF(AA64="","",AJ$8) | AK64: =IF(AB64="","",AK$8) | AL64: =IF(AC64="","",AL$8) | AM64: =IF(AD64="","",AM$8) | AN64: =SUM(AF64:AM64) -> 16150.854 | AP64: =IF(W64="","",IFERROR(W64*$U64,$U64/$AN64*AF64)) | AQ64: =IF(X64="","",IFERROR(X64*$U64,$U64/$AN64*AG64)) -> 54410.096 | AR64: =IF(Y64="","",IFERROR(Y64*$U64,$U64/$AN64*AH64)) | AS64: =IF(Z64="","",IFERROR(Z64*$U64,$U64/$AN64*AI64)) | AT64: =IF(AA64="","",IFERROR(AA64*$U64,$U64/$AN64*AJ64)) | AU64: =IF(AB64="","",IFERROR(AB64*$U64,$U64/$AN64*AK64)) | AV64: =IF(AC64="","",IFERROR(AC64*$U64,$U64/$AN64*AL64)) | AW64: =IF(AD64="","",IFERROR(AD64*$U64,$U64/$AN64*AM64)) | AX64: =SUM(AP64:AW64) -> 54410.096
B65: MBHWM030 | C65: C0013196 | D65: Water Main | F65: UPVC | G65: 200 | I65: WMuPVC200 | K65: 35.0462 | L65: =IFERROR(VLOOKUP(H65,UR_N1,3,FALSE),"") | M65: =IFERROR(L65*J65,0) -> 0 | N65: =IFERROR(VLOOKUP(I65,UR_N1,3,FALSE),"") -> 336.63763 | O65: =N65*K65 -> 11797.87 | P65: 1 | Q65: =O65*P65 -> 11797.87 | R65: 0.13 | S65: =Q65*(1+R65) -> 13331.593 | U65: =(S65*(1-T65))+M65 -> 13331.593 | X65: Y | AF65: =IF(W65="","",AF$8) | AG65: =IF(X65="","",AG$8) -> 16150.854 | AH65: =IF(Y65="","",AH$8) | AI65: =IF(Z65="","",AI$8) | AJ65: =IF(AA65="","",AJ$8) | AK65: =IF(AB65="","",AK$8) | AL65: =IF(AC65="","",AL$8) | AM65: =IF(AD65="","",AM$8) | AN65: =SUM(AF65:AM65) -> 16150.854 | AP65: =IF(W65="","",IFERROR(W65*$U65,$U65/$AN65*AF65)) | AQ65: =IF(X65="","",IFERROR(X65*$U65,$U65/$AN65*AG65)) -> 13331.593 | AR65: =IF(Y65="","",IFERROR(Y65*$U65,$U65/$AN65*AH65)) | AS65: =IF(Z65="","",IFERROR(Z65*$U65,$U65/$AN65*AI65)) | AT65: =IF(AA65="","",IFERROR(AA65*$U65,$U65/$AN65*AJ65)) | AU65: =IF(AB65="","",IFERROR(AB65*$U65,$U65/$AN65*AK65)) | AV65: =IF(AC65="","",IFERROR(AC65*$U65,$U65/$AN65*AL65)) | AW65: =IF(AD65="","",IFERROR(AD65*$U65,$U65/$AN65*AM65)) | AX65: =SUM(AP65:AW65) -> 13331.593
B66: MBHWM031 | C66: #N/A | D66: Water Main | F66: UPVC | G66: 200 | I66: WMuPVC200 | K66: 7.09048 | L66: =IFERROR(VLOOKUP(H66,UR_N1,3,FALSE),"") | M66: =IFERROR(L66*J66,0) -> 0 | N66: =IFERROR(VLOOKUP(I66,UR_N1,3,FALSE),"") -> 336.63763 | O66: =N66*K66 -> 2386.9224 | P66: 1 | Q66: =O66*P66 -> 2386.9224 | R66: 0.13 | S66: =Q66*(1+R66) -> 2697.2223 | U66: =(S66*(1-T66))+M66 -> 2697.2223 | X66: Y | AF66: =IF(W66="","",AF$8) | AG66: =IF(X66="","",AG$8) -> 16150.854 | AH66: =IF(Y66="","",AH$8) | AI66: =IF(Z66="","",AI$8) | AJ66: =IF(AA66="","",AJ$8) | AK66: =IF(AB66="","",AK$8) | AL66: =IF(AC66="","",AL$8) | AM66: =IF(AD66="","",AM$8) | AN66: =SUM(AF66:AM66) -> 16150.854 | AP66: =IF(W66="","",IFERROR(W66*$U66,$U66/$AN66*AF66)) | AQ66: =IF(X66="","",IFERROR(X66*$U66,$U66/$AN66*AG66)) -> 2697.2223 | AR66: =IF(Y66="","",IFERROR(Y66*$U66,$U66/$AN66*AH66)) | AS66: =IF(Z66="","",IFERROR(Z66*$U66,$U66/$AN66*AI66)) | AT66: =IF(AA66="","",IFERROR(AA66*$U66,$U66/$AN66*AJ66)) | AU66: =IF(AB66="","",IFERROR(AB66*$U66,$U66/$AN66*AK66)) | AV66: =IF(AC66="","",IFERROR(AC66*$U66,$U66/$AN66*AL66)) | AW66: =IF(AD66="","",IFERROR(AD66*$U66,$U66/$AN66*AM66)) | AX66: =SUM(AP66:AW66) -> 2697.2223
B67: MBHWM032 | C67: C0013119 | D67: Water Main | F67: AC/FRC | G67: 250 | I67: WMAC/FRC250 | K67: 63.1529 | L67: =IFERROR(VLOOKUP(H67,UR_N1,3,FALSE),"") | M67: =IFERROR(L67*J67,0) -> 0 | N67: =IFERROR(VLOOKUP(I67,UR_N1,3,FALSE),"") -> 562.29017 | O67: =N67*K67 -> 35510.255 | P67: 1 | Q67: =O67*P67 -> 35510.255 | R67: 0.13 | S67: =Q67*(1+R67) -> 40126.588 | U67: =(S67*(1-T67))+M67 -> 40126.588 | X67: Y | AF67: =IF(W67="","",AF$8) | AG67: =IF(X67="","",AG$8) -> 16150.854 | AH67: =IF(Y67="","",AH$8) | AI67: =IF(Z67="","",AI$8) | AJ67: =IF(AA67="","",AJ$8) | AK67: =IF(AB67="","",AK$8) | AL67: =IF(AC67="","",AL$8) | AM67: =IF(AD67="","",AM$8) | AN67: =SUM(AF67:AM67) -> 16150.854 | AP67: =IF(W67="","",IFERROR(W67*$U67,$U67/$AN67*AF67)) | AQ67: =IF(X67="","",IFERROR(X67*$U67,$U67/$AN67*AG67)) -> 40126.588 | AR67: =IF(Y67="","",IFERROR(Y67*$U67,$U67/$AN67*AH67)) | AS67: =IF(Z67="","",IFERROR(Z67*$U67,$U67/$AN67*AI67)) | AT67: =IF(AA67="","",IFERROR(AA67*$U67,$U67/$AN67*AJ67)) | AU67: =IF(AB67="","",IFERROR(AB67*$U67,$U67/$AN67*AK67)) | AV67: =IF(AC67="","",IFERROR(AC67*$U67,$U67/$AN67*AL67)) | AW67: =IF(AD67="","",IFERROR(AD67*$U67,$U67/$AN67*AM67)) | AX67: =SUM(AP67:AW67) -> 40126.588
B68: MBHWM033 | C68: #N/A | D68: Water Main | F68: AC/FRC | G68: 250 | I68: WMAC/FRC250 | K68: 74.6374 | L68: =IFERROR(VLOOKUP(H68,UR_N1,3,FALSE),"") | M68: =IFERROR(L68*J68,0) -> 0 | N68: =IFERROR(VLOOKUP(I68,UR_N1,3,FALSE),"") -> 562.29017 | O68: =N68*K68 -> 41967.877 | P68: 1 | Q68: =O68*P68 -> 41967.877 | R68: 0.13 | S68: =Q68*(1+R68) -> 47423.7 | U68: =(S68*(1-T68))+M68 -> 47423.7 | X68: Y | AF68: =IF(W68="","",AF$8) | AG68: =IF(X68="","",AG$8) -> 16150.854 | AH68: =IF(Y68="","",AH$8) | AI68: =IF(Z68="","",AI$8) | AJ68: =IF(AA68="","",AJ$8) | AK68: =IF(AB68="","",AK$8) | AL68: =IF(AC68="","",AL$8) | AM68: =IF(AD68="","",AM$8) | AN68: =SUM(AF68:AM68) -> 16150.854 | AP68: =IF(W68="","",IFERROR(W68*$U68,$U68/$AN68*AF68)) | AQ68: =IF(X68="","",IFERROR(X68*$U68,$U68/$AN68*AG68)) -> 47423.7 | AR68: =IF(Y68="","",IFERROR(Y68*$U68,$U68/$AN68*AH68)) | AS68: =IF(Z68="","",IFERROR(Z68*$U68,$U68/$AN68*AI68)) | AT68: =IF(AA68="","",IFERROR(AA68*$U68,$U68/$AN68*AJ68)) | AU68: =IF(AB68="","",IFERROR(AB68*$U68,$U68/$AN68*AK68)) | AV68: =IF(AC68="","",IFERROR(AC68*$U68,$U68/$AN68*AL68)) | AW68: =IF(AD68="","",IFERROR(AD68*$U68,$U68/$AN68*AM68)) | AX68: =SUM(AP68:AW68) -> 47423.7
B69: MBHWM034 | C69: C0013354 | D69: Water Main | F69: AC/FRC | G69: 200 | I69: WMAC/FRC200 | K69: 65.4402 | L69: =IFERROR(VLOOKUP(H69,UR_N1,3,FALSE),"") | M69: =IFERROR(L69*J69,0) -> 0 | N69: =IFERROR(VLOOKUP(I69,UR_N1,3,FALSE),"") -> 336.63763 | O69: =N69*K69 -> 22029.634 | P69: 1 | Q69: =O69*P69 -> 22029.634 | R69: 0.13 | S69: =Q69*(1+R69) -> 24893.486 | U69: =(S69*(1-T69))+M69 -> 24893.486 | X69: Y | AF69: =IF(W69="","",AF$8) | AG69: =IF(X69="","",AG$8) -> 16150.854 | AH69: =IF(Y69="","",AH$8) | AI69: =IF(Z69="","",AI$8) | AJ69: =IF(AA69="","",AJ$8) | AK69: =IF(AB69="","",AK$8) | AL69: =IF(AC69="","",AL$8) | AM69: =IF(AD69="","",AM$8) | AN69: =SUM(AF69:AM69) -> 16150.854 | AP69: =IF(W69="","",IFERROR(W69*$U69,$U69/$AN69*AF69)) | AQ69: =IF(X69="","",IFERROR(X69*$U69,$U69/$AN69*AG69)) -> 24893.486 | AR69: =IF(Y69="","",IFERROR(Y69*$U69,$U69/$AN69*AH69)) | AS69: =IF(Z69="","",IFERROR(Z69*$U69,$U69/$AN69*AI69)) | AT69: =IF(AA69="","",IFERROR(AA69*$U69,$U69/$AN69*AJ69)) | AU69: =IF(AB69="","",IFERROR(AB69*$U69,$U69/$AN69*AK69)) | AV69: =IF(AC69="","",IFERROR(AC69*$U69,$U69/$AN69*AL69)) | AW69: =IF(AD69="","",IFERROR(AD69*$U69,$U69/$AN69*AM69)) | AX69: =SUM(AP69:AW69) -> 24893.486
B70: MBHWM035 | C70: #N/A | D70: Water Main | F70: UPVC | G70: 200 | I70: WMuPVC200 | K70: 35.3002 | L70: =IFERROR(VLOOKUP(H70,UR_N1,3,FALSE),"") | M70: =IFERROR(L70*J70,0) -> 0 | N70: =IFERROR(VLOOKUP(I70,UR_N1,3,FALSE),"") -> 336.63763 | O70: =N70*K70 -> 11883.376 | P70: 1 | Q70: =O70*P70 -> 11883.376 | R70: 0.13 | S70: =Q70*(1+R70) -> 13428.215 | U70: =(S70*(1-T70))+M70 -> 13428.215 | X70: Y | AF70: =IF(W70="","",AF$8) | AG70: =IF(X70="","",AG$8) -> 16150.854 | AH70: =IF(Y70="","",AH$8) | AI70: =IF(Z70="","",AI$8) | AJ70: =IF(AA70="","",AJ$8) | AK70: =IF(AB70="","",AK$8) | AL70: =IF(AC70="","",AL$8) | AM70: =IF(AD70="","",AM$8) | AN70: =SUM(AF70:AM70) -> 16150.854 | AP70: =IF(W70="","",IFERROR(W70*$U70,$U70/$AN70*AF70)) | AQ70: =IF(X70="","",IFERROR(X70*$U70,$U70/$AN70*AG70)) -> 13428.215 | AR70: =IF(Y70="","",IFERROR(Y70*$U70,$U70/$AN70*AH70)) | AS70: =IF(Z70="","",IFERROR(Z70*$U70,$U70/$AN70*AI70)) | AT70: =IF(AA70="","",IFERROR(AA70*$U70,$U70/$AN70*AJ70)) | AU70: =IF(AB70="","",IFERROR(AB70*$U70,$U70/$AN70*AK70)) | AV70: =IF(AC70="","",IFERROR(AC70*$U70,$U70/$AN70*AL70)) | AW70: =IF(AD70="","",IFERROR(AD70*$U70,$U70/$AN70*AM70)) | AX70: =SUM(AP70:AW70) -> 13428.215
B71: MBHWM036 | C71: #N/A | D71: Water Main | F71: UPVC | G71: 200 | I71: WMuPVC200 | K71: 51.8076 | L71: =IFERROR(VLOOKUP(H71,UR_N1,3,FALSE),"") | M71: =IFERROR(L71*J71,0) -> 0 | N71: =IFERROR(VLOOKUP(I71,UR_N1,3,FALSE),"") -> 336.63763 | O71: =N71*K71 -> 17440.388 | P71: 1 | Q71: =O71*P71 -> 17440.388 | R71: 0.13 | S71: =Q71*(1+R71) -> 19707.638 | U71: =(S71*(1-T71))+M71 -> 19707.638 | X71: Y | AF71: =IF(W71="","",AF$8) | AG71: =IF(X71="","",AG$8) -> 16150.854 | AH71: =IF(Y71="","",AH$8) | AI71: =IF(Z71="","",AI$8) | AJ71: =IF(AA71="","",AJ$8) | AK71: =IF(AB71="","",AK$8) | AL71: =IF(AC71="","",AL$8) | AM71: =IF(AD71="","",AM$8) | AN71: =SUM(AF71:AM71) -> 16150.854 | AP71: =IF(W71="","",IFERROR(W71*$U71,$U71/$AN71*AF71)) | AQ71: =IF(X71="","",IFERROR(X71*$U71,$U71/$AN71*AG71)) -> 19707.638 | AR71: =IF(Y71="","",IFERROR(Y71*$U71,$U71/$AN71*AH71)) | AS71: =IF(Z71="","",IFERROR(Z71*$U71,$U71/$AN71*AI71)) | AT71: =IF(AA71="","",IFERROR(AA71*$U71,$U71/$AN71*AJ71)) | AU71: =IF(AB71="","",IFERROR(AB71*$U71,$U71/$AN71*AK71)) | AV71: =IF(AC71="","",IFERROR(AC71*$U71,$U71/$AN71*AL71)) | AW71: =IF(AD71="","",IFERROR(AD71*$U71,$U71/$AN71*AM71)) | AX71: =SUM(AP71:AW71) -> 19707.638
B72: MBHWM037 | C72: C0013354 | D72: Water Main | F72: AC/FRC | G72: 200 | I72: WMAC/FRC200 | K72: 58.5402 | L72: =IFERROR(VLOOKUP(H72,UR_N1,3,FALSE),"") | M72: =IFERROR(L72*J72,0) -> 0 | N72: =IFERROR(VLOOKUP(I72,UR_N1,3,FALSE),"") -> 336.63763 | O72: =N72*K72 -> 19706.834 | P72: 1 | Q72: =O72*P72 -> 19706.834 | R72: 0.13 | S72: =Q72*(1+R72) -> 22268.723 | U72: =(S72*(1-T72))+M72 -> 22268.723 | X72: Y | AF72: =IF(W72="","",AF$8) | AG72: =IF(X72="","",AG$8) -> 16150.854 | AH72: =IF(Y72="","",AH$8) | AI72: =IF(Z72="","",AI$8) | AJ72: =IF(AA72="","",AJ$8) | AK72: =IF(AB72="","",AK$8) | AL72: =IF(AC72="","",AL$8) | AM72: =IF(AD72="","",AM$8) | AN72: =SUM(AF72:AM72) -> 16150.854 | AP72: =IF(W72="","",IFERROR(W72*$U72,$U72/$AN72*AF72)) | AQ72: =IF(X72="","",IFERROR(X72*$U72,$U72/$AN72*AG72)) -> 22268.723 | AR72: =IF(Y72="","",IFERROR(Y72*$U72,$U72/$AN72*AH72)) | AS72: =IF(Z72="","",IFERROR(Z72*$U72,$U72/$AN72*AI72)) | AT72: =IF(AA72="","",IFERROR(AA72*$U72,$U72/$AN72*AJ72)) | AU72: =IF(AB72="","",IFERROR(AB72*$U72,$U72/$AN72*AK72)) | AV72: =IF(AC72="","",IFERROR(AC72*$U72,$U72/$AN72*AL72)) | AW72: =IF(AD72="","",IFERROR(AD72*$U72,$U72/$AN72*AM72)) | AX72: =SUM(AP72:AW72) -> 22268.723
B73: MBHWM039 | C73: #N/A | D73: Water Main | F73: UPVC | G73: 250 | I73: WMuPVC250 | K73: 37.007 | L73: =IFERROR(VLOOKUP(H73,UR_N1,3,FALSE),"") | M73: =IFERROR(L73*J73,0) -> 0 | N73: =IFERROR(VLOOKUP(I73,UR_N1,3,FALSE),"") -> 562.29017 | O73: =N73*K73 -> 20808.672 | P73: 1 | Q73: =O73*P73 -> 20808.672 | R73: 0.13 | S73: =Q73*(1+R73) -> 23513.8 | U73: =(S73*(1-T73))+M73 -> 23513.8 | X73: Y | AF73: =IF(W73="","",AF$8) | AG73: =IF(X73="","",AG$8) -> 16150.854 | AH73: =IF(Y73="","",AH$8) | AI73: =IF(Z73="","",AI$8) | AJ73: =IF(AA73="","",AJ$8) | AK73: =IF(AB73="","",AK$8) | AL73: =IF(AC73="","",AL$8) | AM73: =IF(AD73="","",AM$8) | AN73: =SUM(AF73:AM73) -> 16150.854 | AP73: =IF(W73="","",IFERROR(W73*$U73,$U73/$AN73*AF73)) | AQ73: =IF(X73="","",IFERROR(X73*$U73,$U73/$AN73*AG73)) -> 23513.8 | AR73: =IF(Y73="","",IFERROR(Y73*$U73,$U73/$AN73*AH73)) | AS73: =IF(Z73="","",IFERROR(Z73*$U73,$U73/$AN73*AI73)) | AT73: =IF(AA73="","",IFERROR(AA73*$U73,$U73/$AN73*AJ73)) | AU73: =IF(AB73="","",IFERROR(AB73*$U73,$U73/$AN73*AK73)) | AV73: =IF(AC73="","",IFERROR(AC73*$U73,$U73/$AN73*AL73)) | AW73: =IF(AD73="","",IFERROR(AD73*$U73,$U73/$AN73*AM73)) | AX73: =SUM(AP73:AW73) -> 23513.8
B74: MBHWM041 | C74: C0013144 | D74: Water Main | F74: AC/FRC | G74: 375 | I74: WMAC/FRC375 | K74: 75.8444 | L74: =IFERROR(VLOOKUP(H74,UR_N1,3,FALSE),"") | M74: =IFERROR(L74*J74,0) -> 0 | N74: =IFERROR(VLOOKUP(I74,UR_N1,3,FALSE),"") -> 900.77593 | O74: =N74*K74 -> 68318.81 | P74: 1 | Q74: =O74*P74 -> 68318.81 | R74: 0.13 | S74: =Q74*(1+R74) -> 77200.256 | U74: =(S74*(1-T74))+M74 -> 77200.256 | X74: Y | AF74: =IF(W74="","",AF$8) | AG74: =IF(X74="","",AG$8) -> 16150.854 | AH74: =IF(Y74="","",AH$8) | AI74: =IF(Z74="","",AI$8) | AJ74: =IF(AA74="","",AJ$8) | AK74: =IF(AB74="","",AK$8) | AL74: =IF(AC74="","",AL$8) | AM74: =IF(AD74="","",AM$8) | AN74: =SUM(AF74:AM74) -> 16150.854 | AP74: =IF(W74="","",IFERROR(W74*$U74,$U74/$AN74*AF74)) | AQ74: =IF(X74="","",IFERROR(X74*$U74,$U74/$AN74*AG74)) -> 77200.256 | AR74: =IF(Y74="","",IFERROR(Y74*$U74,$U74/$AN74*AH74)) | AS74: =IF(Z74="","",IFERROR(Z74*$U74,$U74/$AN74*AI74)) | AT74: =IF(AA74="","",IFERROR(AA74*$U74,$U74/$AN74*AJ74)) | AU74: =IF(AB74="","",IFERROR(AB74*$U74,$U74/$AN74*AK74)) | AV74: =IF(AC74="","",IFERROR(AC74*$U74,$U74/$AN74*AL74)) | AW74: =IF(AD74="","",IFERROR(AD74*$U74,$U74/$AN74*AM74)) | AX74: =SUM(AP74:AW74) -> 77200.256
B75: MBHWM042 | C75: C0013354 | D75: Water Main | F75: AC/FRC | G75: 200 | I75: WMAC/FRC200 | K75: 66.0099 | L75: =IFERROR(VLOOKUP(H75,UR_N1,3,FALSE),"") | M75: =IFERROR(L75*J75,0) -> 0 | N75: =IFERROR(VLOOKUP(I75,UR_N1,3,FALSE),"") -> 336.63763 | O75: =N75*K75 -> 22221.416 | P75: 1 | Q75: =O75*P75 -> 22221.416 | R75: 0.13 | S75: =Q75*(1+R75) -> 25110.2 | U75: =(S75*(1-T75))+M75 -> 25110.2 | X75: Y | AF75: =IF(W75="","",AF$8) | AG75: =IF(X75="","",AG$8) -> 16150.854 | AH75: =IF(Y75="","",AH$8) | AI75: =IF(Z75="","",AI$8) | AJ75: =IF(AA75="","",AJ$8) | AK75: =IF(AB75="","",AK$8) | AL75: =IF(AC75="","",AL$8) | AM75: =IF(AD75="","",AM$8) | AN75: =SUM(AF75:AM75) -> 16150.854 | AP75: =IF(W75="","",IFERROR(W75*$U75,$U75/$AN75*AF75)) | AQ75: =IF(X75="","",IFERROR(X75*$U75,$U75/$AN75*AG75)) -> 25110.2 | AR75: =IF(Y75="","",IFERROR(Y75*$U75,$U75/$AN75*AH75)) | AS75: =IF(Z75="","",IFERROR(Z75*$U75,$U75/$AN75*AI75)) | AT75: =IF(AA75="","",IFERROR(AA75*$U75,$U75/$AN75*AJ75)) | AU75: =IF(AB75="","",IFERROR(AB75*$U75,$U75/$AN75*AK75)) | AV75: =IF(AC75="","",IFERROR(AC75*$U75,$U75/$AN75*AL75)) | AW75: =IF(AD75="","",IFERROR(AD75*$U75,$U75/$AN75*AM75)) | AX75: =SUM(AP75:AW75) -> 25110.2
B76: MBHWM043 | C76: C0013204 | D76: Water Main | F76: AC/FRC | G76: 375 | I76: WMAC/FRC375 | K76: 11.841 | L76: =IFERROR(VLOOKUP(H76,UR_N1,3,FALSE),"") | M76: =IFERROR(L76*J76,0) -> 0 | N76: =IFERROR(VLOOKUP(I76,UR_N1,3,FALSE),"") -> 900.77593 | O76: =N76*K76 -> 10666.088 | P76: 1 | Q76: =O76*P76 -> 10666.088 | R76: 0.13 | S76: =Q76*(1+R76) -> 12052.679 | U76: =(S76*(1-T76))+M76 -> 12052.679 | X76: Y | AF76: =IF(W76="","",AF$8) | AG76: =IF(X76="","",AG$8) -> 16150.854 | AH76: =IF(Y76="","",AH$8) | AI76: =IF(Z76="","",AI$8) | AJ76: =IF(AA76="","",AJ$8) | AK76: =IF(AB76="","",AK$8) | AL76: =IF(AC76="","",AL$8) | AM76: =IF(AD76="","",AM$8) | AN76: =SUM(AF76:AM76) -> 16150.854 | AP76: =IF(W76="","",IFERROR(W76*$U76,$U76/$AN76*AF76)) | AQ76: =IF(X76="","",IFERROR(X76*$U76,$U76/$AN76*AG76)) -> 12052.679 | AR76: =IF(Y76="","",IFERROR(Y76*$U76,$U76/$AN76*AH76)) | AS76: =IF(Z76="","",IFERROR(Z76*$U76,$U76/$AN76*AI76)) | AT76: =IF(AA76="","",IFERROR(AA76*$U76,$U76/$AN76*AJ76)) | AU76: =IF(AB76="","",IFERROR(AB76*$U76,$U76/$AN76*AK76)) | AV76: =IF(AC76="","",IFERROR(AC76*$U76,$U76/$AN76*AL76)) | AW76: =IF(AD76="","",IFERROR(AD76*$U76,$U76/$AN76*AM76)) | AX76: =SUM(AP76:AW76) -> 12052.679
B77: MBHWM044 | C77: C0013182 | D77: Water Main | F77: AC/FRC | G77: 375 | I77: WMAC/FRC375 | K77: 69.1243 | L77: =IFERROR(VLOOKUP(H77,UR_N1,3,FALSE),"") | M77: =IFERROR(L77*J77,0) -> 0 | N77: =IFERROR(VLOOKUP(I77,UR_N1,3,FALSE),"") -> 900.77593 | O77: =N77*K77 -> 62265.506 | P77: 1 | Q77: =O77*P77 -> 62265.506 | R77: 0.13 | S77: =Q77*(1+R77) -> 70360.022 | U77: =(S77*(1-T77))+M77 -> 70360.022 | X77: Y | AF77: =IF(W77="","",AF$8) | AG77: =IF(X77="","",AG$8) -> 16150.854 | AH77: =IF(Y77="","",AH$8) | AI77: =IF(Z77="","",AI$8) | AJ77: =IF(AA77="","",AJ$8) | AK77: =IF(AB77="","",AK$8) | AL77: =IF(AC77="","",AL$8) | AM77: =IF(AD77="","",AM$8) | AN77: =SUM(AF77:AM77) -> 16150.854 | AP77: =IF(W77="","",IFERROR(W77*$U77,$U77/$AN77*AF77)) | AQ77: =IF(X77="","",IFERROR(X77*$U77,$U77/$AN77*AG77)) -> 70360.022 | AR77: =IF(Y77="","",IFERROR(Y77*$U77,$U77/$AN77*AH77)) | AS77: =IF(Z77="","",IFERROR(Z77*$U77,$U77/$AN77*AI77)) | AT77: =IF(AA77="","",IFERROR(AA77*$U77,$U77/$AN77*AJ77)) | AU77: =IF(AB77="","",IFERROR(AB77*$U77,$U77/$AN77*AK77)) | AV77: =IF(AC77="","",IFERROR(AC77*$U77,$U77/$AN77*AL77)) | AW77: =IF(AD77="","",IFERROR(AD77*$U77,$U77/$AN77*AM77)) | AX77: =SUM(AP77:AW77) -> 70360.022
B78: MBHWM045 | C78: #N/A | D78: Water Main | F78: UPVC | G78: 200 | I78: WMuPVC200 | K78: 34.2461 | L78: =IFERROR(VLOOKUP(H78,UR_N1,3,FALSE),"") | M78: =IFERROR(L78*J78,0) -> 0 | N78: =IFERROR(VLOOKUP(I78,UR_N1,3,FALSE),"") -> 336.63763 | O78: =N78*K78 -> 11528.526 | P78: 1 | Q78: =O78*P78 -> 11528.526 | R78: 0.13 | S78: =Q78*(1+R78) -> 13027.234 | U78: =(S78*(1-T78))+M78 -> 13027.234 | X78: Y | AF78: =IF(W78="","",AF$8) | AG78: =IF(X78="","",AG$8) -> 16150.854 | AH78: =IF(Y78="","",AH$8) | AI78: =IF(Z78="","",AI$8) | AJ78: =IF(AA78="","",AJ$8) | AK78: =IF(AB78="","",AK$8) | AL78: =IF(AC78="","",AL$8) | AM78: =IF(AD78="","",AM$8) | AN78: =SUM(AF78:AM78) -> 16150.854 | AP78: =IF(W78="","",IFERROR(W78*$U78,$U78/$AN78*AF78)) | AQ78: =IF(X78="","",IFERROR(X78*$U78,$U78/$AN78*AG78)) -> 13027.234 | AR78: =IF(Y78="","",IFERROR(Y78*$U78,$U78/$AN78*AH78)) | AS78: =IF(Z78="","",IFERROR(Z78*$U78,$U78/$AN78*AI78)) | AT78: =IF(AA78="","",IFERROR(AA78*$U78,$U78/$AN78*AJ78)) | AU78: =IF(AB78="","",IFERROR(AB78*$U78,$U78/$AN78*AK78)) | AV78: =IF(AC78="","",IFERROR(AC78*$U78,$U78/$AN78*AL78)) | AW78: =IF(AD78="","",IFERROR(AD78*$U78,$U78/$AN78*AM78)) | AX78: =SUM(AP78:AW78) -> 13027.234
B79: MBHWM047 | C79: #N/A | D79: Water Main | F79: AC/FRC | G79: 250 | I79: WMAC/FRC250 | K79: 164.942 | L79: =IFERROR(VLOOKUP(H79,UR_N1,3,FALSE),"") | M79: =IFERROR(L79*J79,0) -> 0 | N79: =IFERROR(VLOOKUP(I79,UR_N1,3,FALSE),"") -> 562.29017 | O79: =N79*K79 -> 92745.266 | P79: 1 | Q79: =O79*P79 -> 92745.266 | R79: 0.13 | S79: =Q79*(1+R79) -> 104802.15 | U79: =(S79*(1-T79))+M79 -> 104802.15 | X79: Y | AF79: =IF(W79="","",AF$8) | AG79: =IF(X79="","",AG$8) -> 16150.854 | AH79: =IF(Y79="","",AH$8) | AI79: =IF(Z79="","",AI$8) | AJ79: =IF(AA79="","",AJ$8) | AK79: =IF(AB79="","",AK$8) | AL79: =IF(AC79="","",AL$8) | AM79: =IF(AD79="","",AM$8) | AN79: =SUM(AF79:AM79) -> 16150.854 | AP79: =IF(W79="","",IFERROR(W79*$U79,$U79/$AN79*AF79)) | AQ79: =IF(X79="","",IFERROR(X79*$U79,$U79/$AN79*AG79)) -> 104802.15 | AR79: =IF(Y79="","",IFERROR(Y79*$U79,$U79/$AN79*AH79)) | AS79: =IF(Z79="","",IFERROR(Z79*$U79,$U79/$AN79*AI79)) | AT79: =IF(AA79="","",IFERROR(AA79*$U79,$U79/$AN79*AJ79)) | AU79: =IF(AB79="","",IFERROR(AB79*$U79,$U79/$AN79*AK79)) | AV79: =IF(AC79="","",IFERROR(AC79*$U79,$U79/$AN79*AL79)) | AW79: =IF(AD79="","",IFERROR(AD79*$U79,$U79/$AN79*AM79)) | AX79: =SUM(AP79:AW79) -> 104802.15
B80: MBHWM049 | C80: #N/A | D80: Water Main | F80: UPVC | G80: 200 | I80: WMuPVC200 | K80: 12.1879 | L80: =IFERROR(VLOOKUP(H80,UR_N1,3,FALSE),"") | M80: =IFERROR(L80*J80,0) -> 0 | N80: =IFERROR(VLOOKUP(I80,UR_N1,3,FALSE),"") -> 336.63763 | O80: =N80*K80 -> 4102.9058 | P80: 1 | Q80: =O80*P80 -> 4102.9058 | R80: 0.13 | S80: =Q80*(1+R80) -> 4636.2835 | U80: =(S80*(1-T80))+M80 -> 4636.2835 | X80: Y | AF80: =IF(W80="","",AF$8) | AG80: =IF(X80="","",AG$8) -> 16150.854 | AH80: =IF(Y80="","",AH$8) | AI80: =IF(Z80="","",AI$8) | AJ80: =IF(AA80="","",AJ$8) | AK80: =IF(AB80="","",AK$8) | AL80: =IF(AC80="","",AL$8) | AM80: =IF(AD80="","",AM$8) | AN80: =SUM(AF80:AM80) -> 16150.854 | AP80: =IF(W80="","",IFERROR(W80*$U80,$U80/$AN80*AF80)) | AQ80: =IF(X80="","",IFERROR(X80*$U80,$U80/$AN80*AG80)) -> 4636.2835 | AR80: =IF(Y80="","",IFERROR(Y80*$U80,$U80/$AN80*AH80)) | AS80: =IF(Z80="","",IFERROR(Z80*$U80,$U80/$AN80*AI80)) | AT80: =IF(AA80="","",IFERROR(AA80*$U80,$U80/$AN80*AJ80)) | AU80: =IF(AB80="","",IFERROR(AB80*$U80,$U80/$AN80*AK80)) | AV80: =IF(AC80="","",IFERROR(AC80*$U80,$U80/$AN80*AL80)) | AW80: =IF(AD80="","",IFERROR(AD80*$U80,$U80/$AN80*AM80)) | AX80: =SUM(AP80:AW80) -> 4636.2835
B81: MBHWM050 | C81: C0013354 | D81: Water Main | F81: AC/FRC | G81: 200 | I81: WMAC/FRC200 | K81: 46.4256 | L81: =IFERROR(VLOOKUP(H81,UR_N1,3,FALSE),"") | M81: =IFERROR(L81*J81,0) -> 0 | N81: =IFERROR(VLOOKUP(I81,UR_N1,3,FALSE),"") -> 336.63763 | O81: =N81*K81 -> 15628.604 | P81: 1 | Q81: =O81*P81 -> 15628.604 | R81: 0.13 | S81: =Q81*(1+R81) -> 17660.323 | U81: =(S81*(1-T81))+M81 -> 17660.323 | X81: Y | AF81: =IF(W81="","",AF$8) | AG81: =IF(X81="","",AG$8) -> 16150.854 | AH81: =IF(Y81="","",AH$8) | AI81: =IF(Z81="","",AI$8) | AJ81: =IF(AA81="","",AJ$8) | AK81: =IF(AB81="","",AK$8) | AL81: =IF(AC81="","",AL$8) | AM81: =IF(AD81="","",AM$8) | AN81: =SUM(AF81:AM81) -> 16150.854 | AP81: =IF(W81="","",IFERROR(W81*$U81,$U81/$AN81*AF81)) | AQ81: =IF(X81="","",IFERROR(X81*$U81,$U81/$AN81*AG81)) -> 17660.323 | AR81: =IF(Y81="","",IFERROR(Y81*$U81,$U81/$AN81*AH81)) | AS81: =IF(Z81="","",IFERROR(Z81*$U81,$U81/$AN81*AI81)) | AT81: =IF(AA81="","",IFERROR(AA81*$U81,$U81/$AN81*AJ81)) | AU81: =IF(AB81="","",IFERROR(AB81*$U81,$U81/$AN81*AK81)) | AV81: =IF(AC81="","",IFERROR(AC81*$U81,$U81/$AN81*AL81)) | AW81: =IF(AD81="","",IFERROR(AD81*$U81,$U81/$AN81*AM81)) | AX81: =SUM(AP81:AW81) -> 17660.323
B82: MBHWM051 | C82: C0013354 | D82: Water Main | F82: AC/FRC | G82: 200 | I82: WMAC/FRC200 | K82: 31.0601 | L82: =IFERROR(VLOOKUP(H82,UR_N1,3,FALSE),"") | M82: =IFERROR(L82*J82,0) -> 0 | N82: =IFERROR(VLOOKUP(I82,UR_N1,3,FALSE),"") -> 336.63763 | O82: =N82*K82 -> 10455.998 | P82: 1 | Q82: =O82*P82 -> 10455.998 | R82: 0.13 | S82: =Q82*(1+R82) -> 11815.278 | U82: =(S82*(1-T82))+M82 -> 11815.278 | X82: Y | AF82: =IF(W82="","",AF$8) | AG82: =IF(X82="","",AG$8) -> 16150.854 | AH82: =IF(Y82="","",AH$8) | AI82: =IF(Z82="","",AI$8) | AJ82: =IF(AA82="","",AJ$8) | AK82: =IF(AB82="","",AK$8) | AL82: =IF(AC82="","",AL$8) | AM82: =IF(AD82="","",AM$8) | AN82: =SUM(AF82:AM82) -> 16150.854 | AP82: =IF(W82="","",IFERROR(W82*$U82,$U82/$AN82*AF82)) | AQ82: =IF(X82="","",IFERROR(X82*$U82,$U82/$AN82*AG82)) -> 11815.278 | AR82: =IF(Y82="","",IFERROR(Y82*$U82,$U82/$AN82*AH82)) | AS82: =IF(Z82="","",IFERROR(Z82*$U82,$U82/$AN82*AI82)) | AT82: =IF(AA82="","",IFERROR(AA82*$U82,$U82/$AN82*AJ82)) | AU82: =IF(AB82="","",IFERROR(AB82*$U82,$U82/$AN82*AK82)) | AV82: =IF(AC82="","",IFERROR(AC82*$U82,$U82/$AN82*AL82)) | AW82: =IF(AD82="","",IFERROR(AD82*$U82,$U82/$AN82*AM82)) | AX82: =SUM(AP82:AW82) -> 11815.278
B83: MBHWM053 | C83: #N/A | D83: Water Main | F83: AC/FRC | G83: 250 | I83: WMAC/FRC250 | K83: 16.5893 | L83: =IFERROR(VLOOKUP(H83,UR_N1,3,FALSE),"") | M83: =IFERROR(L83*J83,0) -> 0 | N83: =IFERROR(VLOOKUP(I83,UR_N1,3,FALSE),"") -> 562.29017 | O83: =N83*K83 -> 9328.0004 | P83: 1 | Q83: =O83*P83 -> 9328.0004 | R83: 0.13 | S83: =Q83*(1+R83) -> 10540.64 | U83: =(S83*(1-T83))+M83 -> 10540.64 | X83: Y | AF83: =IF(W83="","",AF$8) | AG83: =IF(X83="","",AG$8) -> 16150.854 | AH83: =IF(Y83="","",AH$8) | AI83: =IF(Z83="","",AI$8) | AJ83: =IF(AA83="","",AJ$8) | AK83: =IF(AB83="","",AK$8) | AL83: =IF(AC83="","",AL$8) | AM83: =IF(AD83="","",AM$8) | AN83: =SUM(AF83:AM83) -> 16150.854 | AP83: =IF(W83="","",IFERROR(W83*$U83,$U83/$AN83*AF83)) | AQ83: =IF(X83="","",IFERROR(X83*$U83,$U83/$AN83*AG83)) -> 10540.64 | AR83: =IF(Y83="","",IFERROR(Y83*$U83,$U83/$AN83*AH83)) | AS83: =IF(Z83="","",IFERROR(Z83*$U83,$U83/$AN83*AI83)) | AT83: =IF(AA83="","",IFERROR(AA83*$U83,$U83/$AN83*AJ83)) | AU83: =IF(AB83="","",IFERROR(AB83*$U83,$U83/$AN83*AK83)) | AV83: =IF(AC83="","",IFERROR(AC83*$U83,$U83/$AN83*AL83)) | AW83: =IF(AD83="","",IFERROR(AD83*$U83,$U83/$AN83*AM83)) | AX83: =SUM(AP83:AW83) -> 10540.64
B84: MBHWM054 | C84: C0013290 | D84: Water Main | F84: AC/FRC | G84: 250 | I84: WMAC/FRC250 | K84: 26.1967 | L84: =IFERROR(VLOOKUP(H84,UR_N1,3,FALSE),"") | M84: =IFERROR(L84*J84,0) -> 0 | N84: =IFERROR(VLOOKUP(I84,UR_N1,3,FALSE),"") -> 562.29017 | O84: =N84*K84 -> 14730.147 | P84: 1 | Q84: =O84*P84 -> 14730.147 | R84: 0.13 | S84: =Q84*(1+R84) -> 16645.066 | U84: =(S84*(1-T84))+M84 -> 16645.066 | X84: Y | AF84: =IF(W84="","",AF$8) | AG84: =IF(X84="","",AG$8) -> 16150.854 | AH84: =IF(Y84="","",AH$8) | AI84: =IF(Z84="","",AI$8) | AJ84: =IF(AA84="","",AJ$8) | AK84: =IF(AB84="","",AK$8) | AL84: =IF(AC84="","",AL$8) | AM84: =IF(AD84="","",AM$8) | AN84: =SUM(AF84:AM84) -> 16150.854 | AP84: =IF(W84="","",IFERROR(W84*$U84,$U84/$AN84*AF84)) | AQ84: =IF(X84="","",IFERROR(X84*$U84,$U84/$AN84*AG84)) -> 16645.066 | AR84: =IF(Y84="","",IFERROR(Y84*$U84,$U84/$AN84*AH84)) | AS84: =IF(Z84="","",IFERROR(Z84*$U84,$U84/$AN84*AI84)) | AT84: =IF(AA84="","",IFERROR(AA84*$U84,$U84/$AN84*AJ84)) | AU84: =IF(AB84="","",IFERROR(AB84*$U84,$U84/$AN84*AK84)) | AV84: =IF(AC84="","",IFERROR(AC84*$U84,$U84/$AN84*AL84)) | AW84: =IF(AD84="","",IFERROR(AD84*$U84,$U84/$AN84*AM84)) | AX84: =SUM(AP84:AW84) -> 16645.066
B85: MBHWM055 | C85: C0013119 | D85: Water Main | F85: AC/FRC | G85: 250 | I85: WMAC/FRC250 | K85: 135.917 | L85: =IFERROR(VLOOKUP(H85,UR_N1,3,FALSE),"") | M85: =IFERROR(L85*J85,0) -> 0 | N85: =IFERROR(VLOOKUP(I85,UR_N1,3,FALSE),"") -> 562.29017 | O85: =N85*K85 -> 76424.793 | P85: 1 | Q85: =O85*P85 -> 76424.793 | R85: 0.13 | S85: =Q85*(1+R85) -> 86360.017 | U85: =(S85*(1-T85))+M85 -> 86360.017 | X85: Y | AF85: =IF(W85="","",AF$8) | AG85: =IF(X85="","",AG$8) -> 16150.854 | AH85: =IF(Y85="","",AH$8) | AI85: =IF(Z85="","",AI$8) | AJ85: =IF(AA85="","",AJ$8) | AK85: =IF(AB85="","",AK$8) | AL85: =IF(AC85="","",AL$8) | AM85: =IF(AD85="","",AM$8) | AN85: =SUM(AF85:AM85) -> 16150.854 | AP85: =IF(W85="","",IFERROR(W85*$U85,$U85/$AN85*AF85)) | AQ85: =IF(X85="","",IFERROR(X85*$U85,$U85/$AN85*AG85)) -> 86360.017 | AR85: =IF(Y85="","",IFERROR(Y85*$U85,$U85/$AN85*AH85)) | AS85: =IF(Z85="","",IFERROR(Z85*$U85,$U85/$AN85*AI85)) | AT85: =IF(AA85="","",IFERROR(AA85*$U85,$U85/$AN85*AJ85)) | AU85: =IF(AB85="","",IFERROR(AB85*$U85,$U85/$AN85*AK85)) | AV85: =IF(AC85="","",IFERROR(AC85*$U85,$U85/$AN85*AL85)) | AW85: =IF(AD85="","",IFERROR(AD85*$U85,$U85/$AN85*AM85)) | AX85: =SUM(AP85:AW85) -> 86360.017
B86: MBHWM057 | C86: #N/A | D86: Water Main | F86: UPVC | G86: 200 | I86: WMuPVC200 | K86: 14.7109 | L86: =IFERROR(VLOOKUP(H86,UR_N1,3,FALSE),"") | M86: =IFERROR(L86*J86,0) -> 0 | N86: =IFERROR(VLOOKUP(I86,UR_N1,3,FALSE),"") -> 336.63763 | O86: =N86*K86 -> 4952.2425 | P86: 1 | Q86: =O86*P86 -> 4952.2425 | R86: 0.13 | S86: =Q86*(1+R86) -> 5596.034 | U86: =(S86*(1-T86))+M86 -> 5596.034 | X86: Y | AF86: =IF(W86="","",AF$8) | AG86: =IF(X86="","",AG$8) -> 16150.854 | AH86: =IF(Y86="","",AH$8) | AI86: =IF(Z86="","",AI$8) | AJ86: =IF(AA86="","",AJ$8) | AK86: =IF(AB86="","",AK$8) | AL86: =IF(AC86="","",AL$8) | AM86: =IF(AD86="","",AM$8) | AN86: =SUM(AF86:AM86) -> 16150.854 | AP86: =IF(W86="","",IFERROR(W86*$U86,$U86/$AN86*AF86)) | AQ86: =IF(X86="","",IFERROR(X86*$U86,$U86/$AN86*AG86)) -> 5596.034 | AR86: =IF(Y86="","",IFERROR(Y86*$U86,$U86/$AN86*AH86)) | AS86: =IF(Z86="","",IFERROR(Z86*$U86,$U86/$AN86*AI86)) | AT86: =IF(AA86="","",IFERROR(AA86*$U86,$U86/$AN86*AJ86)) | AU86: =IF(AB86="","",IFERROR(AB86*$U86,$U86/$AN86*AK86)) | AV86: =IF(AC86="","",IFERROR(AC86*$U86,$U86/$AN86*AL86)) | AW86: =IF(AD86="","",IFERROR(AD86*$U86,$U86/$AN86*AM86)) | AX86: =SUM(AP86:AW86) -> 5596.034
B87: MBHWM058 | C87: #N/A | D87: Water Main | F87: AC/FRC | G87: 200 | I87: WMAC/FRC200 | K87: 114.066 | L87: =IFERROR(VLOOKUP(H87,UR_N1,3,FALSE),"") | M87: =IFERROR(L87*J87,0) -> 0 | N87: =IFERROR(VLOOKUP(I87,UR_N1,3,FALSE),"") -> 336.63763 | O87: =N87*K87 -> 38398.908 | P87: 1 | Q87: =O87*P87 -> 38398.908 | R87: 0.13 | S87: =Q87*(1+R87) -> 43390.766 | U87: =(S87*(1-T87))+M87 -> 43390.766 | X87: Y | AF87: =IF(W87="","",AF$8) | AG87: =IF(X87="","",AG$8) -> 16150.854 | AH87: =IF(Y87="","",AH$8) | AI87: =IF(Z87="","",AI$8) | AJ87: =IF(AA87="","",AJ$8) | AK87: =IF(AB87="","",AK$8) | AL87: =IF(AC87="","",AL$8) | AM87: =IF(AD87="","",AM$8) | AN87: =SUM(AF87:AM87) -> 16150.854 | AP87: =IF(W87="","",IFERROR(W87*$U87,$U87/$AN87*AF87)) | AQ87: =IF(X87="","",IFERROR(X87*$U87,$U87/$AN87*AG87)) -> 43390.766 | AR87: =IF(Y87="","",IFERROR(Y87*$U87,$U87/$AN87*AH87)) | AS87: =IF(Z87="","",IFERROR(Z87*$U87,$U87/$AN87*AI87)) | AT87: =IF(AA87="","",IFERROR(AA87*$U87,$U87/$AN87*AJ87)) | AU87: =IF(AB87="","",IFERROR(AB87*$U87,$U87/$AN87*AK87)) | AV87: =IF(AC87="","",IFERROR(AC87*$U87,$U87/$AN87*AL87)) | AW87: =IF(AD87="","",IFERROR(AD87*$U87,$U87/$AN87*AM87)) | AX87: =SUM(AP87:AW87) -> 43390.766
B88: MBHWM059 | C88: #N/A | D88: Water Main | F88: AC/FRC | G88: 200 | I88: WMAC/FRC200 | K88: 42.5533 | L88: =IFERROR(VLOOKUP(H88,UR_N1,3,FALSE),"") | M88: =IFERROR(L88*J88,0) -> 0 | N88: =IFERROR(VLOOKUP(I88,UR_N1,3,FALSE),"") -> 336.63763 | O88: =N88*K88 -> 14325.042 | P88: 1 | Q88: =O88*P88 -> 14325.042 | R88: 0.13 | S88: =Q88*(1+R88) -> 16187.298 | U88: =(S88*(1-T88))+M88 -> 16187.298 | X88: Y | AF88: =IF(W88="","",AF$8) | AG88: =IF(X88="","",AG$8) -> 16150.854 | AH88: =IF(Y88="","",AH$8) | AI88: =IF(Z88="","",AI$8) | AJ88: =IF(AA88="","",AJ$8) | AK88: =IF(AB88="","",AK$8) | AL88: =IF(AC88="","",AL$8) | AM88: =IF(AD88="","",AM$8) | AN88: =SUM(AF88:AM88) -> 16150.854 | AP88: =IF(W88="","",IFERROR(W88*$U88,$U88/$AN88*AF88)) | AQ88: =IF(X88="","",IFERROR(X88*$U88,$U88/$AN88*AG88)) -> 16187.298 | AR88: =IF(Y88="","",IFERROR(Y88*$U88,$U88/$AN88*AH88)) | AS88: =IF(Z88="","",IFERROR(Z88*$U88,$U88/$AN88*AI88)) | AT88: =IF(AA88="","",IFERROR(AA88*$U88,$U88/$AN88*AJ88)) | AU88: =IF(AB88="","",IFERROR(AB88*$U88,$U88/$AN88*AK88)) | AV88: =IF(AC88="","",IFERROR(AC88*$U88,$U88/$AN88*AL88)) | AW88: =IF(AD88="","",IFERROR(AD88*$U88,$U88/$AN88*AM88)) | AX88: =SUM(AP88:AW88) -> 16187.298
B89: MBHWM060 | C89: C0013354 | D89: Water Main | F89: AC/FRC | G89: 200 | I89: WMAC/FRC200 | K89: 57.006 | L89: =IFERROR(VLOOKUP(H89,UR_N1,3,FALSE),"") | M89: =IFERROR(L89*J89,0) -> 0 | N89: =IFERROR(VLOOKUP(I89,UR_N1,3,FALSE),"") -> 336.63763 | O89: =N89*K89 -> 19190.365 | P89: 1 | Q89: =O89*P89 -> 19190.365 | R89: 0.13 | S89: =Q89*(1+R89) -> 21685.112 | U89: =(S89*(1-T89))+M89 -> 21685.112 | X89: Y | AF89: =IF(W89="","",AF$8) | AG89: =IF(X89="","",AG$8) -> 16150.854 | AH89: =IF(Y89="","",AH$8) | AI89: =IF(Z89="","",AI$8) | AJ89: =IF(AA89="","",AJ$8) | AK89: =IF(AB89="","",AK$8) | AL89: =IF(AC89="","",AL$8) | AM89: =IF(AD89="","",AM$8) | AN89: =SUM(AF89:AM89) -> 16150.854 | AP89: =IF(W89="","",IFERROR(W89*$U89,$U89/$AN89*AF89)) | AQ89: =IF(X89="","",IFERROR(X89*$U89,$U89/$AN89*AG89)) -> 21685.112 | AR89: =IF(Y89="","",IFERROR(Y89*$U89,$U89/$AN89*AH89)) | AS89: =IF(Z89="","",IFERROR(Z89*$U89,$U89/$AN89*AI89)) | AT89: =IF(AA89="","",IFERROR(AA89*$U89,$U89/$AN89*AJ89)) | AU89: =IF(AB89="","",IFERROR(AB89*$U89,$U89/$AN89*AK89)) | AV89: =IF(AC89="","",IFERROR(AC89*$U89,$U89/$AN89*AL89)) | AW89: =IF(AD89="","",IFERROR(AD89*$U89,$U89/$AN89*AM89)) | AX89: =SUM(AP89:AW89) -> 21685.112
B90: MBHWM061 | C90: #N/A | D90: Water Main | F90: UPVC | G90: 200 | I90: WMuPVC200 | K90: 38.8077 | L90: =IFERROR(VLOOKUP(H90,UR_N1,3,FALSE),"") | M90: =IFERROR(L90*J90,0) -> 0 | N90: =IFERROR(VLOOKUP(I90,UR_N1,3,FALSE),"") -> 336.63763 | O90: =N90*K90 -> 13064.132 | P90: 1 | Q90: =O90*P90 -> 13064.132 | R90: 0.13 | S90: =Q90*(1+R90) -> 14762.469 | U90: =(S90*(1-T90))+M90 -> 14762.469 | X90: Y | AF90: =IF(W90="","",AF$8) | AG90: =IF(X90="","",AG$8) -> 16150.854 | AH90: =IF(Y90="","",AH$8) | AI90: =IF(Z90="","",AI$8) | AJ90: =IF(AA90="","",AJ$8) | AK90: =IF(AB90="","",AK$8) | AL90: =IF(AC90="","",AL$8) | AM90: =IF(AD90="","",AM$8) | AN90: =SUM(AF90:AM90) -> 16150.854 | AP90: =IF(W90="","",IFERROR(W90*$U90,$U90/$AN90*AF90)) | AQ90: =IF(X90="","",IFERROR(X90*$U90,$U90/$AN90*AG90)) -> 14762.469 | AR90: =IF(Y90="","",IFERROR(Y90*$U90,$U90/$AN90*AH90)) | AS90: =IF(Z90="","",IFERROR(Z90*$U90,$U90/$AN90*AI90)) | AT90: =IF(AA90="","",IFERROR(AA90*$U90,$U90/$AN90*AJ90)) | AU90: =IF(AB90="","",IFERROR(AB90*$U90,$U90/$AN90*AK90)) | AV90: =IF(AC90="","",IFERROR(AC90*$U90,$U90/$AN90*AL90)) | AW90: =IF(AD90="","",IFERROR(AD90*$U90,$U90/$AN90*AM90)) | AX90: =SUM(AP90:AW90) -> 14762.469
B91: MBHWM062 | C91: #N/A | D91: Water Main | F91: UPVC | G91: 200 | I91: WMuPVC200 | K91: 16.5085 | L91: =IFERROR(VLOOKUP(H91,UR_N1,3,FALSE),"") | M91: =IFERROR(L91*J91,0) -> 0 | N91: =IFERROR(VLOOKUP(I91,UR_N1,3,FALSE),"") -> 336.63763 | O91: =N91*K91 -> 5557.3823 | P91: 1 | Q91: =O91*P91 -> 5557.3823 | R91: 0.13 | S91: =Q91*(1+R91) -> 6279.842 | U91: =(S91*(1-T91))+M91 -> 6279.842 | X91: Y | AF91: =IF(W91="","",AF$8) | AG91: =IF(X91="","",AG$8) -> 16150.854 | AH91: =IF(Y91="","",AH$8) | AI91: =IF(Z91="","",AI$8) | AJ91: =IF(AA91="","",AJ$8) | AK91: =IF(AB91="","",AK$8) | AL91: =IF(AC91="","",AL$8) | AM91: =IF(AD91="","",AM$8) | AN91: =SUM(AF91:AM91) -> 16150.854 | AP91: =IF(W91="","",IFERROR(W91*$U91,$U91/$AN91*AF91)) | AQ91: =IF(X91="","",IFERROR(X91*$U91,$U91/$AN91*AG91)) -> 6279.842 | AR91: =IF(Y91="","",IFERROR(Y91*$U91,$U91/$AN91*AH91)) | AS91: =IF(Z91="","",IFERROR(Z91*$U91,$U91/$AN91*AI91)) | AT91: =IF(AA91="","",IFERROR(AA91*$U91,$U91/$AN91*AJ91)) | AU91: =IF(AB91="","",IFERROR(AB91*$U91,$U91/$AN91*AK91)) | AV91: =IF(AC91="","",IFERROR(AC91*$U91,$U91/$AN91*AL91)) | AW91: =IF(AD91="","",IFERROR(AD91*$U91,$U91/$AN91*AM91)) | AX91: =SUM(AP91:AW91) -> 6279.842
B92: MBHWM063 | C92: C0013204 | D92: Water Main | F92: AC/FRC | G92: 375 | I92: WMAC/FRC375 | K92: 39.708 | L92: =IFERROR(VLOOKUP(H92,UR_N1,3,FALSE),"") | M92: =IFERROR(L92*J92,0) -> 0 | N92: =IFERROR(VLOOKUP(I92,UR_N1,3,FALSE),"") -> 900.77593 | O92: =N92*K92 -> 35768.011 | P92: 1 | Q92: =O92*P92 -> 35768.011 | R92: 0.13 | S92: =Q92*(1+R92) -> 40417.852 | U92: =(S92*(1-T92))+M92 -> 40417.852 | X92: Y | AF92: =IF(W92="","",AF$8) | AG92: =IF(X92="","",AG$8) -> 16150.854 | AH92: =IF(Y92="","",AH$8) | AI92: =IF(Z92="","",AI$8) | AJ92: =IF(AA92="","",AJ$8) | AK92: =IF(AB92="","",AK$8) | AL92: =IF(AC92="","",AL$8) | AM92: =IF(AD92="","",AM$8) | AN92: =SUM(AF92:AM92) -> 16150.854 | AP92: =IF(W92="","",IFERROR(W92*$U92,$U92/$AN92*AF92)) | AQ92: =IF(X92="","",IFERROR(X92*$U92,$U92/$AN92*AG92)) -> 40417.852 | AR92: =IF(Y92="","",IFERROR(Y92*$U92,$U92/$AN92*AH92)) | AS92: =IF(Z92="","",IFERROR(Z92*$U92,$U92/$AN92*AI92)) | AT92: =IF(AA92="","",IFERROR(AA92*$U92,$U92/$AN92*AJ92)) | AU92: =IF(AB92="","",IFERROR(AB92*$U92,$U92/$AN92*AK92)) | AV92: =IF(AC92="","",IFERROR(AC92*$U92,$U92/$AN92*AL92)) | AW92: =IF(AD92="","",IFERROR(AD92*$U92,$U92/$AN92*AM92)) | AX92: =SUM(AP92:AW92) -> 40417.852
B93: MBHWM065 | C93: #N/A | D93: Water Main | F93: AC/FRC | G93: 250 | I93: WMAC/FRC250 | K93: 144.148 | L93: =IFERROR(VLOOKUP(H93,UR_N1,3,FALSE),"") | M93: =IFERROR(L93*J93,0) -> 0 | N93: =IFERROR(VLOOKUP(I93,UR_N1,3,FALSE),"") -> 562.29017 | O93: =N93*K93 -> 81053.004 | P93: 1 | Q93: =O93*P93 -> 81053.004 | R93: 0.13 | S93: =Q93*(1+R93) -> 91589.894 | U93: =(S93*(1-T93))+M93 -> 91589.894 | X93: Y | AF93: =IF(W93="","",AF$8) | AG93: =IF(X93="","",AG$8) -> 16150.854 | AH93: =IF(Y93="","",AH$8) | AI93: =IF(Z93="","",AI$8) | AJ93: =IF(AA93="","",AJ$8) | AK93: =IF(AB93="","",AK$8) | AL93: =IF(AC93="","",AL$8) | AM93: =IF(AD93="","",AM$8) | AN93: =SUM(AF93:AM93) -> 16150.854 | AP93: =IF(W93="","",IFERROR(W93*$U93,$U93/$AN93*AF93)) | AQ93: =IF(X93="","",IFERROR(X93*$U93,$U93/$AN93*AG93)) -> 91589.894 | AR93: =IF(Y93="","",IFERROR(Y93*$U93,$U93/$AN93*AH93)) | AS93: =IF(Z93="","",IFERROR(Z93*$U93,$U93/$AN93*AI93)) | AT93: =IF(AA93="","",IFERROR(AA93*$U93,$U93/$AN93*AJ93)) | AU93: =IF(AB93="","",IFERROR(AB93*$U93,$U93/$AN93*AK93)) | AV93: =IF(AC93="","",IFERROR(AC93*$U93,$U93/$AN93*AL93)) | AW93: =IF(AD93="","",IFERROR(AD93*$U93,$U93/$AN93*AM93)) | AX93: =SUM(AP93:AW93) -> 91589.894
B94: MBHWM066 | C94: #N/A | D94: Water Main | F94: UPVC | G94: 250 | I94: WMuPVC250 | K94: 16.1472 | L94: =IFERROR(VLOOKUP(H94,UR_N1,3,FALSE),"") | M94: =IFERROR(L94*J94,0) -> 0 | N94: =IFERROR(VLOOKUP(I94,UR_N1,3,FALSE),"") -> 562.29017 | O94: =N94*K94 -> 9079.4119 | P94: 1 | Q94: =O94*P94 -> 9079.4119 | R94: 0.13 | S94: =Q94*(1+R94) -> 10259.735 | U94: =(S94*(1-T94))+M94 -> 10259.735 | X94: Y | AF94: =IF(W94="","",AF$8) | AG94: =IF(X94="","",AG$8) -> 16150.854 | AH94: =IF(Y94="","",AH$8) | AI94: =IF(Z94="","",AI$8) | AJ94: =IF(AA94="","",AJ$8) | AK94: =IF(AB94="","",AK$8) | AL94: =IF(AC94="","",AL$8) | AM94: =IF(AD94="","",AM$8) | AN94: =SUM(AF94:AM94) -> 16150.854 | AP94: =IF(W94="","",IFERROR(W94*$U94,$U94/$AN94*AF94)) | AQ94: =IF(X94="","",IFERROR(X94*$U94,$U94/$AN94*AG94)) -> 10259.735 | AR94: =IF(Y94="","",IFERROR(Y94*$U94,$U94/$AN94*AH94)) | AS94: =IF(Z94="","",IFERROR(Z94*$U94,$U94/$AN94*AI94)) | AT94: =IF(AA94="","",IFERROR(AA94*$U94,$U94/$AN94*AJ94)) | AU94: =IF(AB94="","",IFERROR(AB94*$U94,$U94/$AN94*AK94)) | AV94: =IF(AC94="","",IFERROR(AC94*$U94,$U94/$AN94*AL94)) | AW94: =IF(AD94="","",IFERROR(AD94*$U94,$U94/$AN94*AM94)) | AX94: =SUM(AP94:AW94) -> 10259.735
B95: MBHWM067 | C95: C0013354 | D95: Water Main | F95: AC/FRC | G95: 200 | I95: WMAC/FRC200 | K95: 73.6809 | L95: =IFERROR(VLOOKUP(H95,UR_N1,3,FALSE),"") | M95: =IFERROR(L95*J95,0) -> 0 | N95: =IFERROR(VLOOKUP(I95,UR_N1,3,FALSE),"") -> 336.63763 | O95: =N95*K95 -> 24803.764 | P95: 1 | Q95: =O95*P95 -> 24803.764 | R95: 0.13 | S95: =Q95*(1+R95) -> 28028.253 | U95: =(S95*(1-T95))+M95 -> 28028.253 | X95: Y | AF95: =IF(W95="","",AF$8) | AG95: =IF(X95="","",AG$8) -> 16150.854 | AH95: =IF(Y95="","",AH$8) | AI95: =IF(Z95="","",AI$8) | AJ95: =IF(AA95="","",AJ$8) | AK95: =IF(AB95="","",AK$8) | AL95: =IF(AC95="","",AL$8) | AM95: =IF(AD95="","",AM$8) | AN95: =SUM(AF95:AM95) -> 16150.854 | AP95: =IF(W95="","",IFERROR(W95*$U95,$U95/$AN95*AF95)) | AQ95: =IF(X95="","",IFERROR(X95*$U95,$U95/$AN95*AG95)) -> 28028.253 | AR95: =IF(Y95="","",IFERROR(Y95*$U95,$U95/$AN95*AH95)) | AS95: =IF(Z95="","",IFERROR(Z95*$U95,$U95/$AN95*AI95)) | AT95: =IF(AA95="","",IFERROR(AA95*$U95,$U95/$AN95*AJ95)) | AU95: =IF(AB95="","",IFERROR(AB95*$U95,$U95/$AN95*AK95)) | AV95: =IF(AC95="","",IFERROR(AC95*$U95,$U95/$AN95*AL95)) | AW95: =IF(AD95="","",IFERROR(AD95*$U95,$U95/$AN95*AM95)) | AX95: =SUM(AP95:AW95) -> 28028.253
B96: MBHWM068 | C96: C0013196 | D96: Water Main | F96: UPVC | G96: 200 | I96: WMuPVC200 | K96: 38.3287 | L96: =IFERROR(VLOOKUP(H96,UR_N1,3,FALSE),"") | M96: =IFERROR(L96*J96,0) -> 0 | N96: =IFERROR(VLOOKUP(I96,UR_N1,3,FALSE),"") -> 336.63763 | O96: =N96*K96 -> 12902.883 | P96: 1 | Q96: =O96*P96 -> 12902.883 | R96: 0.13 | S96: =Q96*(1+R96) -> 14580.258 | U96: =(S96*(1-T96))+M96 -> 14580.258 | X96: Y | AF96: =IF(W96="","",AF$8) | AG96: =IF(X96="","",AG$8) -> 16150.854 | AH96: =IF(Y96="","",AH$8) | AI96: =IF(Z96="","",AI$8) | AJ96: =IF(AA96="","",AJ$8) | AK96: =IF(AB96="","",AK$8) | AL96: =IF(AC96="","",AL$8) | AM96: =IF(AD96="","",AM$8) | AN96: =SUM(AF96:AM96) -> 16150.854 | AP96: =IF(W96="","",IFERROR(W96*$U96,$U96/$AN96*AF96)) | AQ96: =IF(X96="","",IFERROR(X96*$U96,$U96/$AN96*AG96)) -> 14580.258 | AR96: =IF(Y96="","",IFERROR(Y96*$U96,$U96/$AN96*AH96)) | AS96: =IF(Z96="","",IFERROR(Z96*$U96,$U96/$AN96*AI96)) | AT96: =IF(AA96="","",IFERROR(AA96*$U96,$U96/$AN96*AJ96)) | AU96: =IF(AB96="","",IFERROR(AB96*$U96,$U96/$AN96*AK96)) | AV96: =IF(AC96="","",IFERROR(AC96*$U96,$U96/$AN96*AL96)) | AW96: =IF(AD96="","",IFERROR(AD96*$U96,$U96/$AN96*AM96)) | AX96: =SUM(AP96:AW96) -> 14580.258
B97: MBHWM069 | C97: C0013354 | D97: Water Main | F97: AC/FRC | G97: 200 | I97: WMAC/FRC200 | K97: 59.1621 | L97: =IFERROR(VLOOKUP(H97,UR_N1,3,FALSE),"") | M97: =IFERROR(L97*J97,0) -> 0 | N97: =IFERROR(VLOOKUP(I97,UR_N1,3,FALSE),"") -> 336.63763 | O97: =N97*K97 -> 19916.189 | P97: 1 | Q97: =O97*P97 -> 19916.189 | R97: 0.13 | S97: =Q97*(1+R97) -> 22505.294 | U97: =(S97*(1-T97))+M97 -> 22505.294 | X97: Y | AF97: =IF(W97="","",AF$8) | AG97: =IF(X97="","",AG$8) -> 16150.854 | AH97: =IF(Y97="","",AH$8) | AI97: =IF(Z97="","",AI$8) | AJ97: =IF(AA97="","",AJ$8) | AK97: =IF(AB97="","",AK$8) | AL97: =IF(AC97="","",AL$8) | AM97: =IF(AD97="","",AM$8) | AN97: =SUM(AF97:AM97) -> 16150.854 | AP97: =IF(W97="","",IFERROR(W97*$U97,$U97/$AN97*AF97)) | AQ97: =IF(X97="","",IFERROR(X97*$U97,$U97/$AN97*AG97)) -> 22505.294 | AR97: =IF(Y97="","",IFERROR(Y97*$U97,$U97/$AN97*AH97)) | AS97: =IF(Z97="","",IFERROR(Z97*$U97,$U97/$AN97*AI97)) | AT97: =IF(AA97="","",IFERROR(AA97*$U97,$U97/$AN97*AJ97)) | AU97: =IF(AB97="","",IFERROR(AB97*$U97,$U97/$AN97*AK97)) | AV97: =IF(AC97="","",IFERROR(AC97*$U97,$U97/$AN97*AL97)) | AW97: =IF(AD97="","",IFERROR(AD97*$U97,$U97/$AN97*AM97)) | AX97: =SUM(AP97:AW97) -> 22505.294
B98: MBHWM071 | C98: C0013182 | D98: Water Main | F98: AC/FRC | G98: 375 | I98: WMAC/FRC375 | K98: 67.0483 | L98: =IFERROR(VLOOKUP(H98,UR_N1,3,FALSE),"") | M98: =IFERROR(L98*J98,0) -> 0 | N98: =IFERROR(VLOOKUP(I98,UR_N1,3,FALSE),"") -> 900.77593 | O98: =N98*K98 -> 60395.495 | P98: 1 | Q98: =O98*P98 -> 60395.495 | R98: 0.13 | S98: =Q98*(1+R98) -> 68246.909 | U98: =(S98*(1-T98))+M98 -> 68246.909 | X98: Y | AF98: =IF(W98="","",AF$8) | AG98: =IF(X98="","",AG$8) -> 16150.854 | AH98: =IF(Y98="","",AH$8) | AI98: =IF(Z98="","",AI$8) | AJ98: =IF(AA98="","",AJ$8) | AK98: =IF(AB98="","",AK$8) | AL98: =IF(AC98="","",AL$8) | AM98: =IF(AD98="","",AM$8) | AN98: =SUM(AF98:AM98) -> 16150.854 | AP98: =IF(W98="","",IFERROR(W98*$U98,$U98/$AN98*AF98)) | AQ98: =IF(X98="","",IFERROR(X98*$U98,$U98/$AN98*AG98)) -> 68246.909 | AR98: =IF(Y98="","",IFERROR(Y98*$U98,$U98/$AN98*AH98)) | AS98: =IF(Z98="","",IFERROR(Z98*$U98,$U98/$AN98*AI98)) | AT98: =IF(AA98="","",IFERROR(AA98*$U98,$U98/$AN98*AJ98)) | AU98: =IF(AB98="","",IFERROR(AB98*$U98,$U98/$AN98*AK98)) | AV98: =IF(AC98="","",IFERROR(AC98*$U98,$U98/$AN98*AL98)) | AW98: =IF(AD98="","",IFERROR(AD98*$U98,$U98/$AN98*AM98)) | AX98: =SUM(AP98:AW98) -> 68246.909
B99: MBHWM072 | C99: C0013290 | D99: Water Main | F99: AC/FRC | G99: 250 | I99: WMAC/FRC250 | K99: 167.958 | L99: =IFERROR(VLOOKUP(H99,UR_N1,3,FALSE),"") | M99: =IFERROR(L99*J99,0) -> 0 | N99: =IFERROR(VLOOKUP(I99,UR_N1,3,FALSE),"") -> 562.29017 | O99: =N99*K99 -> 94441.133 | P99: 1 | Q99: =O99*P99 -> 94441.133 | R99: 0.13 | S99: =Q99*(1+R99) -> 106718.48 | U99: =(S99*(1-T99))+M99 -> 106718.48 | X99: Y | AF99: =IF(W99="","",AF$8) | AG99: =IF(X99="","",AG$8) -> 16150.854 | AH99: =IF(Y99="","",AH$8) | AI99: =IF(Z99="","",AI$8) | AJ99: =IF(AA99="","",AJ$8) | AK99: =IF(AB99="","",AK$8) | AL99: =IF(AC99="","",AL$8) | AM99: =IF(AD99="","",AM$8) | AN99: =SUM(AF99:AM99) -> 16150.854 | AP99: =IF(W99="","",IFERROR(W99*$U99,$U99/$AN99*AF99)) | AQ99: =IF(X99="","",IFERROR(X99*$U99,$U99/$AN99*AG99)) -> 106718.48 | AR99: =IF(Y99="","",IFERROR(Y99*$U99,$U99/$AN99*AH99)) | AS99: =IF(Z99="","",IFERROR(Z99*$U99,$U99/$AN99*AI99)) | AT99: =IF(AA99="","",IFERROR(AA99*$U99,$U99/$AN99*AJ99)) | AU99: =IF(AB99="","",IFERROR(AB99*$U99,$U99/$AN99*AK99)) | AV99: =IF(AC99="","",IFERROR(AC99*$U99,$U99/$AN99*AL99)) | AW99: =IF(AD99="","",IFERROR(AD99*$U99,$U99/$AN99*AM99)) | AX99: =SUM(AP99:AW99) -> 106718.48
B100: MBHWM073 | C100: C0013182 | D100: Water Main | F100: AC/FRC | G100: 375 | I100: WMAC/FRC375 | K100: 40.889 | L100: =IFERROR(VLOOKUP(H100,UR_N1,3,FALSE),"") | M100: =IFERROR(L100*J100,0) -> 0 | N100: =IFERROR(VLOOKUP(I100,UR_N1,3,FALSE),"") -> 900.77593 | O100: =N100*K100 -> 36831.827 | P100: 1 | Q100: =O100*P100 -> 36831.827 | R100: 0.13 | S100: =Q100*(1+R100) -> 41619.965 | U100: =(S100*(1-T100))+M100 -> 41619.965 | X100: Y | AF100: =IF(W100="","",AF$8) | AG100: =IF(X100="","",AG$8) -> 16150.854 | AH100: =IF(Y100="","",AH$8) | AI100: =IF(Z100="","",AI$8) | AJ100: =IF(AA100="","",AJ$8) | AK100: =IF(AB100="","",AK$8) | AL100: =IF(AC100="","",AL$8) | AM100: =IF(AD100="","",AM$8) | AN100: =SUM(AF100:AM100) -> 16150.854 | AP100: =IF(W100="","",IFERROR(W100*$U100,$U100/$AN100*AF100)) | AQ100: =IF(X100="","",IFERROR(X100*$U100,$U100/$AN100*AG100)) -> 41619.965 | AR100: =IF(Y100="","",IFERROR(Y100*$U100,$U100/$AN100*AH100)) | AS100: =IF(Z100="","",IFERROR(Z100*$U100,$U100/$AN100*AI100)) | AT100: =IF(AA100="","",IFERROR(AA100*$U100,$U100/$AN100*AJ100)) | AU100: =IF(AB100="","",IFERROR(AB100*$U100,$U100/$AN100*AK100)) | AV100: =IF(AC100="","",IFERROR(AC100*$U100,$U100/$AN100*AL100)) | AW100: =IF(AD100="","",IFERROR(AD100*$U100,$U100/$AN100*AM100)) | AX100: =SUM(AP100:AW100) -> 41619.965
B101: MBHWM074 | C101: #N/A | D101: Water Main | F101: UPVC | G101: 200 | I101: WMuPVC200 | K101: 14.0148 | L101: =IFERROR(VLOOKUP(H101,UR_N1,3,FALSE),"") | M101: =IFERROR(L101*J101,0) -> 0 | N101: =IFERROR(VLOOKUP(I101,UR_N1,3,FALSE),"") -> 336.63763 | O101: =N101*K101 -> 4717.9091 | P101: 1 | Q101: =O101*P101 -> 4717.9091 | R101: 0.13 | S101: =Q101*(1+R101) -> 5331.2372 | U101: =(S101*(1-T101))+M101 -> 5331.2372 | X101: Y | AF101: =IF(W101="","",AF$8) | AG101: =IF(X101="","",AG$8) -> 16150.854 | AH101: =IF(Y101="","",AH$8) | AI101: =IF(Z101="","",AI$8) | AJ101: =IF(AA101="","",AJ$8) | AK101: =IF(AB101="","",AK$8) | AL101: =IF(AC101="","",AL$8) | AM101: =IF(AD101="","",AM$8) | AN101: =SUM(AF101:AM101) -> 16150.854 | AP101: =IF(W101="","",IFERROR(W101*$U101,$U101/$AN101*AF101)) | AQ101: =IF(X101="","",IFERROR(X101*$U101,$U101/$AN101*AG101)) -> 5331.2372 | AR101: =IF(Y101="","",IFERROR(Y101*$U101,$U101/$AN101*AH101)) | AS101: =IF(Z101="","",IFERROR(Z101*$U101,$U101/$AN101*AI101)) | AT101: =IF(AA101="","",IFERROR(AA101*$U101,$U101/$AN101*AJ101)) | AU101: =IF(AB101="","",IFERROR(AB101*$U101,$U101/$AN101*AK101)) | AV101: =IF(AC101="","",IFERROR(AC101*$U101,$U101/$AN101*AL101)) | AW101: =IF(AD101="","",IFERROR(AD101*$U101,$U101/$AN101*AM101)) | AX101: =SUM(AP101:AW101) -> 5331.2372
B102: MBHWM075 | C102: #N/A | D102: Water Main | F102: AC/FRC | G102: 250 | I102: WMAC/FRC250 | K102: 60.6069 | L102: =IFERROR(VLOOKUP(H102,UR_N1,3,FALSE),"") | M102: =IFERROR(L102*J102,0) -> 0 | N102: =IFERROR(VLOOKUP(I102,UR_N1,3,FALSE),"") -> 562.29017 | O102: =N102*K102 -> 34078.664 | P102: 1 | Q102: =O102*P102 -> 34078.664 | R102: 0.13 | S102: =Q102*(1+R102) -> 38508.891 | U102: =(S102*(1-T102))+M102 -> 38508.891 | X102: Y | AF102: =IF(W102="","",AF$8) | AG102: =IF(X102="","",AG$8) -> 16150.854 | AH102: =IF(Y102="","",AH$8) | AI102: =IF(Z102="","",AI$8) | AJ102: =IF(AA102="","",AJ$8) | AK102: =IF(AB102="","",AK$8) | AL102: =IF(AC102="","",AL$8) | AM102: =IF(AD102="","",AM$8) | AN102: =SUM(AF102:AM102) -> 16150.854 | AP102: =IF(W102="","",IFERROR(W102*$U102,$U102/$AN102*AF102)) | AQ102: =IF(X102="","",IFERROR(X102*$U102,$U102/$AN102*AG102)) -> 38508.891 | AR102: =IF(Y102="","",IFERROR(Y102*$U102,$U102/$AN102*AH102)) | AS102: =IF(Z102="","",IFERROR(Z102*$U102,$U102/$AN102*AI102)) | AT102: =IF(AA102="","",IFERROR(AA102*$U102,$U102/$AN102*AJ102)) | AU102: =IF(AB102="","",IFERROR(AB102*$U102,$U102/$AN102*AK102)) | AV102: =IF(AC102="","",IFERROR(AC102*$U102,$U102/$AN102*AL102)) | AW102: =IF(AD102="","",IFERROR(AD102*$U102,$U102/$AN102*AM102)) | AX102: =SUM(AP102:AW102) -> 38508.891
...

Sheet Water Supply - Future
B1: =COUNCIL_NAME -> Isaac Regional Council | E1: Return to Navigation
B2: =PROJECT_NAME -> Local Government Infrastructure Plan
B3: ="Future "&NETWORK_1&" Network" -> Future Water Supply Network
B6: Asset Description Data | K6: Land Cost Valuation | M6: Works Base Cost Valuation | Q6: Works Base Estimate Valuation | S6: Total Asset Valuation | Y6: Catchment Asset Allocation | AH6: Asset Usage | AR6: Cost Allocation
B7: LGIP ID | C7: Asset Type | D7: Description | E7: Diameter (mm) | F7: Land Unit Rate Code | G7: Works Unit Rate Code | H7: Year of Provision / Construction | I7: Qty Land (m²) | J7: Qty Works Active (ea) Passive (m) | K7: Land Unit Cost | L7: Land Value | M7: Asset Unit Cost | N7: Raw Asset Cost | O7: Cost or Asset Multiplier | P7: Works Base Cost | Q7: On-Cost Allowance (%) | R7: Works Base Estimate | S7: Works Contingency (%) | T7: Grants / Subsidies (Percentage of Works Base Estimate ) | U7: Total Asset Cost (at Base Year) | V7: Total Asset Cost (Escalated) | W7: Net Present Value of Total Asset Cost | Y7: =N1_C1 -> WS01 - Clermont | Z7: =N1_C2 -> WS02 - Moranbah | AA7: =N1_C3 -> WS03 - Dysart | AB7: =N1_C4 -> WS04 - Middlemount | AC7: =N1_C5 -> WS05 - Glenden | AD7: =N1_C6 -> WS06 - Nebo | AE7: =N1_C7 -> WS07 - Carmila | AF7: =N1_C8 -> WS08 - St Lawrence | AH7: =N1_C1 -> WS01 - Clermont | AI7: =N1_C2 -> WS02 - Moranbah | AJ7: =N1_C3 -> WS03 - Dysart | AK7: =N1_C4 -> WS04 - Middlemount | AL7: =N1_C5 -> WS05 - Glenden | AM7: =N1_C6 -> WS06 - Nebo | AN7: =N1_C7 -> WS07 - Carmila | AO7: =N1_C8 -> WS08 - St Lawrence | AP7: TOTAL | AR7: =N1_C1 -> WS01 - Clermont | AS7: =N1_C2 -> WS02 - Moranbah | AT7: =N1_C3 -> WS03 - Dysart | AU7: =N1_C4 -> WS04 - Middlemount | AV7: =N1_C5 -> WS05 - Glenden | AW7: =N1_C6 -> WS06 - Nebo | AX7: =N1_C7 -> WS07 - Carmila | AY7: =N1_C8 -> WS08 - St Lawrence | AZ7: TOTAL
AH8: =IFERROR(Demands!$AB$18+Demands!$C$18,"") -> 6105.4489 | AI8: =IFERROR(Demands!$AB$19+Demands!$C$19,"") -> 16150.854 | AJ8: =IFERROR(Demands!$AB$20+Demands!$C$20,"") -> 7168.0761 | AK8: =IFERROR(Demands!$AB$21+Demands!$C$21,"") -> 4804.0114 | AL8: =IFERROR(Demands!$AB$22+Demands!$C$22,"") -> 1722.8586 | AM8: =IFERROR(Demands!$AB$23+Demands!$C$23,"") -> 1398.8709 | AN8: =IFERROR(Demands!$AB$24+Demands!$C$24,"") -> 159.64984 | AO8: =IFERROR(Demands!$AB$25+Demands!$C$25,"") -> 315.81434 | AP8: =SUM(AH8:AM8) -> 37350.12
K9: =IFERROR(VLOOKUP(F9,UR_N1,3,FALSE),"") | AH9: =IF(Y9="","",AH$8) | AI9: =IF(Z9="","",AI$8) | AJ9: =IF(AA9="","",AJ$8) | AK9: =IF(AB9="","",AK$8) | AL9: =IF(AC9="","",AL$8) | AM9: =IF(AD9="","",AM$8) | AN9: =IF(AE9="","",AN$8) | AO9: =IF(AF9="","",AO$8) | AP9: =SUM(AH9:AM9) -> 0 | AR9: =IF(Y9="","",IFERROR(Y9*$W9,$W9/$AP9*AH9)) | AS9: =IF(Z9="","",IFERROR(Z9*$W9,$W9/$AP9*AI9)) | AT9: =IF(AA9="","",IFERROR(AA9*$W9,$W9/$AP9*AJ9)) | AU9: =IF(AB9="","",IFERROR(AB9*$W9,$W9/$AP9*AK9)) | AV9: =IF(AC9="","",IFERROR(AC9*$W9,$W9/$AP9*AL9)) | AW9: =IF(AD9="","",IFERROR(AD9*$W9,$W9/$AP9*AM9)) | AX9: =IF(AE9="","",IFERROR(AE9*$W9,$W9/$AP9*AN9)) | AY9: =IF(AF9="","",IFERROR(AF9*$W9,$W9/$AP9*AO9)) | AZ9: =SUM(AR9:AW9) -> 0
B10: Active Assets | K10: =IFERROR(VLOOKUP(F10,UR_N1,3,FALSE),"") | AH10: =IF(Y10="","",AH$8) | AI10: =IF(Z10="","",AI$8) | AJ10: =IF(AA10="","",AJ$8) | AK10: =IF(AB10="","",AK$8) | AL10: =IF(AC10="","",AL$8) | AM10: =IF(AD10="","",AM$8) | AN10: =IF(AE10="","",AN$8) | AO10: =IF(AF10="","",AO$8) | AP10: =SUM(AH10:AM10) -> 0 | AR10: =IF(Y10="","",IFERROR(Y10*$W10,$W10/$AP10*AH10)) | AS10: =IF(Z10="","",IFERROR(Z10*$W10,$W10/$AP10*AI10)) | AT10: =IF(AA10="","",IFERROR(AA10*$W10,$W10/$AP10*AJ10)) | AU10: =IF(AB10="","",IFERROR(AB10*$W10,$W10/$AP10*AK10)) | AV10: =IF(AC10="","",IFERROR(AC10*$W10,$W10/$AP10*AL10)) | AW10: =IF(AD10="","",IFERROR(AD10*$W10,$W10/$AP10*AM10)) | AX10: =IF(AE10="","",IFERROR(AE10*$W10,$W10/$AP10*AN10)) | AY10: =IF(AF10="","",IFERROR(AF10*$W10,$W10/$AP10*AO10)) | AZ10: =SUM(AR10:AW10) -> 0
B11: WTPF10 | C11: Water Treatment Plant | D11: Dysart - SCADA Upgrade | G11: Project Cost | H11: 2026 | J11: 1 | L11: =IFERROR(I11*K11,0) -> 0 | M11: =IFERROR(VLOOKUP(G11,UR_N1,3,FALSE),"") | N11: 800000 | O11: 1 | P11: =N11*O11 -> 800000 | Q11: 0.13 | R11: =P11*(1+Q11) -> 904000 | S11: 0.118 | U11: =(R11*(1+S11)*(1-T11))+L11 -> 1010672 | V11: =((R11*(1+S11)*(1-T11))*((1+WEI_1)^(H11-BASE_YEAR)))+(L11*((1+LEI_1)^(H11-BASE_YEAR))) -> 1068166.3 | W11: =V11*((1/(1+WACC_1))^(H11-BASE_YEAR)) -> 951326.38 | AA11: Y | AH11: =IF(Y11="","",AH$8) | AI11: =IF(Z11="","",AI$8) | AJ11: =IF(AA11="","",AJ$8) -> 7168.0761 | AK11: =IF(AB11="","",AK$8) | AL11: =IF(AC11="","",AL$8) | AM11: =IF(AD11="","",AM$8) | AN11: =IF(AE11="","",AN$8) | AO11: =IF(AF11="","",AO$8) | AP11: =SUM(AH11:AM11) -> 7168.0761 | AR11: =IF(Y11="","",IFERROR(Y11*$W11,$W11/$AP11*AH11)) | AS11: =IF(Z11="","",IFERROR(Z11*$W11,$W11/$AP11*AI11)) | AT11: =IF(AA11="","",IFERROR(AA11*$W11,$W11/$AP11*AJ11)) -> 951326.38 | AU11: =IF(AB11="","",IFERROR(AB11*$W11,$W11/$AP11*AK11)) | AV11: =IF(AC11="","",IFERROR(AC11*$W11,$W11/$AP11*AL11)) | AW11: =IF(AD11="","",IFERROR(AD11*$W11,$W11/$AP11*AM11)) | AX11: =IF(AE11="","",IFERROR(AE11*$W11,$W11/$AP11*AN11)) | AY11: =IF(AF11="","",IFERROR(AF11*$W11,$W11/$AP11*AO11)) | AZ11: =SUM(AR11:AW11) -> 951326.38
B12: WTPF11 | C12: Water Treatment Plant | D12: Moranbah - SCADA Upgrade | G12: Project Cost | H12: 2028 | J12: 1 | L12: =IFERROR(I12*K12,0) -> 0 | M12: =IFERROR(VLOOKUP(G12,UR_N1,3,FALSE),"") | N12: 800000 | O12: 1 | P12: =N12*O12 -> 800000 | Q12: 0.13 | R12: =P12*(1+Q12) -> 904000 | S12: 0.118 | U12: =(R12*(1+S12)*(1-T12))+L12 -> 1010672 | V12: =((R12*(1+S12)*(1-T12))*((1+WEI_1)^(H12-BASE_YEAR)))+(L12*((1+LEI_1)^(H12-BASE_YEAR))) -> 1128931.3 | W12: =V12*((1/(1+WACC_1))^(H12-BASE_YEAR)) -> 895465.48 | Z12: Y | AH12: =IF(Y12="","",AH$8) | AI12: =IF(Z12="","",AI$8) -> 16150.854 | AJ12: =IF(AA12="","",AJ$8) | AK12: =IF(AB12="","",AK$8) | AL12: =IF(AC12="","",AL$8) | AM12: =IF(AD12="","",AM$8) | AN12: =IF(AE12="","",AN$8) | AO12: =IF(AF12="","",AO$8) | AP12: =SUM(AH12:AM12) -> 16150.854 | AR12: =IF(Y12="","",IFERROR(Y12*$W12,$W12/$AP12*AH12)) | AS12: =IF(Z12="","",IFERROR(Z12*$W12,$W12/$AP12*AI12)) -> 895465.48 | AT12: =IF(AA12="","",IFERROR(AA12*$W12,$W12/$AP12*AJ12)) | AU12: =IF(AB12="","",IFERROR(AB12*$W12,$W12/$AP12*AK12)) | AV12: =IF(AC12="","",IFERROR(AC12*$W12,$W12/$AP12*AL12)) | AW12: =IF(AD12="","",IFERROR(AD12*$W12,$W12/$AP12*AM12)) | AX12: =IF(AE12="","",IFERROR(AE12*$W12,$W12/$AP12*AN12)) | AY12: =IF(AF12="","",IFERROR(AF12*$W12,$W12/$AP12*AO12)) | AZ12: =SUM(AR12:AW12) -> 895465.48
B13: WTPF12 | C13: Water Treatment Plant | D13: Moranbah - WTP Upgrade | G13: Project Cost | H13: 2028 | J13: 1 | L13: =IFERROR(I13*K13,0) -> 0 | M13: =IFERROR(VLOOKUP(G13,UR_N1,3,FALSE),"") | N13: 4221560 | O13: 1 | P13: =N13*O13 -> 4221560 | Q13: 0.13 | R13: =P13*(1+Q13) -> 4770362.8 | S13: 0.118 | U13: =(R13*(1+S13)*(1-T13))+L13 -> 5333265.6 | V13: =((R13*(1+S13)*(1-T13))*((1+WEI_1)^(H13-BASE_YEAR)))+(L13*((1+LEI_1)^(H13-BASE_YEAR))) -> 5957314.2 | W13: =V13*((1/(1+WACC_1))^(H13-BASE_YEAR)) -> 4725326.6 | Z13: Y | AH13: =IF(Y13="","",AH$8) | AI13: =IF(Z13="","",AI$8) -> 16150.854 | AJ13: =IF(AA13="","",AJ$8) | AK13: =IF(AB13="","",AK$8) | AL13: =IF(AC13="","",AL$8) | AM13: =IF(AD13="","",AM$8) | AN13: =IF(AE13="","",AN$8) | AO13: =IF(AF13="","",AO$8) | AP13: =SUM(AH13:AM13) -> 16150.854 | AR13: =IF(Y13="","",IFERROR(Y13*$W13,$W13/$AP13*AH13)) | AS13: =IF(Z13="","",IFERROR(Z13*$W13,$W13/$AP13*AI13)) -> 4725326.6 | AT13: =IF(AA13="","",IFERROR(AA13*$W13,$W13/$AP13*AJ13)) | AU13: =IF(AB13="","",IFERROR(AB13*$W13,$W13/$AP13*AK13)) | AV13: =IF(AC13="","",IFERROR(AC13*$W13,$W13/$AP13*AL13)) | AW13: =IF(AD13="","",IFERROR(AD13*$W13,$W13/$AP13*AM13)) | AX13: =IF(AE13="","",IFERROR(AE13*$W13,$W13/$AP13*AN13)) | AY13: =IF(AF13="","",IFERROR(AF13*$W13,$W13/$AP13*AO13)) | AZ13: =SUM(AR13:AW13) -> 4725326.6
